Workbook
Name ______can430: 40.73
Name ______can435: 43.3
Name _____can430: 40.73
Name _____can435: 43.3
Name ____can430: 40.73
Name ____can435: 43.3
Name ___can430: 40.73
Name ___can435: 43.3
Name __can430: 40.73
Name __can435: 43.3
Name _can430: 40.73
Name _can435: 43.3
Name Excel_BuiltIn_Print_Titles: NA()
Name Header_Row: ROW(#REF!)
Name Header_Row: ROW(#REF!)
Name Header_Row: ROW(#REF!)
Name Header_Row: ROW(#REF!)
Name Header_Row: ROW(#REF!)
Name Header_Row: ROW(#REF!)
Name Header_Row: ROW(#REF!)
Name Header_Row: ROW(#REF!)
Name Header_Row: ROW(#REF!)
Name Header_Row: ROW(#REF!)
Name Header_Row: ROW(#REF!)
Name Header_Row: ROW(#REF!)
Name Header_Row: ROW(#REF!)
Name Header_Row: ROW(#REF!)
Name Header_Row: ROW(#REF!)
Name Header_Row: ROW(#REF!)
Name io: DATE(YEAR([0]!Loan_Start),MONTH([0]!Loan_Start)+Payment_Number,DAY([0]!Loan_Start))
Name io: DATE(YEAR([0]!Loan_Start),MONTH([0]!Loan_Start)+Payment_Number,DAY([0]!Loan_Start))
Name io: DATE(YEAR([0]!Loan_Start),MONTH([0]!Loan_Start)+Payment_Number,DAY([0]!Loan_Start))
Name io: DATE(YEAR([0]!Loan_Start),MONTH([0]!Loan_Start)+Payment_Number,DAY([0]!Loan_Start))
Name io: DATE(YEAR([0]!Loan_Start),MONTH([0]!Loan_Start)+Payment_Number,DAY([0]!Loan_Start))
Name io: DATE(YEAR([0]!Loan_Start),MONTH([0]!Loan_Start)+Payment_Number,DAY([0]!Loan_Start))
Name io: DATE(YEAR([0]!Loan_Start),MONTH([0]!Loan_Start)+Payment_Number,DAY([0]!Loan_Start))
Name io: DATE(YEAR([0]!Loan_Start),MONTH([0]!Loan_Start)+Payment_Number,DAY([0]!Loan_Start))
Name io: DATE(YEAR([0]!Loan_Start),MONTH([0]!Loan_Start)+Payment_Number,DAY([0]!Loan_Start))
Name io: DATE(YEAR([0]!Loan_Start),MONTH([0]!Loan_Start)+Payment_Number,DAY([0]!Loan_Start))
Name io: DATE(YEAR([0]!Loan_Start),MONTH([0]!Loan_Start)+Payment_Number,DAY([0]!Loan_Start))
Name io: DATE(YEAR([0]!Loan_Start),MONTH([0]!Loan_Start)+Payment_Number,DAY([0]!Loan_Start))
Name io: DATE(YEAR([0]!Loan_Start),MONTH([0]!Loan_Start)+Payment_Number,DAY([0]!Loan_Start))
Name io: DATE(YEAR([0]!Loan_Start),MONTH([0]!Loan_Start)+Payment_Number,DAY([0]!Loan_Start))
Name io: DATE(YEAR([0]!Loan_Start),MONTH([0]!Loan_Start)+Payment_Number,DAY([0]!Loan_Start))
Name kjghd: OFFSET([0]!Full_Print,0,0,[2]CR!Last_Row)
Name kjghd: OFFSET([0]!Full_Print,0,0,[2]CR!Last_Row)
Name kjghd: #N/A
Name kjghd: OFFSET([0]!Full_Print,0,0,[2]CR!Last_Row)
Name Last_Row: IF([2]CR!Values_Entered,[0]!Header_Row+[2]CR!Number_of_Payments,[0]!Header_Row)
Name Last_Row: IF([2]CR!Values_Entered,[0]!Header_Row+[2]CR!Number_of_Payments,[0]!Header_Row)
Name Last_Row: #N/A
Name Last_Row: IF([2]CR!Values_Entered,[0]!Header_Row+[2]CR!Number_of_Payments,[0]!Header_Row)
Name Number_of_Payments: MATCH(0.01,[0]!End_Bal,-1)+1
Name Number_of_Payments: MATCH(0.01,[0]!End_Bal,-1)+1
Name Number_of_Payments: MATCH(0.01,[0]!End_Bal,-1)+1
Name Number_of_Payments: MATCH(0.01,[0]!End_Bal,-1)+1
Name Number_of_Payments: MATCH(0.01,[0]!End_Bal,-1)+1
Name Number_of_Payments: MATCH(0.01,[0]!End_Bal,-1)+1
Name Number_of_Payments: MATCH(0.01,[0]!End_Bal,-1)+1
Name Number_of_Payments: MATCH(0.01,[0]!End_Bal,-1)+1

Sheet COVER
A3: llllllllllllllllllllllllllllllllllllllllllllllllllll
A4: llllllllllllllllllllllllllllllllllllllllllllllllllllllllllllllllllllllllllllllllllllllllllllllllllllllllllllllllll | K4: llllllllllllllllllllllllllllllllllllllllllllllllllllllllllllllllllllllllllllllllllllllllllllllllllllllllllllllllllllllllllllllllllllllllllllll
C25: PANCHAYATI RAJ ENGINEERING DEPARTMENT
B28: DETAILED ESTIMATE CUM ABSTRACT
B32: Grant: FOR ADMINISTRATIVE SANCTION
C36: NAME OF THE WORK: | F36: : | G36: ='lead 2025-26'!C3 -> Providing BT Surface to the road from Inimerla SC colony to National Highway at Nuchupoda in Inimerla GP of Pamuru Mandal.
C40: ESTIMATE COST | F40: : | G40: ='lead 2025-26'!K4 -> 140.00 Lakhs
C43: NAME OF THE MANDAL | F43: : | G43: ='lead 2025-26'!J39 -> Pamuru
C46: NAME OF SUB. DIVISION | F46: : | G46: KANIGIRI
C48: NAME OF THE DIVISION | F48: : | G48: KANDUKUR
C50: NAME OF THE CIRCLE | F50: : | G50: ONGOLE
A54: llllllllllllllllllllllllllllllllllllllllllllllllllllllllllllllllllllllllllllllllll

Sheet SPE
A1: SPECIFICATION REPORT
A3: Specification Report to accompany the estimate for the work "
A4: ='lead 2025-26'!C3 -> Providing BT Surface to the road from Inimerla SC colony to National Highway at Nuchupoda in Inimerla GP of Pamuru Mandal.
F5: Estt. Rs. | H5: ='lead 2025-26'!K4 -> 140.00 Lakhs
A7: It is proposed to provide base layer with Granular sub base with 100mm thick and Wet mix mecadam 150mm thick compacted successively. It is proposed to provide shoulders of 100mm thick compacted using selected earth extending the full width of 1.00 Mts on either side of the carriage way, single coat surface dressing is proposed in place of prime coat to protect the WBM surface from damage due to traffic. Black topping is proposed with 25mm thick semi dense bituminous concrete as per code
A8: Hence the estimate is prepared with upto BT standards with following provisions.
A9: 1 | B9: Unskilled Labour Charges for Earthwork excavation
A10: 2 | B10: Clearing and grubbing road land
A11: 3 | B11: Construction of embankment with approved material
A12: 4 | B12: Scarifyting the existing Granular sub base
A13: 5 | B13: Construction of Subgrade with selected earth
A14: 6 | B14: Construction of Granular Sub base
A15: 7 | B15: Construction of Wet Mix Mecadam
A16: 8 | B16: Providing Primary coat with Emusion SS-1
A17: 9 | B17: Providing Tak coat with Emusion RS-1
A18: 10 | B18: Providing and laying bituminous macadam with 40-60 TPH
A19: 11 | B19: Providing and laying semi dense bituminous concrete
A20: 12 | B20: Construction of selected earth shoulders
A21: 13 | B21: Construction of Culverts
A22: Necessary provisions are shown for Q.C Charges @ 0.50% , GST charges @ 18%, and seigneorage charges are also shown in the estimate.
A23: The estimate is prepared as per the current schedule of rates for the year 2025-26 and the work will be executed as per APSS.
E27: ='lead 2025-26'!$G$37 -> Deputy Executive Engineer | H27: ='lead 2025-26'!J37 -> Assistant Engineer
E28: ='lead 2025-26'!$G$38 -> PRI Sub Division: Kanigiri | H28: ='lead 2025-26'!J38 -> Mandal Praja Parishad
H29: ='lead 2025-26'!J39 -> Pamuru

Sheet A.M
A1: ACTIVITY MASTER
A2: ='lead 2025-26'!B3&'lead 2025-26'!C3 -> Name of the work : Providing BT Surface to the road from Inimerla SC colony to National Highway at Nuchupoda in Inimerla GP of Pamuru Mandal.
F3: Est.Rs. | H3: ='lead 2025-26'!K4 -> 140.00 Lakhs
A4: Sl. No | B4: Material Task No. | C4: Description of Item | D4: Quantity | F4: Rate | G4: Per | H4: Amount Rs.
A6: 1 | B6: 2 | C6: 3 | D6: 4 | F6: 5 | G6: 6 | H6: 7
C7: Wage Component | H7: =0.000001 -> 1e-06
A8: =IF(B8<>"",SUBTOTAL(103,$B8:B$8),"") -> 1 | B8: ACT0011 | C8: Unskilled Labour Charges for Earthwork excavation by manual means exceeding 1.5 m in width taking out the excavated soil and disposal as directed by engineer in charge in Ordinary soil, with an Initial Lead up to 10 m and lift up to 1.5 m | D8: =MAIN!I10 -> 0 | E8: Cum | F8: =MAIN!K10 -> 144.26 | G8: 1Cum | H8: =ROUND(D8*F8/1,0) -> 0
A9: =IF(B9<>"",SUBTOTAL(103,$B$8:B9),"") -> 1 | B9: ACT0616 | C9: Unskilled labour for Curing of CC Pavament | D9: ='SUB-1'!I59 -> 0 | E9: Cum | F9: ='SUB-1'!K59 -> 150 | G9: 1Cum | H9: =ROUND(D9*F9/1,0) -> 0
C10: Material Component | H10: =0.000001 -> 1e-06
A11: =IF(B11<>"",SUBTOTAL(103,$B$8:B11),"") -> 2 | B11: ACT0009 | C11: Clearing and grubbing road land including uprooting wild vegetation, grass, bushes, shrubs, saplings and trees of girth up to 300 mm, removal of stumps of such trees cut earlier and disposal of unserviceable materials and stacking of serviceable material to be used or auctioned, up to a lead of 1000 m including removal and disposal of top organic soil not exceeding 150 mm in thickness (in area of non thorny /light jungle) as per Technical Specification Clause 201 MORD. | D11: =MAIN!I17 -> 4032 | E11: Sqm | F11: =MAIN!K17 -> 2.25 | G11: 1Sqm | H11: =ROUND(D11*F11/1,0) -> 9072
A12: =IF(B12<>"",SUBTOTAL(103,$B$8:B12),"") -> 3 | B12: ACT0011 | C12: Earthwork in excavation for structures as per drawing and technical specifications Clause 305.1 including setting out, construction of shoring and bracing, removal of stumps and other deleterious material and disposal upto a lead of 50 m, dressing of sides and bottom and backfilling in trenches with excavated suitable material as per Technical Specification 305 MORD / 304 MORTH | D12: ='SUB-1'!I19+'SUB-2'!I15+'SUB-3'!I12+'SUB-4'!I12+'sub-5'!I11 -> 78.24 | E12: Cum | F12: ='SUB-1'!K19 -> 126.69 | G12: 1Cum | H12: =ROUND(D12*F12/1,0) -> 9912
A13: =IF(B13<>"",SUBTOTAL(103,$B$8:B13),"") -> 4 | B13: ACT0026 | C13: Providing concrete for plain concrete M10 Grade in open foundations using 40 mm nominal size Graded hard stone aggregate, mechanically mixed, placed in foundation and compacted by vibration including curing for 14 days complete as per drawings and technical specifications Clause 802, 803, 1202 & 1203 MORD and 1500, 1700 & 2100 MORTH | D13: ='SUB-1'!I26+'SUB-2'!I27+'SUB-3'!I22+'SUB-4'!I22+'sub-5'!I18 -> 17.53 | E13: Cum | F13: ='SUB-1'!K26 -> 5600.99 | G13: 1Cum | H13: =ROUND(D13*F13/1,0) -> 98185
A14: =IF(B14<>"",SUBTOTAL(103,$B$8:B14),"") -> 5 | B14: ACT0024 | C14: Plain cement concrete M 15 grade using 40,20 & 12mm metal mechanically mixed in Substructures complete as per drawings and technical specification Clauses 802, 804, 805, 806, 807, 1202 and 1204 MORD and 1500, 1700 & 2200 MORTH. | D14: ='SUB-1'!I37+'SUB-2'!I44+'SUB-3'!I32+'SUB-4'!I32 -> 41.49 | E14: Cum | F14: ='SUB-1'!K37 -> 5954.56 | G14: 1Cum | H14: =ROUND(D14*F14/1,0) -> 247055
A15: =IF(B15<>"",SUBTOTAL(103,$B$8:B15),"") -> 6 | B15: ACT0193 | C15: Construction of embankment with approved material obtained from borrow pits with all lifts, transporting to site, spreading, grading to required slope and compacting to meet requirement of Tables 300.1 and 300.2 with a lead upto 1000 m as per Technical Specification Clause 301.5 MORD / 305 MORTH | D15: =MAIN!I25 -> 3360 | E15: Cum | F15: =MAIN!K25 -> 236.56 | G15: 1Cum | H15: =ROUND(D15*F15/1,0) -> 794842
A16: =IF(B16<>"",SUBTOTAL(103,$B$8:B16),"") -> 7 | B16: ACT0217 | C16: Dismantling of cement concrete pavements by mechanical means using pneumatic tools breaking to pieces not exceeding 0.02 cum in volume and stock piling at designated locations and disposal of dismantled materials upto a lead of 1000 m, stacking serviceable and unserviceable materials separately. | D16: =MAIN!I29+'SUB-1'!I10 -> 0 | E16: Cum | F16: =MAIN!K29 -> 1526.01 | G16: 1Cum | H16: =ROUND(D16*F16/1,0) -> 0
A17: =IF(B17<>"",SUBTOTAL(103,$B$8:B17),"") -> 8 | B17: ACT0504 | C17: Dismantling of existing structures comprising of stone masonry, including disposal of unserviceable material and stacking the serviceable material with all lifts and lead of 1000 m as per Technical Specification Clause 202 MORD / MORTH | D17: ='SUB-1'!I14 -> 0 | E17: Cum | F17: ='SUB-1'!K14 -> 500.62 | G17: 1Cum | H17: =ROUND(D17*F17/1,0) -> 0
A18: =IF(B18<>"",SUBTOTAL(103,$B$8:B18),"") -> 8 | B18: ACT0231 | C18: Providing and laying reinforced cement concrete M20 grade using 20 & 12mm metal mechanically mixed in superstructure as per drawing and technical specification Clauses 800, 1205.4 and 1205.4 MORD / sections 1500, 1600 & 1700 MORTH for deck slab | E18: Cum | G18: 1Cum | H18: =ROUND(D18*F18/1,0) -> 0
A19: =IF(B19<>"",SUBTOTAL(103,$B$8:B19),"") -> 8 | B19: ACT0492 | C19: Providing RCC M-25 grade cement concrete using using 20 mm to 12 mm Graded HBG crushed Metal ( 66% of 20 mm and 34% of 12mm )s from approved source including cost of all ,materials, machinery, labour, formwork, scaffolding,placing in position, levelling, vibrating, finishing, curing etc., complete with initial lead upto 50 m and all lifts. for Guide Posts | D19: ='SUB-1'!I42+'SUB-2'!I48+'SUB-3'!I36+'SUB-4'!I36 -> 0 | E19: Cum | F19: ='SUB-1'!K42 -> 7542 | G19: 1Cum | H19: =ROUND(D19*F19/1,0) -> 0
A20: =IF(B20<>"",SUBTOTAL(103,$B$8:B20),"") -> 8 | B20: ACT0493 | C20: Supplying, fitting and placing HYSD bar reinforcement in foundation complete as per drawings and technical specifications Clauses 1000 and 1202 MORD & 1100, 1600 MORTH for Bars below 36 mm dia including over laps and wastage, where they are not welded | D20: ='SUB-1'!I46+'SUB-2'!I52+'SUB-3'!I40+'SUB-4'!I40 -> 0 | E20: MT | F20: ='SUB-1'!K46 -> 86540.55 | G20: 1MT | H20: =ROUND(D20*F20/1,0) -> 0
A21: =IF(B21<>"",SUBTOTAL(103,$B$8:B21),"") -> 8 | B21: ACT0446 | C21: Providing and laying reinforced cement concrete pipe 600 NP3 for culverts on first class bedding of granular material but excluding excavation, protection works, backfilling, concrete and masonry works in head wall and parapets. Tech Specification Clause 1106 MORD. | D21: ='sub-5'!I22 -> 0 | E21: Rm | F21: ='sub-5'!K22 -> 3804.82 | G21: 1Rm | H21: =ROUND(D21*F21/1,0) -> 0
A22: =IF(B22<>"",SUBTOTAL(103,$B$8:B22),"") -> 9 | B22: ACT0486 | C22: Providing and laying reinforced cement concrete pipe 1000 NP3 for culverts on first class bedding of granular material but excluding excavation, protection works, backfilling, concrete and masonry works in head wall and parapets. Tech Specification Clause 1106 MORD. | D22: ='SUB-1'!I30+'SUB-2'!I32+'SUB-3'!I26+'SUB-4'!I26 -> 22.5 | E22: Rm | F22: ='SUB-1'!K30 -> 9006.27 | G22: 1Rm | H22: =ROUND(D22*F22/1,0) -> 202641
A23: =IF(B23<>"",SUBTOTAL(103,$B$8:B23),"") -> 9 | B23: ACT0594 | C23: Brick Masonary for Superstructure with CM (1:6) proportion using 2nd class traditional bricks of size 23X11X7 cms having minimum crushing strength of 40kg/cm2 including c/c of all materials like Cement, Sand, Bricks, water etc including seigniorage, sales and other taxes on all marerilas including all operational, incidental and labour charges such as mixing cement mortar , Scaffolding charges, etc complete for finished item of work (APSS No 501 & 504). | E23: Cum | G23: 1Cum | H23: =ROUND(D23*F23/1,0) -> 0
A24: =IF(B24<>"",SUBTOTAL(103,$B$8:B24),"") -> 9 | B24: ACT0061 | C24: Plastering with CM (1:5), 12 mm thick including Cost and Conveyance of all materials and labour charges etc., complete | E24: Sqm | G24: 1Sqm | H24: =ROUND(D24*F24/1,0) -> 0
A25: =IF(B25<>"",SUBTOTAL(103,$B$8:B25),"") -> 9 | B25: ACT0409 | C25: Filling with selected earth in trenches, sides of foundations & basement by watering and ramming including all operational, incidental, labour charges, hire charges of T&P etc complete including cost and conveyance of material and labour charges etc complete for finished item of the work (APSS No 309& 310) per 1 Cum | D25: ='SUB-1'!I50+'SUB-2'!I57+'SUB-3'!I45+'SUB-4'!I45 -> 40.7 | E25: Cum | F25: ='SUB-1'!K50 -> 279.78 | G25: 1Cum | H25: =ROUND(D25*F25/1,0) -> 11387
A26: =IF(B26<>"",SUBTOTAL(103,$B$8:B26),"") -> 10 | B26: ACT0494 | C26: Scarifying existing granular surface to a depth of 50 mm and disposal of scarified material with a lift upto 3 m and leads upto 1000 m as per Technical Specification Clause 301.4. MORD | D26: =MAIN!I33 -> 6720 | E26: Sqm | F26: =MAIN!K33 -> 38.49 | G26: 1Sqm | H26: =ROUND(D26*F26/1,0) -> 258653 | I26: =I50 -> 0
A27: =IF(B27<>"",SUBTOTAL(103,$B$8:B27),"") -> 11 | B27: ACT0181 | C27: Construction of Granular Sub Base using well graded material, spreading in uniform layers with tractor mounted grader on prepared surface , mixing by mix in place method with rotovator at OMC and compacting with Smooth wheel roller to achive the desired density , Complete as per technical speficaction clause 401 of MORD | D27: =MAIN!I47 -> 672 | E27: =MAIN!J47 -> Cum | F27: =MAIN!K47 -> 2928.41 | G27: =MAIN!L47 -> 1Cum | H27: =ROUND(D27*F27/1,0) -> 1967892
A28: =IF(B28<>"",SUBTOTAL(103,$B$8:B28),"") -> 12 | B28: ACT0182 | C28: Providing, laying, spreading and compacting graded stone aggregate to wet mix macadam specification including premixing the material with water at OMC in mechanical mixer (Pug Mill), carriage of mixed material by tipper to site, laying in uniform layers in sub-base/base course on a well prepared sub-base and compacting with smooth wheel roller of 80 to 100kN / Vibratory Roller 80-100 kN weight to achieve the desired density including lighting, barricading and maintenance of diversion, etc as per Tables 400.11 & 400.12 and Technical Specification Clause 406 MORD / MORTH. | D28: =MAIN!I51 -> 945 | E28: =MAIN!J51 -> Cum | F28: =MAIN!K51 -> 3982.34 | G28: =MAIN!L51 -> 1Cum | H28: =ROUND(D28*F28/1,0) -> 3763311
A29: =IF(B29<>"",SUBTOTAL(103,$B$8:B29),"") -> 13 | B29: ACT0183 | C29: Providing and applying primer coat with bitumen emulsion (SS-1) on prepared surface of granular base including cleaning of road surface and spraying primer at the rate of 0.70-1.0 kg/sqm using mechanical means as per Technical Specification Clause 502 MORD (for use on Wet mix macadam & WBM) | D29: =MAIN!I55 -> 6300 | E29: =MAIN!J55 -> Sqm | F29: =MAIN!K55 -> 42.54 | G29: =MAIN!L55 -> 1Sqm | H29: =ROUND(D29*F29/1,0) -> 268002
A30: =IF(B30<>"",SUBTOTAL(103,$B$8:B30),"") -> 14 | B30: ACT0184 | C30: Providing and applying tack coat with Bitumen emulsion (RS-1) using emulsion distributor at the rate of 0.25 to 0.30 kg per sqm on the prepared granular surfaces treated with primer & cleaned with Hydraulic broom as per Technical Specification Clause 503 MORD, | D30: =MAIN!I59 -> 6300 | E30: =MAIN!J59 -> Sqm | F30: =MAIN!K59 -> 16.24 | G30: =MAIN!L59 -> 1Sqm | H30: =ROUND(D30*F30/1,0) -> 102312
A31: =IF(B31<>"",SUBTOTAL(103,$B$8:B31),"") | C31: Providing and laying bituminous macadam with 40-60 TPH hot mix plant using crushed aggregates of grading as per Table 500.4 premixed with bituminous binder, transported to site upto a lead of 1000 m laid over a previously prepared surface with paver finisher to the required grade, level and alignment and rolled to achieved the desired compaction as per Technical Specification Clause 504 MORD (using vibratory Roller 80-100 KN for intermediate rolling and 3 wheel roller 80-100 KN for initial and final rolling). | D31: =MAIN!I69 -> 0 | E31: Cum | F31: =MAIN!K69 -> 10500.24 | G31: 1Cum | H31: =ROUND(D31*F31/1,0) -> 0
A32: =IF(B32<>"",SUBTOTAL(103,$B$8:B32),"") -> 15 | B32: ACT0184 | C32: Providing and laying semi dense bituminous concrete with 40-60 TPH batch type HMP producing an average output of 37.5 tonnes per hour using crushed aggregates of specified grading, premixed with bituminous binder @ 4.5 to 5 per cent of mix and filler, transporting the hot mix to work site, laying with a hydrostatic paver finisher with sensor control to the required grade, level and alignment, rolling with smooth wheeled, vibratory and tandem rollers to achieve the desired compaction as per MoRTH specification clause No. 508 complete in all respects | D32: =MAIN!I73 -> 157.5 | E32: =MAIN!J73 -> Cum | F32: =MAIN!K73 -> 11856.57 | G32: =MAIN!L73 -> 1Cum | H32: =ROUND(D32*F32/1,0) -> 1867410
A33: =IF(B33<>"",SUBTOTAL(103,$B$8:B33),"") -> 16 | B33: ACT0186 | C33: Construction of improved shoulders by provided selected earth having minimum CBR of 10% MD not less than 1.85 G/CC with LL & PI not more than 40% and 20 respectively and spreading in uniform layers with tractor grader on prepared surface and compacted at OMC with vibratory roller 80-100 KN to meet requirement of table 00.2 with as per technical specification clause 303 MORD, 305 MORTH by using machinery | D33: =MAIN!I77+MAIN!I43 -> 907.2 | E33: =MAIN!J77 -> Cum | F33: =MAIN!K77 -> 384.05 | G33: =MAIN!L77 -> 1Cum | H33: =ROUND(D33*F33/1,0) -> 348410
A34: =IF(B34<>"",SUBTOTAL(103,$B$8:B34),"") -> 17 | B34: ACT0407 | C34: Plain cement concrete for CC pavement, thickness as per design, over a prepared sub base, with 43 grade cement or any other type as per Clause 1501.2.2 M20 (Grade), coarse and fine aggregates conforming to IS : 383, maximum in a concrete mixer of not less than 0.2 cum capacity and appropeiate weigh batcher using approved mix design, laid in approved fixed side formwork (steel channel, laying and fixing of 125 mictron thick polythene film, wedges, steel plates including levelling the formwork as per drawing), spreading the concrete with sholvels, rakes, compacted using needle, scareed and plate vibrators and finished in continuous operation including provision of contraction and expansion, construction joints, applying debonding strips, primer, sealant, dowel bars, near approaches to bridge / culvert and construction joints, admixtures as approved, curing of concrete slabs for 28- days, curing compound (where specified) and water finishing to lines and grade as per drawing and Technical Specification Clause 1501 MORD | D34: ='SUB-1'!I55+'SUB-2'!I61+'SUB-3'!I49+'SUB-4'!I49+MAIN!I81 -> 0 | E34: Cum | F34: ='SUB-1'!K55 -> 7873.37 | G34: 1Cum | H34: =ROUND(D34*F34/1,0) -> 0
A35: =IF(B35<>"",SUBTOTAL(103,$B$8:B35),"") -> 17 | B35: ACT0409 | C35: Collection and supply of Selected earth for shoulders including cost and conveyance of all materials and stacking at site to dept gauge | E35: Cum | G35: 1Cum | H35: =ROUND(D35*F35/1,0) -> 0
A36: =IF(B36<>"",SUBTOTAL(103,$B$8:B36),"") -> 18 | B36: ACT0196 | C36: Providing and construction of name board of specified size with brick masonary including painting and required lettering etc complete. | D36: 1 | E36: No | F36: =Abstract!M19 -> 0 | G36: 1Cum | H36: =ROUND(D36*F36/1,0) -> 0
A37: =IF(B37<>"",SUBTOTAL(103,$B$8:B37),"") -> 19 | B37: ACT0194 | C37: Supply and fixing of KM Stones including painting and required lettering. | D37: ='sub-6'!I11 -> 3 | E37: No | F37: ='sub-6'!K11 -> 3148.81 | G37: No | H37: =ROUND(D37*F37/1,0) -> 9446
A38: =IF(B38<>"",SUBTOTAL(103,$B$8:B38),"") -> 20 | B38: ACT0195 | C38: Supply and fixing of HM Stones including painting and required lettering. | D38: ='sub-6'!I15 -> 7 | E38: No | F38: ='sub-6'!K15 -> 883.73 | G38: No | H38: =ROUND(D38*F38/1,0) -> 6186
A39: =IF(B39<>"",SUBTOTAL(103,$B$8:B39),"") -> 20 | B39: ACT0485 | C39: S&F of retro-reflective cautionary, mandatory & informatory sign as per IRC:67 made of encapsulated lens type reflective sheeting vide clause 1701.2.3 MORD fixed over aluminium sheeting 1.5mm thick supported on a mild steel iron post 75x75x6 mm firmly fixed to the ground by means of properly designed foundation with M20 cement concrete 450x450x600mm,600 mm below ground level as per drawings and technical spec. clause 1701 MORD Cautionary warning signs Equilateral traiangle of size 600 mm | D39: ='sub-6'!I19 -> 0 | E39: No | F39: ='sub-6'!K19 -> 2623.842 | G39: No | H39: =ROUND(D39*F39/1,0) -> 0
A40: =IF(B40<>"",SUBTOTAL(103,$B$8:B40),"") -> 20 | B40: ACT0481 | C40: S/&F Direction&Place identi. retrorefl. sign boards as per as per IRC67 made of 2mm thick MS sheet duly stove enameled paint white colour in front&grey colour on back with refl.border of 70mm width&required message let.&fig. with refl. tape engg. grade as per clause 1701 of req. shade&colour supported&welded on two nos.47X47X12mm SWG sheet tube of 3050mm ht.strengthened by 25x5mm MS flat on edges on back fixed to ground fn. in M-20 CC 450X600X600mm below G.L Main info. Board of size 1500 x1200 | D40: ='sub-6'!I23 -> 0 | E40: No | F40: ='sub-6'!K23 -> 2222.59 | G40: No | H40: =ROUND(D40*F40/1,0) -> 0
A41: =IF(B41<>"",SUBTOTAL(103,$B$8:B41),"") -> 20 | B41: ACT0482 | C41: S/&F Direction&Place identi.semi reflective Village boards as per as per IRC67 made of 2mm thick MS sheet duly stove enameled paint white colour in front&grey colour on back with refl.border of 70mm width&required message let.&fig. with refl. tape engg. grade as per clause 1701 of req. shade&colour supported&welded on two nos.47X47X12mm SWG sheet tube of 3050mm ht.strengthened by 25x5mm MS flat on edges on back fixed to ground fn. in M-20 CC 450X600X600mm below GL vill. board of size 900X600 mm | D41: ='sub-6'!I27 -> 0 | E41: No | F41: ='sub-6'!K27 -> 2222.6557 | G41: No | H41: =ROUND(D41*F41/1,0) -> 0
A42: =IF(B42<>"",SUBTOTAL(103,$B$8:B42),"") -> 21 | B42: ACT0483 | C42: Pavement markings with hot line applied Thermo plastic compound 2.5mm thick incl. refl. glass beads at 250 gms/sqm, thickness of 2.5mm is exclusive of surface applied glass beads for providing centerline marking 300 cms length and 10cm width with a gap of 450 cms including C&C of all mat. equip.&labour with all leads&lifts loading&unloading charges confirming to IS 164-1981 (1st revison reaffirmed in 1986)&clause 803 of MOST spec. for R&Bworks and also confirming to IRC 35-1997.Road marking | D42: ='sub-6'!I31 -> 336 | E42: Sqm | F42: ='sub-6'!K31 -> 636.24 | G42: 1Sqm | H42: =ROUND(D42*F42/1,0) -> 213777
A43: =IF(B43<>"",SUBTOTAL(103,$B$8:B43),"") -> 22 | B43: ACT0212 | C43: Provision for Seigneorage charges | H43: =Abstract!M15 -> 960158
A44: =IF(B44<>"",SUBTOTAL(103,$B$8:B44),"") -> 23 | B44: ACT0211 | C44: Provision QC charges @ 0.50% | H44: =Abstract!M17 -> 50892
A45: =IF(B45<>"",SUBTOTAL(103,$B$8:B45),"") -> 24 | B45: ACT0210 | C45: Provision for work wise file | H45: =Abstract!M20 -> 0
A46: =IF(B46<>"",SUBTOTAL(103,$B$8:B46),"") -> 25 | B46: ACT0214 | C46: Provision GST charges | H46: =Abstract!M18 -> 2004957
A47: =IF(B47<>"",SUBTOTAL(103,$B$8:B47),"") -> 26 | B47: ACT0216 | C47: Provision towards unforeseen items of work | H47: =Abstract!M21 -> 805500
C48: Total | H48: =SUM(H7:H47)+1 -> 14000001
C52: ='lead 2025-26'!G37 -> Deputy Executive Engineer | G52: ='lead 2025-26'!J37 -> Assistant Engineer
C53: ='lead 2025-26'!G38 -> PRI Sub Division: Kanigiri | G53: ='lead 2025-26'!J38 -> Mandal Praja Parishad
G54: ='lead 2025-26'!J39 -> Pamuru

Sheet input data
A2: NIC MATERIAL MASTER
A3: ='lead 2025-26'!B3&'lead 2025-26'!C3 -> Name of the work : Providing BT Surface to the road from Inimerla SC colony to National Highway at Nuchupoda in Inimerla GP of Pamuru Mandal. | I3: 18
B4: Name of the District: | C4: : | D4: Prakasam | I4: 229
B5: Name of the Constituency | C5: : | D5: Kanigiri | I5: =MAIN!#REF! -> #REF!
B6: Name of the Mandal | C6: : | D6: P.C.Palli
B7: Name of the GP / Habitation | C7: : | D7: Vengalayapalli
E8: Es.Rs. | F8: ='lead 2025-26'!K4 -> 140.00 Lakhs
A9: S No | B9: Task Name | C9: Unit | D9: Task Code | E9: Qty | F9: Rate per Unit in Rs | G9: Amount in Rs
A10: 1 | B10: Cost of Cement (OPC-53) | C10: MT | D10: MAT-0001 | E10: =seigneorage!O77 -> 15.27 | F10: ='lead 2025-26'!K26 -> 4218.8 | G10: =ROUND(E10*F10,0) -> 64421
A11: 2 | B11: Cost of Sand for Concrete | C11: cum | D11: MAT -0010 | E11: =seigneorage!I77 -> 27.81 | F11: ='lead 2025-26'!H9 -> 0 | G11: =ROUND(E11*F11,0) -> 0
A12: 2 | B12: Cost of 40 mm HBG Metal | C12: cum | D12: MAT-0013 | E12: =seigneorage!K77 -> 35.7 | F12: ='lead 2025-26'!H16+'lead 2025-26'!I16+'lead 2025-26'!J16 -> 1032.5 | G12: =ROUND(E12*F12,0) -> 36860
A13: 3 | B13: Cost of 20 mm HBG Metal | C13: cum | D13: MAT-0014 | E13: =seigneorage!L77 -> 9.96 | F13: ='lead 2025-26'!H12+'lead 2025-26'!I12+'lead 2025-26'!J12 -> 1676.25 | G13: =ROUND(E13*F13,0) -> 16695
A14: 4 | B14: Cost of 12 mm HBG Metal | C14: cum | D14: MAT -0015 | E14: =seigneorage!M77 -> 3.32 | F14: ='lead 2025-26'!H13+'lead 2025-26'!I13+'lead 2025-26'!J13 -> 1350 | G14: =ROUND(E14*F14,0) -> 4482
A15: 5 | B15: Granular Material | C15: cum | D15: MAT-0030 | E15: =A.M!D27 -> 672 | F15: =A.M!F27 -> 2928.41 | G15: =ROUND(E15*F15,0) -> 1967892
A16: 6 | B16: Cost of Selected earth | C16: cum | D16: MAT-0039 | E16: =MAIN!I77 -> 907.2 | F16: =MAIN!K77 -> 384.05 | G16: =ROUND(E16*F16,0) -> 348410
A17: 7 | B17: Cost and supply of NP3 pipes 1000mm | C17: cum | D17: MAT-0052 | E17: =A.M!D22 -> 22.5 | F17: =A.M!F22 -> 9006.27 | G17: =ROUND(E17*F17,0) -> 202641
A18: 8 | B18: Cost and supply of NP3 pipes 600mm | C18: cum | E18: =A.M!D21 -> 0 | F18: =A.M!F21 -> 3804.82 | G18: =ROUND(E18*F18,0) -> 0
A19: 8 | B19: Conveyance charges for Sand | C19: cum | D19: MAT-0060 | E19: =E11 -> 27.81 | F19: ='lead 2025-26'!G9 -> 1287.19 | G19: =ROUND(E19*F19,0) -> 35797
A20: 9 | B20: Conveyance charges for Metal, Stone, Bricks | C20: LS | D20: MAT-0061 | G20: =ROUND((E12*'lead 2025-26'!G16)+('input data'!E13*'lead 2025-26'!G12)+('input data'!E14*'lead 2025-26'!G13)+(seigneorage!N9*'lead 2025-26'!G17)+(seigneorage!N11*'lead 2025-26'!G17),0) -> 1993028
A21: 10 | B21: Citizen information Board/Name board | C21: Each | D21: MAT-0063 | G21: =A.M!H36 -> 0
A22: 11 | B22: GST charges | C22: Each | D22: MAT-0062 | G22: =A.M!H46 -> 2004957
A23: 12 | B23: Provision for work wise file | C23: Each | D23: MAT- 0064 | G23: =A.M!H45 -> 0
A24: 13 | B24: Provision for Seigneorage charges | D24: A11592 CW-13 | G24: =A.M!H43 -> 960158
A25: 14 | B25: Provision QC charges @ 0.50% | D25: A11591 CW-12 | G25: =A.M!H44 -> 50892 | H25: =SUM(G10:G25) -> 7686233
A26: 15 | B26: Contingency and unforeseen items | C26: LS | D26: MAT-0073 | G26: =H26-H25 -> 6313767 | H26: =Abstract!M22-MAIN!M10-'SUB-1'!M59 -> 14000000
A29: Total excluding Wage component | G29: =SUM(G10:G28) -> 14000000 | H29: =G29+A.M!H8+A.M!H9 -> 14000000
C33: ='lead 2025-26'!G37 -> Deputy Executive Engineer | F33: ='lead 2025-26'!J37 -> Assistant Engineer
C34: ='lead 2025-26'!G38 -> PRI Sub Division: Kanigiri | F34: ='lead 2025-26'!J38 -> Mandal Praja Parishad
F35: ='lead 2025-26'!J39 -> Pamuru

Sheet Abstract
A1: GENERAL ABSTRACT
A2: ='lead 2025-26'!B3 -> Name of the work : | C2: ='lead 2025-26'!C3 -> Providing BT Surface to the road from Inimerla SC colony to National Highway at Nuchupoda in Inimerla GP of Pamuru Mandal.
K3: Est.Rs. | M3: ='lead 2025-26'!K4 -> 140.00 Lakhs
A4: Sl. No | B4: Description of Item | I4: Quantity | K4: Rate | L4: Per | M4: Amount Rs.
A6: 1 | B6: 2 | I6: 3 | K6: 4 | L6: 5 | M6: 6
A7: 1 | B7: Cost of Road work | M7: =MAIN!M83 -> 9379904
A8: 2 | B8: Construction of 3 rows of 1000mm dia pipe culvert - 3Nos | M8: ='SUB-1'!M61 -> 0
A9: 3 | B9: Construction of 2 rows of 1000mm dia vented road dam @ 2/8 to 3/0 & 3/2 to 3/4. | M9: ='SUB-2'!M63 -> 0
A10: 2 | B10: Construction of 1 row of 1000mm dia Pipe culvert - 3 Nos | M10: ='SUB-3'!M51 -> 569180
A11: 5 | B11: Construction of 1 row of 1000mm dia Pipe culvert @ 1/2 to 1/4. | M11: ='SUB-4'!M51 -> 0
A12: 6 | B12: Construction of 1 row of 600mm dia Pipe culvert @ 1/6 to 1/8. | M12: ='sub-5'!M24 -> 0
A13: 3 | B13: Construction of Road Safety interventions | M13: ='sub-6'!M33 -> 229409
B14: Total | M14: =SUM(M7:M13) -> 10178493
A15: 4 | B15: Provision for Seigneorage charges | M15: =seigneorage!J84 -> 960158
M16: =SUM(M14:M15) -> 11138651
A17: 5 | B17: Provision for QC charges @ 0.50% | K17: =M14 -> 10178493 | L17: x0.50% | M17: =ROUND(K17*0.5%,0) -> 50892
A18: 6 | B18: Provision for GST charges @ 18% | K18: =M16 -> 11138651 | L18: x18% | M18: =ROUND(K18*18%,0) -> 2004957
A19: 6 | B19: Provision for Name board | M19: 0
A20: 6 | B20: Provision for work file
A21: 7 | B21: Unforseen items | M21: =O21 -> 805500 | O21: =O22-M16-M17-M18-M19-M20 -> 805500
I22: Grand Total:- | M22: =SUM(M16:M21) -> 14000000 | O22: 14000000
G27: ='lead 2025-26'!$G$37 -> Deputy Executive Engineer | L27: ='lead 2025-26'!J37 -> Assistant Engineer
G28: ='lead 2025-26'!$G$38 -> PRI Sub Division: Kanigiri | L28: ='lead 2025-26'!J38 -> Mandal Praja Parishad
L29: ='lead 2025-26'!J39 -> Pamuru

Sheet MAIN
A1: DETAILED ESTIMATE CUM ABSTRACT
A2: ='lead 2025-26'!B3 -> Name of the work : | C2: ='lead 2025-26'!C3 -> Providing BT Surface to the road from Inimerla SC colony to National Highway at Nuchupoda in Inimerla GP of Pamuru Mandal.
K3: Est.Rs. | M3: ='lead 2025-26'!K4 -> 140.00 Lakhs
A4: Sl. No | B4: Description of Item | C4: No. | F4: Measurements | I4: Quantity | K4: Rate | L4: Per | M4: Amount Rs.
F5: L | G5: B | H5: D
A6: 1 | B6: 2 | C6: 3 | F6: 4 | G6: 5 | H6: 6 | I6: 7 | K6: 8 | L6: 9 | M6: 10
A7: 1 | B7: Unskilled Labour Charges for Earthwork excavation by manual means exceeding 1.5 m in width taking out the excavated soil and disposal as directed by engineer in charge in Ordinary soil, with an Initial Lead up to 10 m and lift up to 1.5 m
B8: High berm cutting | C8: 1 | D8: x | E8: 1 | F8: 20 | G8: 0.3 | H8: 0.3 | I8: =ROUND(IF(AND(F8:H8),C8*E8*F8*G8*H8,IF(AND(F8,G8),C8*E8*F8*G8,IF(AND(F8,H8),C8*E8*F8*H8,IF(AND(G8,H8),C8*E8*G8*H8,IF(F8,C8*E8*F8,IF(G8,C8*E8*G8,IF(H8,C8*E8*H8,C8*E8))))))),2) -> 1.8 | J8: Cum
J10: Cum | K10: ='data 2025-26'!H8 -> 144.26 | L10: 1Cum | M10: =ROUND(I10*K10/1,0) -> 0
A11: 1 | B11: Clearing and grubbing road land including uprooting wild vegetation, grass, bushes, shrubs, saplings and trees of girth up to 300 mm, removal of stumps of such trees cut earlier and disposal of unserviceable materials and stacking of serviceable material to be used or auctioned, up to a lead of 1000 m including removal and disposal of top organic soil not exceeding 150 mm in thickness (in area of non thorny /light jungle) as per Technical Specification Clause 201 MORD. | N11: =N88 -> 0 | O11: =N83 -> 0
B12: Km 0/0 to 1/6 + 80 | C12: 1 | D12: x | E12: 2 | F12: 1680 | G12: 2 | H12: 0 | I12: =ROUND(IF(AND(F12:H12),C12*E12*F12*G12*H12,IF(AND(F12,G12),C12*E12*F12*G12,IF(AND(F12,H12),C12*E12*F12*H12,IF(AND(G12,H12),C12*E12*G12*H12,IF(F12,C12*E12*F12,IF(G12,C12*E12*G12,IF(H12,C12*E12*H12,C12*E12))))))),2) -> 6720 | J12: Sqm | N12: =Abstract!M21 -> 805500
I14: =SUM(I12:I13) -> 6720 | J14: Sqm
B15: Deduct voids @ 40% | I15: =-ROUND(I14*40%,2) -> -2688 | J15: Sqm
I17: =SUM(I14:I16) -> 4032 | J17: Sqm | K17: ='data 2025-26'!H21 -> 2.25 | L17: 1Sqm | M17: =ROUND(I17*K17/1,0) -> 9072
A18: 3 | B18: Construction of embankment with approved materials deposited at site from roadway cutting and excavation from drain (not exceeding 0.6 m depth) and foundation of other structures graded and compacted to meet requirement of Tables 300.1 and 300.2 as per Technical Specification Clause 301.5 MORD / 305 MORTH | N18: =N92 -> 0 | O18: =N89 -> 0
C19: 1 | D19: x | E19: 2 | F19: 2100 | G19: 1.7 | H19: 0.6 | I19: =ROUND(IF(AND(F19:H19),C19*E19*F19*G19*H19,IF(AND(F19,G19),C19*E19*F19*G19,IF(AND(F19,H19),C19*E19*F19*H19,IF(AND(G19,H19),C19*E19*G19*H19,IF(F19,C19*E19*F19,IF(G19,C19*E19*G19,IF(H19,C19*E19*H19,C19*E19))))))),2) -> 4284 | J19: Cum
J21: Cum | K21: ='data 2025-26'!H53 -> 98.65 | L21: 1Cum | M21: =ROUND(I21*K21/1,0) -> 0
A22: 2 | B22: Construction of embankment with approved material obtained from borrow pits with all lifts, transporting to site, spreading, grading to required slope and compacting with vibratory roller 80-100 KN to meet requirement of Tables 300.1 and 300.2 with a lead upto 1000 m as per Technical Specification Clause 301.5 MORD/305 MORTH. | N22: =N96 -> 0 | O22: =N93 -> 0
B23: =B12 -> Km 0/0 to 1/6 + 80 | I23: =F12*2 -> 3360 | J23: Cum | O23: =N12 -> 805500
I25: =SUM(I23:I24) -> 3360 | J25: Cum | K25: ='data 2025-26'!H70 -> 236.56 | L25: 1Cum | M25: =ROUND(I25*K25/1,0) -> 794842
A26: 4 | B26: Dismantling of cement concrete pavements by mechanical means using pneumatic tools breaking to pieces not exceeding 0.02 cum in volume and stock piling at designated locations and disposal of dismantled materials upto a lead of 1000 m, stacking serviceable and unserviceable materials separately. | N26: =#REF! -> #REF! | O26: =#REF! -> #REF!
B27: Damaged existing CC road | C27: 1 | D27: x | E27: 1 | F27: 103 | G27: 2.5 | H27: 0.17 | I27: =ROUND(IF(AND(F27:H27),C27*E27*F27*G27*H27,IF(AND(F27,G27),C27*E27*F27*G27,IF(AND(F27,H27),C27*E27*F27*H27,IF(AND(G27,H27),C27*E27*G27*H27,IF(F27,C27*E27*F27,IF(G27,C27*E27*G27,IF(H27,C27*E27*H27,C27*E27))))))),2) -> 43.78 | J27: Cum
J29: Cum | K29: ='CD WORK DATA'!H15 -> 1526.01 | L29: 1Cum | M29: =ROUND(I29*K29/1,0) -> 0
A30: 3 | B30: Scarifying existing granular surface to a depth of 50 mm and disposal of scarified material with a lift upto 3 m and leads upto 1000 m as per Technical Specification Clause 301.4. MORD | N30: =N104 -> 0 | O30: =N101 -> 0
B31: =B12 -> Km 0/0 to 1/6 + 80 | C31: 1 | D31: x | E31: 1 | F31: =F12 -> 1680 | G31: 4 | H31: 0 | I31: =ROUND(IF(AND(F31:H31),C31*E31*F31*G31*H31,IF(AND(F31,G31),C31*E31*F31*G31,IF(AND(F31,H31),C31*E31*F31*H31,IF(AND(G31,H31),C31*E31*G31*H31,IF(F31,C31*E31*F31,IF(G31,C31*E31*G31,IF(H31,C31*E31*H31,C31*E31))))))),2) -> 6720 | J31: Sqm
I33: =SUM(I31:I32) -> 6720 | J33: Sqm | K33: ='data 2025-26'!H38 -> 38.49 | L33: 1Sqm | M33: =ROUND(I33*K33/1,0) -> 258653
A34: 6 | B34: Construction of improved subgrade by provided selected earth and spreading in uniform layers with tractor grader on prepared surface and compacted at OMC with vibratory roller 80-100 KN to meet requirement of table 00.2 with as per technical specification clause 303 MORD, 305 MORTH by using machinery
B35: =B31 -> Km 0/0 to 1/6 + 80 | C35: 1 | D35: x | E35: 1 | F35: 145 | G35: 7.5 | H35: 0.225 | I35: =ROUND(IF(AND(F35:H35),C35*E35*F35*G35*H35,IF(AND(F35,G35),C35*E35*F35*G35,IF(AND(F35,H35),C35*E35*F35*H35,IF(AND(G35,H35),C35*E35*G35*H35,IF(F35,C35*E35*F35,IF(G35,C35*E35*G35,IF(H35,C35*E35*H35,C35*E35))))))),2) -> 244.69 | J35: Cum
B36: Deduct CD work 1/0 to 1/2 | C36: 1 | D36: x | E36: 1 | F36: 5.6 | G36: 7.5 | H36: 0.225 | I36: =-ROUND(IF(AND(F36:H36),C36*E36*F36*G36*H36,IF(AND(F36,G36),C36*E36*F36*G36,IF(AND(F36,H36),C36*E36*F36*H36,IF(AND(G36,H36),C36*E36*G36*H36,IF(F36,C36*E36*F36,IF(G36,C36*E36*G36,IF(H36,C36*E36*H36,C36*E36))))))),2) -> -9.45 | J36: Cum
B37: Km 1/2 to 1/4 | C37: 1 | D37: x | E37: 1 | F37: 200 | G37: 7.5 | H37: 0.225 | I37: =ROUND(IF(AND(F37:H37),C37*E37*F37*G37*H37,IF(AND(F37,G37),C37*E37*F37*G37,IF(AND(F37,H37),C37*E37*F37*H37,IF(AND(G37,H37),C37*E37*G37*H37,IF(F37,C37*E37*F37,IF(G37,C37*E37*G37,IF(H37,C37*E37*H37,C37*E37))))))),2) -> 337.5 | J37: Cum
B38: Km 1/4 to 1/6 | C38: 1 | D38: x | E38: 1 | F38: 200 | G38: 7.5 | H38: 0.225 | I38: =ROUND(IF(AND(F38:H38),C38*E38*F38*G38*H38,IF(AND(F38,G38),C38*E38*F38*G38,IF(AND(F38,H38),C38*E38*F38*H38,IF(AND(G38,H38),C38*E38*G38*H38,IF(F38,C38*E38*F38,IF(G38,C38*E38*G38,IF(H38,C38*E38*H38,C38*E38))))))),2) -> 337.5 | J38: Cum
B39: Km 1/6 to 1/8 | C39: 1 | D39: x | E39: 1 | F39: 200 | G39: 7.5 | H39: 0.225 | I39: =ROUND(IF(AND(F39:H39),C39*E39*F39*G39*H39,IF(AND(F39,G39),C39*E39*F39*G39,IF(AND(F39,H39),C39*E39*F39*H39,IF(AND(G39,H39),C39*E39*G39*H39,IF(F39,C39*E39*F39,IF(G39,C39*E39*G39,IF(H39,C39*E39*H39,C39*E39))))))),2) -> 337.5 | J39: Cum
B40: Km 1/8 to 2/0 | C40: 1 | D40: x | E40: 1 | F40: 200 | G40: 7.5 | H40: 0.225 | I40: =ROUND(IF(AND(F40:H40),C40*E40*F40*G40*H40,IF(AND(F40,G40),C40*E40*F40*G40,IF(AND(F40,H40),C40*E40*F40*H40,IF(AND(G40,H40),C40*E40*G40*H40,IF(F40,C40*E40*F40,IF(G40,C40*E40*G40,IF(H40,C40*E40*H40,C40*E40))))))),2) -> 337.5 | J40: Cum
B41: Km 2/0 to 2/0+137 | C41: 1 | D41: x | E41: 1 | F41: =#REF! -> #REF! | G41: 7.5 | H41: 0.225 | I41: =ROUND(IF(AND(F41:H41),C41*E41*F41*G41*H41,IF(AND(F41,G41),C41*E41*F41*G41,IF(AND(F41,H41),C41*E41*F41*H41,IF(AND(G41,H41),C41*E41*G41*H41,IF(F41,C41*E41*F41,IF(G41,C41*E41*G41,IF(H41,C41*E41*H41,C41*E41))))))),2) -> #REF! | J41: Cum
J43: Cum | K43: ='data 2025-26'!H228 -> 384.05 | L43: 1Cum | M43: =ROUND(I43*K43/1,0) -> 0
A44: 4 | B44: Construction of Granular Sub Base using well graded material, spreading in uniform layers with tractor mounted grader on prepared surface , mixing by mix in place method with rotovator at OMC and compacting with Smooth wheel roller to achive the desired density , Complete as per technical speficaction clause 401 of MORD
B45: =B31 -> Km 0/0 to 1/6 + 80 | C45: 1 | D45: x | E45: 1 | F45: =F31 -> 1680 | G45: 4 | H45: 0.1 | I45: =ROUND(IF(AND(F45:H45),C45*E45*F45*G45*H45,IF(AND(F45,G45),C45*E45*F45*G45,IF(AND(F45,H45),C45*E45*F45*H45,IF(AND(G45,H45),C45*E45*G45*H45,IF(F45,C45*E45*F45,IF(G45,C45*E45*G45,IF(H45,C45*E45*H45,C45*E45))))))),2) -> 672 | J45: Cum
I47: =SUM(I45:I46) -> 672 | J47: Cum | K47: ='data 2025-26'!H88 -> 2928.41 | L47: 1Cum | M47: =ROUND(I47*K47/1,0) -> 1967892
A48: 5 | B48: Providing, laying, spreading and compacting graded stone aggregate to wet mix macadam specification including premixing the material with water at OMC in mechanical mixer (Pug Mill), carriage of mixed material by tipper to site, laying in uniform layers in sub-base/base course on a well prepared sub-base and compacting with smooth wheel roller of 80 to 100kN / Vibratory Roller 80-100 kN weight to achieve the desired density including lighting, barricading and maintenance of diversion, etc as per Tables 400.11 & 400.12 and Technical Specification Clause 406 MORD / MORTH.
B49: =B45 -> Km 0/0 to 1/6 + 80 | C49: 1 | D49: x | E49: 1 | F49: =F45 -> 1680 | G49: 3.75 | H49: 0.15 | I49: =ROUND(IF(AND(F49:H49),C49*E49*F49*G49*H49,IF(AND(F49,G49),C49*E49*F49*G49,IF(AND(F49,H49),C49*E49*F49*H49,IF(AND(G49,H49),C49*E49*G49*H49,IF(F49,C49*E49*F49,IF(G49,C49*E49*G49,IF(H49,C49*E49*H49,C49*E49))))))),2) -> 945 | J49: Cum
I51: =SUM(I49:I50) -> 945 | J51: Cum | K51: ='data 2025-26'!H113 -> 3982.34 | L51: 1Cum | M51: =ROUND(I51*K51/1,0) -> 3763311
A52: 6 | B52: Providing and applying primer coat with bitumen emulsion (SS-1) on prepared surface of granular base including cleaning of road surface and spraying primer at the rate of 0.70-1.0 kg/sqm using mechanical means as per Technical Specification Clause 502 MORD (for use on Wet mix macadam & WBM)
B53: =B49 -> Km 0/0 to 1/6 + 80 | C53: 1 | D53: x | E53: 1 | F53: =F49 -> 1680 | G53: 3.75 | H53: 0 | I53: =ROUND(IF(AND(F53:H53),C53*E53*F53*G53*H53,IF(AND(F53,G53),C53*E53*F53*G53,IF(AND(F53,H53),C53*E53*F53*H53,IF(AND(G53,H53),C53*E53*G53*H53,IF(F53,C53*E53*F53,IF(G53,C53*E53*G53,IF(H53,C53*E53*H53,C53*E53))))))),2) -> 6300 | J53: Sqm
I55: =SUM(I53:I54) -> 6300 | J55: Sqm | K55: ='data 2025-26'!H131 -> 42.54 | L55: 1Sqm | M55: =ROUND(I55*K55/1,0) -> 268002
A56: 7 | B56: Providing and applying tack coat with Bitumen emulsion (RS-1) using emulsion distributor at the rate of 0.25 to 0.30 kg per sqm on the prepared granular surfaces treated with primer & cleaned with Hydraulic broom as per Technical Specification Clause 503 MORD,
B57: =B53 -> Km 0/0 to 1/6 + 80 | C57: 1 | D57: x | E57: 1 | F57: =F53 -> 1680 | G57: 3.75 | H57: 0 | I57: =ROUND(IF(AND(F57:H57),C57*E57*F57*G57*H57,IF(AND(F57,G57),C57*E57*F57*G57,IF(AND(F57,H57),C57*E57*F57*H57,IF(AND(G57,H57),C57*E57*G57*H57,IF(F57,C57*E57*F57,IF(G57,C57*E57*G57,IF(H57,C57*E57*H57,C57*E57))))))),2) -> 6300 | J57: Sqm
I59: =SUM(I57:I58) -> 6300 | J59: Sqm | K59: ='data 2025-26'!H146 -> 16.24 | L59: 1Sqm | M59: =ROUND(I59*K59/1,0) -> 102312
A60: 11 | B60: Providing and laying bituminous macadam with 40-60 TPH hot mix plant using crushed aggregates of grading as per Table 500.4 premixed with bituminous binder, transported to site upto a lead of 1000 m laid over a previously prepared surface with paver finisher to the required grade, level and alignment and rolled to achieved the desired compaction as per Technical Specification Clause 504 MORD (using vibratory Roller 80-100 KN for intermediate rolling and 3 wheel roller 80-100 KN for initial and final rolling).
B61: Km 1/0 + 55 to 1/2 | C61: 1 | D61: x | E61: 1 | F61: 145 | G61: 3.75 | H61: 0.05 | I61: =ROUND(IF(AND(F61:H61),C61*E61*F61*G61*H61,IF(AND(F61,G61),C61*E61*F61*G61,IF(AND(F61,H61),C61*E61*F61*H61,IF(AND(G61,H61),C61*E61*G61*H61,IF(F61,C61*E61*F61,IF(G61,C61*E61*G61,IF(H61,C61*E61*H61,C61*E61))))))),2) -> 27.19 | J61: Cum
B62: Deduct CD work 1/0 to 1/2 | C62: 1 | D62: x | E62: 1 | F62: 5.6 | G62: 3.75 | H62: 0.05 | I62: =-ROUND(IF(AND(F62:H62),C62*E62*F62*G62*H62,IF(AND(F62,G62),C62*E62*F62*G62,IF(AND(F62,H62),C62*E62*F62*H62,IF(AND(G62,H62),C62*E62*G62*H62,IF(F62,C62*E62*F62,IF(G62,C62*E62*G62,IF(H62,C62*E62*H62,C62*E62))))))),2) -> -1.05 | J62: Cum
B63: Km 1/2 to 1/4 | C63: 1 | D63: x | E63: 1 | F63: 200 | G63: 3.75 | H63: 0.05 | I63: =ROUND(IF(AND(F63:H63),C63*E63*F63*G63*H63,IF(AND(F63,G63),C63*E63*F63*G63,IF(AND(F63,H63),C63*E63*F63*H63,IF(AND(G63,H63),C63*E63*G63*H63,IF(F63,C63*E63*F63,IF(G63,C63*E63*G63,IF(H63,C63*E63*H63,C63*E63))))))),2) -> 37.5 | J63: Cum
B64: Km 1/4 to 1/6 | C64: 1 | D64: x | E64: 1 | F64: 200 | G64: 3.75 | H64: 0.05 | I64: =ROUND(IF(AND(F64:H64),C64*E64*F64*G64*H64,IF(AND(F64,G64),C64*E64*F64*G64,IF(AND(F64,H64),C64*E64*F64*H64,IF(AND(G64,H64),C64*E64*G64*H64,IF(F64,C64*E64*F64,IF(G64,C64*E64*G64,IF(H64,C64*E64*H64,C64*E64))))))),2) -> 37.5 | J64: Cum
B65: Km 1/6 to 1/8 | C65: 1 | D65: x | E65: 1 | F65: 200 | G65: 3.75 | H65: 0.05 | I65: =ROUND(IF(AND(F65:H65),C65*E65*F65*G65*H65,IF(AND(F65,G65),C65*E65*F65*G65,IF(AND(F65,H65),C65*E65*F65*H65,IF(AND(G65,H65),C65*E65*G65*H65,IF(F65,C65*E65*F65,IF(G65,C65*E65*G65,IF(H65,C65*E65*H65,C65*E65))))))),2) -> 37.5 | J65: Cum
B66: Km 1/8 to 2/0 | C66: 1 | D66: x | E66: 1 | F66: 200 | G66: 3.75 | H66: 0.05 | I66: =ROUND(IF(AND(F66:H66),C66*E66*F66*G66*H66,IF(AND(F66,G66),C66*E66*F66*G66,IF(AND(F66,H66),C66*E66*F66*H66,IF(AND(G66,H66),C66*E66*G66*H66,IF(F66,C66*E66*F66,IF(G66,C66*E66*G66,IF(H66,C66*E66*H66,C66*E66))))))),2) -> 37.5 | J66: Cum
B67: Km 2/0 to 2/0 + 137 | C67: 1 | D67: x | E67: 1 | F67: =#REF! -> #REF! | G67: 3.75 | H67: 0.05 | I67: =ROUND(IF(AND(F67:H67),C67*E67*F67*G67*H67,IF(AND(F67,G67),C67*E67*F67*G67,IF(AND(F67,H67),C67*E67*F67*H67,IF(AND(G67,H67),C67*E67*G67*H67,IF(F67,C67*E67*F67,IF(G67,C67*E67*G67,IF(H67,C67*E67*H67,C67*E67))))))),2) -> #REF! | J67: Cum
J69: Cum | K69: ='data 2025-26'!H179 -> 10500.24 | L69: 1Cum | M69: =ROUND(I69*K69/1,0) -> 0
A70: 8 | B70: Providing and laying semi dense bituminous concrete with 40-60 TPH batch type HMP producing an average output of 37.5 tonnes per hour using crushed aggregates of specified grading, premixed with bituminous binder @ 4.5 to 5 per cent of mix and filler, transporting the hot mix to work site, laying with a hydrostatic paver finisher with sensor control to the required grade, level and alignment, rolling with smooth wheeled, vibratory and tandem rollers to achieve the desired compaction as per MoRTH specification clause No. 508 complete in all respects
B71: =B57 -> Km 0/0 to 1/6 + 80 | C71: 1 | D71: x | E71: 1 | F71: =F57 -> 1680 | G71: 3.75 | H71: 0.025 | I71: =ROUND(IF(AND(F71:H71),C71*E71*F71*G71*H71,IF(AND(F71,G71),C71*E71*F71*G71,IF(AND(F71,H71),C71*E71*F71*H71,IF(AND(G71,H71),C71*E71*G71*H71,IF(F71,C71*E71*F71,IF(G71,C71*E71*G71,IF(H71,C71*E71*H71,C71*E71))))))),2) -> 157.5 | J71: Cum
I73: =SUM(I71:I72) -> 157.5 | J73: Cum | K73: ='data 2025-26'!H212 -> 11856.57 | L73: 1Cum | M73: =ROUND(I73*K73/1,0) -> 1867410
A74: 9 | B74: Construction of improved shoulders by provided selected earth having minimum CBR of 10% MD not less than 1.85 G/CC with LL & PI not more than 40% and 20 respectively and spreading in uniform layers with tractor grader on prepared surface and compacted at OMC with vibratory roller 80-100 KN to meet requirement of table 00.2 with as per technical specification clause 303 MORD, 305 MORTH by using machinery
B75: =B71 -> Km 0/0 to 1/6 + 80 | C75: 1 | D75: x | E75: 2 | F75: =F71 -> 1680 | G75: 1 | H75: 0.27 | I75: =ROUND(IF(AND(F75:H75),C75*E75*F75*G75*H75,IF(AND(F75,G75),C75*E75*F75*G75,IF(AND(F75,H75),C75*E75*F75*H75,IF(AND(G75,H75),C75*E75*G75*H75,IF(F75,C75*E75*F75,IF(G75,C75*E75*G75,IF(H75,C75*E75*H75,C75*E75))))))),2) -> 907.2 | J75: Cum
I77: =SUM(I75:I76) -> 907.2 | J77: Cum | K77: ='data 2025-26'!H228 -> 384.05 | L77: 1Cum | M77: =ROUND(I77*K77/1,0) -> 348410
A78: 14 | B78: Plain cement concrete for cc pavement over a prepared sub base, with 43 grade cement or any other type as per Clause 1501.2.2 M20 (Grade), coarse and fine aggregates conforming to IS : 383, mixed in a concrete mixer of not less than 0.2 cum capacity and appropriate weigh batcher , laid in approved fixed side formwork (laying and fixing of 125 micron thick polythene film, wedges, including levelling the formwork as per drawing), spreading the concrete with sholvels, rakes, compacted using needle and plate vibrators and finished in continuous operation including provision of joints, curing of concrete slabs for 14- days, and water finishing to lines and grade as per drawing and Technical Specification Clause 1501 MORD
B79: Extension of Existing cc road at Km 0/8 +152 to 1/0+ 55 | C79: 1 | D79: x | E79: 1 | F79: 103 | G79: 4 | H79: 0.17 | I79: =ROUND(IF(AND(F79:H79),C79*E79*F79*G79*H79,IF(AND(F79,G79),C79*E79*F79*G79,IF(AND(F79,H79),C79*E79*F79*H79,IF(AND(G79,H79),C79*E79*G79*H79,IF(F79,C79*E79*F79,IF(G79,C79*E79*G79,IF(H79,C79*E79*H79,C79*E79))))))),2) -> 70.04 | J79: Cum
J81: Cum | K81: ='CD WORK DATA'!H223 -> 7873.37 | L81: 1Cum | M81: =ROUND(I81*K81/1,0) -> 0
B83: Total | M83: =SUM(M7:M82) -> 9379904
G88: ='lead 2025-26'!$G$37 -> Deputy Executive Engineer | L88: ='lead 2025-26'!J37 -> Assistant Engineer
G89: ='lead 2025-26'!$G$38 -> PRI Sub Division: Kanigiri | L89: ='lead 2025-26'!J38 -> Mandal Praja Parishad
L90: ='lead 2025-26'!J39 -> Pamuru

Sheet SUB-1
A1: SUB ESTIMATE-1
A2: ='lead 2025-26'!B3 -> Name of the work : | C2: ='lead 2025-26'!C3 -> Providing BT Surface to the road from Inimerla SC colony to National Highway at Nuchupoda in Inimerla GP of Pamuru Mandal.
A3: Name of the Sub work : | C3: Construction of 3 rows of 1000mm dia vented road dam @ Km 1/0 to 1/2
A4: Sl. No | B4: Description of Item | C4: No. | F4: Measurements | I4: Quantity | K4: Rate | L4: Per | M4: Amount Rs.
F5: L | G5: B | H5: D
A6: 1 | B6: 2 | C6: 3 | F6: 4 | G6: 5 | H6: 6 | I6: 7 | K6: 8 | L6: 9 | M6: 10
A7: 1 | B7: Dismantling of cement concrete pavements by mechanical means using pneumatic tools breaking to pieces not exceeding 0.02 cum in volume and stock piling at designated locations and disposal of dismantled materials upto a lead of 1000 m, stacking serviceable and unserviceable materials separately. | N7: =N76 -> 0 | O7: =N73 -> 0
B8: RCC slab | C8: 1 | D8: x | E8: 1 | F8: 6 | G8: 2.9 | H8: 0.2 | I8: =ROUND(IF(AND(F8:H8),C8*E8*F8*G8*H8,IF(AND(F8,G8),C8*E8*F8*G8,IF(AND(F8,H8),C8*E8*F8*H8,IF(AND(G8,H8),C8*E8*G8*H8,IF(F8,C8*E8*F8,IF(G8,C8*E8*G8,IF(H8,C8*E8*H8,C8*E8))))))),2) -> 3.48 | J8: Cum
J10: Cum | K10: ='CD WORK DATA'!H15 -> 1526.01 | L10: 1Cum | M10: =ROUND(I10*K10/1,0) -> 0
A11: 2 | B11: Dismantling of existing structures comprising of stone masonry, including disposal of unserviceable material and stacking the serviceable material with all lifts and lead of 1000 m as per Technical Specification Clause 202 MORD / MORTH | N11: =N80 -> 0 | O11: =N77 -> 0
B12: RCC slab | C12: 1 | D12: x | E12: 2 | F12: 6 | G12: 0.45 | H12: 0.6 | I12: =ROUND(IF(AND(F12:H12),C12*E12*F12*G12*H12,IF(AND(F12,G12),C12*E12*F12*G12,IF(AND(F12,H12),C12*E12*F12*H12,IF(AND(G12,H12),C12*E12*G12*H12,IF(F12,C12*E12*F12,IF(G12,C12*E12*G12,IF(H12,C12*E12*H12,C12*E12))))))),2) -> 3.24 | J12: Cum
J14: Cum | K14: ='CD WORK DATA'!H26 -> 500.62 | L14: 1Cum | M14: =ROUND(I14*K14/1,0) -> 0
A15: 3 | B15: Earthwork in excavation for structures as per drawing and technical specifications Clause 305.1 including setting out, construction of shoring and bracing, removal of stumps and other deleterious material and disposal upto a lead of 50 m, dressing of sides and bottom and backfilling in trenches with excavated suitable material as per Technical Specification 305 MORD / 304 MORTH
B16: Pipe portion | C16: 1 | D16: x | E16: 1 | F16: 5.6 | G16: 5.3 | H16: 1 | I16: =ROUND(IF(AND(F16:H16),C16*E16*F16*G16*H16,IF(AND(F16,G16),C16*E16*F16*G16,IF(AND(F16,H16),C16*E16*F16*H16,IF(AND(G16,H16),C16*E16*G16*H16,IF(F16,C16*E16*F16,IF(G16,C16*E16*G16,IF(H16,C16*E16*H16,C16*E16))))))),2) -> 29.68 | J16: Cum
B17: Body walls | C17: 2 | D17: x | E17: 1 | F17: 20 | G17: 1.1 | H17: 1.3 | I17: =ROUND(IF(AND(F17:H17),C17*E17*F17*G17*H17,IF(AND(F17,G17),C17*E17*F17*G17,IF(AND(F17,H17),C17*E17*F17*H17,IF(AND(G17,H17),C17*E17*G17*H17,IF(F17,C17*E17*F17,IF(G17,C17*E17*G17,IF(H17,C17*E17*H17,C17*E17))))))),2) -> 57.2 | J17: Cum | O17: =Abstract!M21 -> 805500
J19: Cum | K19: ='CD WORK DATA'!H37 -> 126.69 | L19: 1Cum | M19: =ROUND(I19*K19/1,0) -> 0
A20: 4 | B20: Providing concrete for plain concrete M10 Grade in open foundations using 40 mm nominal size Graded hard stone aggregate, mechanically mixed, placed in foundation and compacted by vibration including curing for 14 days complete as per drawings and technical specifications Clause 802, 803, 1202 & 1203 MORD and 1500, 1700 & 2100 MORTH | N20: =N70 -> 0 | O20: =N67 -> 0
B21: Pipe portion | C21: 1 | D21: x | E21: 1 | F21: =$F$16 -> 5.6 | G21: 5.3 | H21: 0.3 | I21: =ROUND(IF(AND(F21:H21),C21*E21*F21*G21*H21,IF(AND(F21,G21),C21*E21*F21*G21,IF(AND(F21,H21),C21*E21*F21*H21,IF(AND(G21,H21),C21*E21*G21*H21,IF(F21,C21*E21*F21,IF(G21,C21*E21*G21,IF(H21,C21*E21*H21,C21*E21))))))),2) -> 8.9 | J21: Cum
B22: Body walls | C22: 2 | D22: x | E22: 1 | F22: =$F$17 -> 20 | G22: 1.1 | H22: 0.3 | I22: =ROUND(IF(AND(F22:H22),C22*E22*F22*G22*H22,IF(AND(F22,G22),C22*E22*F22*G22,IF(AND(F22,H22),C22*E22*F22*H22,IF(AND(G22,H22),C22*E22*G22*H22,IF(F22,C22*E22*F22,IF(G22,C22*E22*G22,IF(H22,C22*E22*H22,C22*E22))))))),2) -> 13.2 | J22: Cum
B23: Encasement of pipes | C23: 1 | D23: x | E23: 1 | F23: =$F$16 -> 5.6 | G23: 5.76+6.48/2 | H23: 1.4 | I23: =ROUND(C23*E23*F23*H23*(5.76+6.48)/2,2) -> 47.98 | J23: Cum
B24: Deduct pipe portion | C24: 3 | D24: x | E24: 0.785 | F24: 5.76+6.48/2 | G24: 1.2 | H24: 1.2 | I24: =-ROUND(C24*E24*G24*H24*(5.76+6.48)/2,2) -> -20.75 | J24: Cum
J26: Cum | K26: ='CD WORK DATA'!H54 -> 5600.99 | L26: 1Cum | M26: =ROUND(I26*K26/1,0) -> 0
A27: 5 | B27: Providing and laying reinforced cement concrete pipe 1000 dia NP3 for culverts on first class bedding of granular material but excluding excavation, protection works, backfilling, concrete and masonry works in head wall and parapets. Tech Specification Clause 1106 MORD. | N27: =N70 -> 0 | O27: =N67 -> 0
C28: 3 | D28: x | E28: 3 | F28: 2.5 | G28: 0 | H28: 0 | I28: =ROUND(IF(AND(F28:H28),C28*E28*F28*G28*H28,IF(AND(F28,G28),C28*E28*F28*G28,IF(AND(F28,H28),C28*E28*F28*H28,IF(AND(G28,H28),C28*E28*G28*H28,IF(F28,C28*E28*F28,IF(G28,C28*E28*G28,IF(H28,C28*E28*H28,C28*E28))))))),2) -> 22.5 | J28: Rm
J30: Rm | K30: ='CD WORK DATA'!H164 -> 9006.27 | L30: 1Rm | M30: =ROUND(I30*K30/1,0) -> 0
A31: 6 | B31: Plain cement concrete M 15 grade using 40,20 & 12mm metal mechanically mixed in Open foundations complete as per drawings and technical specification Clauses 802, 804, 805, 806, 807, 1202 and 1204 MORD and 1500, 1700 & 2200 MORTH | N31: =N75 -> 0 | O31: =N72 -> 0
B32: Body walls | C32: 1 | D32: x | E32: 2 | F32: =$F$17 -> 20 | G32: 1.1 | H32: 0.3 | I32: =ROUND(IF(AND(F32:H32),C32*E32*F32*G32*H32,IF(AND(F32,G32),C32*E32*F32*G32,IF(AND(F32,H32),C32*E32*F32*H32,IF(AND(G32,H32),C32*E32*G32*H32,IF(F32,C32*E32*F32,IF(G32,C32*E32*G32,IF(H32,C32*E32*H32,C32*E32))))))),2) -> 13.2 | J32: Cum
B33: Body walls | C33: 1 | D33: x | E33: 2 | F33: =$F$17 -> 20 | G33: 0.90+0.45/2 | H33: 1.4 | I33: =ROUND(C33*E33*F33*H33*(0.9+0.45)/2,2) -> 37.8 | J33: Cum
B34: Deduct pipe portion | C34: 6 | D34: x | E34: 0.785 | F34: 1.2 | G34: 0.87+0.51/2 | H34: 1.2 | I34: =-ROUND(C34*E34*F34*H34*(0.87+0.51)/2,2) -> -4.68 | J34: Cum
B35: Parapet wall | C35: 1 | D35: x | E35: 2 | F35: =$F$16 -> 5.6 | G35: 0.23 | H35: 0.6 | I35: =ROUND(IF(AND(F35:H35),C35*E35*F35*G35*H35,IF(AND(F35,G35),C35*E35*F35*G35,IF(AND(F35,H35),C35*E35*F35*H35,IF(AND(G35,H35),C35*E35*G35*H35,IF(F35,C35*E35*F35,IF(G35,C35*E35*G35,IF(H35,C35*E35*H35,C35*E35))))))),2) -> 1.55 | J35: Cum
J37: Cum | K37: ='CD WORK DATA'!H74 -> 5954.56 | L37: 1Cum | M37: =ROUND(I37*K37/1,0) -> 0
A38: 4 | B38: Providing RCC M-25 grade cement concrete using using 20 mm to 12 mm Graded HBG crushed Metal ( 66% of 20 mm and 34% of 12mm )s from approved source including cost of all ,materials, machinery, labour, formwork, scaffolding,placing in position, levelling, vibrating, finishing, curing etc., complete with initial lead upto 50 m and all lifts. for Guide Posts | N38: =N81 -> 0 | O38: =N78 -> 0
C39: 14 | D39: x | E39: 0.785 | F39: 0.2 | G39: 0.2 | H39: 0.6 | I39: =ROUND(IF(AND(F39:H39),C39*E39*F39*G39*H39,IF(AND(F39,G39),C39*E39*F39*G39,IF(AND(F39,H39),C39*E39*F39*H39,IF(AND(G39,H39),C39*E39*G39*H39,IF(F39,C39*E39*F39,IF(G39,C39*E39*G39,IF(H39,C39*E39*H39,C39*E39))))))),2) -> 0.26 | J39: Cum
C40: 14 | D40: x | E40: 0.785 | F40: 0.2 | G40: 0.2 | H40: 0.6 | I40: =ROUND(IF(AND(F40:H40),C40*E40*F40*G40*H40,IF(AND(F40,G40),C40*E40*F40*G40,IF(AND(F40,H40),C40*E40*F40*H40,IF(AND(G40,H40),C40*E40*G40*H40,IF(F40,C40*E40*F40,IF(G40,C40*E40*G40,IF(H40,C40*E40*H40,C40*E40))))))),2) -> 0.26 | J40: Cum
J42: Cum | K42: ='CD WORK DATA'!H114 -> 7542 | L42: 1Cum | M42: =ROUND(I42*K42/1,0) -> 0
A43: 8 | B43: Supplying, fitting and placing HYSD bar reinforcement in foundation complete as per drawings and technical specifications Clauses 1000 and 1202 MORD & 1100, 1600 MORTH for Bars below 36 mm dia including over laps and wastage, where they are not welded.
B44: Guide posts | I44: =ROUND((I42*0.2)/0.38,2) -> 0 | J44: MT
I46: =SUM(I44:I45) -> 0 | J46: MT | K46: ='CD WORK DATA'!H147 -> 86540.55 | L46: 1MT | M46: =ROUND(I46*K46,0) -> 0
A47: 5 | B47: Filling with selected earth in trenches, sides of foundations & basement by watering and ramming including cost and conveyance of material and labour charges etc complete for finished item of the work (APSS No 309& 310) per 1 Cum
B48: Inbetween body walls | C48: 1 | D48: x | E48: 2 | F48: 2 | G48: 6.3+5.1/2 | H48: 0.7 | I48: =ROUND(C48*E48*F48*H48*(6.3+5.1)/2,2) -> 15.96 | J48: Cum
J50: Cum | K50: ='CD WORK DATA'!H189 -> 279.78 | L50: 1Cum | M50: =ROUND(I50*K50,0) -> 0
A51: 6 | B51: Plain cement concrete for cc pavement over a prepared sub base, with 43 grade cement or any other type as per Clause 1501.2.2 M20 (Grade), coarse and fine aggregates conforming to IS : 383, mixed in a concrete mixer of not less than 0.2 cum capacity and appropriate weigh batcher , laid in approved fixed side formwork (laying and fixing of 125 micron thick polythene film, wedges, including levelling the formwork as per drawing), spreading the concrete with sholvels, rakes, compacted using needle and plate vibrators and finished in continuous operation including provision of joints, curing of concrete slabs for 14- days, and water finishing to lines and grade as per drawing and Technical Specification Clause 1501 MORD
B52: inbetween body walls | C52: 1 | D52: x | E52: 1 | F52: =F48 -> 2 | G52: 7.5 | H52: 0.17 | I52: =ROUND(IF(AND(F52:H52),C52*E52*F52*G52*H52,IF(AND(F52,G52),C52*E52*F52*G52,IF(AND(F52,H52),C52*E52*F52*H52,IF(AND(G52,H52),C52*E52*G52*H52,IF(F52,C52*E52*F52,IF(G52,C52*E52*G52,IF(H52,C52*E52*H52,C52*E52))))))),2) -> 2.55 | J52: Cum
B53: inbetween body walls | C53: 1 | D53: x | E53: 1 | F53: 10 | G53: 7.5 | H53: 0.17 | I53: =ROUND(IF(AND(F53:H53),C53*E53*F53*G53*H53,IF(AND(F53,G53),C53*E53*F53*G53,IF(AND(F53,H53),C53*E53*F53*H53,IF(AND(G53,H53),C53*E53*G53*H53,IF(F53,C53*E53*F53,IF(G53,C53*E53*G53,IF(H53,C53*E53*H53,C53*E53))))))),2) -> 12.75 | J53: Cum
J55: Cum | K55: ='CD WORK DATA'!H223 -> 7873.37 | L55: 1Cum | M55: =ROUND(I55*K55/1,0) -> 0
A56: 7 | B56: Unskilled labour for Curing of CC Pavament
I57: =I55 -> 0 | J57: Cum
J59: Cum | K59: 150 | L59: 1Cum | M59: =ROUND(I59*K59/1,0) -> 0
B61: Total | M61: =SUM(M7:M60) -> 0
G66: ='lead 2025-26'!$G$37 -> Deputy Executive Engineer | L66: ='lead 2025-26'!J37 -> Assistant Engineer
G67: ='lead 2025-26'!$G$38 -> PRI Sub Division: Kanigiri | L67: ='lead 2025-26'!J38 -> Mandal Praja Parishad
L68: ='lead 2025-26'!J39 -> Pamuru

Sheet SUB-2
A1: SUB ESTIMATE-2
A2: ='lead 2025-26'!B3 -> Name of the work : | C2: ='lead 2025-26'!C3 -> Providing BT Surface to the road from Inimerla SC colony to National Highway at Nuchupoda in Inimerla GP of Pamuru Mandal.
A3: Name of the Sub work : | C3: Construction of 2 rows of 1000mm dia vented road dam @ 2/8 to 3/0 & 3/2 to 3/4.
A5: Sl. No | B5: Description of Item | C5: No. | F5: Measurements | I5: Quantity | K5: Rate | L5: Per | M5: Amount Rs.
F6: L | G6: B | H6: D
A7: 1 | B7: 2 | C7: 3 | F7: 4 | G7: 5 | H7: 6 | I7: 7 | K7: 8 | L7: 9 | M7: 10
A8: 1 | B8: Earthwork in excavation for structures as per drawing and technical specifications Clause 305.1 including setting out, construction of shoring and bracing, removal of stumps and other deleterious material and disposal upto a lead of 50 m, dressing of sides and bottom and backfilling in trenches with excavated suitable material as per Technical Specification 305 MORD / 304 MORTH
B9: Pipe portion | C9: 1 | D9: x | E9: 1 | F9: 3.9 | G9: 5.3 | H9: 1 | I9: =ROUND(IF(AND(F9:H9),C9*E9*F9*G9*H9,IF(AND(F9,G9),C9*E9*F9*G9,IF(AND(F9,H9),C9*E9*F9*H9,IF(AND(G9,H9),C9*E9*G9*H9,IF(F9,C9*E9*F9,IF(G9,C9*E9*G9,IF(H9,C9*E9*H9,C9*E9))))))),2) -> 20.67 | J9: Cum
B10: Body walls | C10: 2 | D10: x | E10: 1 | F10: 4.9 | G10: 1.1 | H10: 1.3 | I10: =ROUND(IF(AND(F10:H10),C10*E10*F10*G10*H10,IF(AND(F10,G10),C10*E10*F10*G10,IF(AND(F10,H10),C10*E10*F10*H10,IF(AND(G10,H10),C10*E10*G10*H10,IF(F10,C10*E10*F10,IF(G10,C10*E10*G10,IF(H10,C10*E10*H10,C10*E10))))))),2) -> 14.01 | J10: Cum
B12: Pipe portion | C12: 1 | D12: x | E12: 1 | F12: 3.9 | G12: 5.3 | H12: 1 | I12: =ROUND(IF(AND(F12:H12),C12*E12*F12*G12*H12,IF(AND(F12,G12),C12*E12*F12*G12,IF(AND(F12,H12),C12*E12*F12*H12,IF(AND(G12,H12),C12*E12*G12*H12,IF(F12,C12*E12*F12,IF(G12,C12*E12*G12,IF(H12,C12*E12*H12,C12*E12))))))),2) -> 20.67 | J12: Cum
B13: Body walls | C13: 2 | D13: x | E13: 1 | F13: 4.9 | G13: 1.1 | H13: 1.3 | I13: =ROUND(IF(AND(F13:H13),C13*E13*F13*G13*H13,IF(AND(F13,G13),C13*E13*F13*G13,IF(AND(F13,H13),C13*E13*F13*H13,IF(AND(G13,H13),C13*E13*G13*H13,IF(F13,C13*E13*F13,IF(G13,C13*E13*G13,IF(H13,C13*E13*H13,C13*E13))))))),2) -> 14.01 | J13: Cum
J15: Cum | K15: ='CD WORK DATA'!H37 -> 126.69 | L15: 1Cum | M15: =ROUND(I15*K15/1,0) -> 0
A16: 2 | B16: Providing concrete for plain concrete M10 Grade in open foundations using 40 mm nominal size Graded hard stone aggregate, mechanically mixed, placed in foundation and compacted by vibration including curing for 14 days complete as per drawings and technical specifications Clause 802, 803, 1202 & 1203 MORD and 1500, 1700 & 2100 MORTH | N16: =N72 -> 0 | O16: =N69 -> 0
B17: Pipe portion | C17: 1 | D17: x | E17: 1 | F17: 3.9 | G17: 5.3 | H17: 0.3 | I17: =ROUND(IF(AND(F17:H17),C17*E17*F17*G17*H17,IF(AND(F17,G17),C17*E17*F17*G17,IF(AND(F17,H17),C17*E17*F17*H17,IF(AND(G17,H17),C17*E17*G17*H17,IF(F17,C17*E17*F17,IF(G17,C17*E17*G17,IF(H17,C17*E17*H17,C17*E17))))))),2) -> 6.2 | J17: Cum
B18: Body walls | C18: 2 | D18: x | E18: 1 | F18: 4.9 | G18: 1.1 | H18: 0.3 | I18: =ROUND(IF(AND(F18:H18),C18*E18*F18*G18*H18,IF(AND(F18,G18),C18*E18*F18*G18,IF(AND(F18,H18),C18*E18*F18*H18,IF(AND(G18,H18),C18*E18*G18*H18,IF(F18,C18*E18*F18,IF(G18,C18*E18*G18,IF(H18,C18*E18*H18,C18*E18))))))),2) -> 3.23 | J18: Cum
B19: Encasement of pipes | C19: 1 | D19: x | E19: 1 | F19: =F17 -> 3.9 | G19: 5.76+6.48/2 | H19: 1.4 | I19: =ROUND(C19*E19*F19*H19*(5.76+6.48)/2,2) -> 33.42 | J19: Cum
B20: Deduct pipe portion | C20: 2 | D20: x | E20: 0.785 | F20: 5.76+6.48/2 | G20: 1.2 | H20: 1.2 | I20: =-ROUND(C20*E20*G20*H20*(5.76+6.48)/2,2) -> -13.84 | J20: Cum
B22: Pipe portion | C22: 1 | D22: x | E22: 1 | F22: 3.9 | G22: 5.3 | H22: 0.3 | I22: =ROUND(IF(AND(F22:H22),C22*E22*F22*G22*H22,IF(AND(F22,G22),C22*E22*F22*G22,IF(AND(F22,H22),C22*E22*F22*H22,IF(AND(G22,H22),C22*E22*G22*H22,IF(F22,C22*E22*F22,IF(G22,C22*E22*G22,IF(H22,C22*E22*H22,C22*E22))))))),2) -> 6.2 | J22: Cum
B23: Body walls | C23: 2 | D23: x | E23: 1 | F23: 4.9 | G23: 1.1 | H23: 0.3 | I23: =ROUND(IF(AND(F23:H23),C23*E23*F23*G23*H23,IF(AND(F23,G23),C23*E23*F23*G23,IF(AND(F23,H23),C23*E23*F23*H23,IF(AND(G23,H23),C23*E23*G23*H23,IF(F23,C23*E23*F23,IF(G23,C23*E23*G23,IF(H23,C23*E23*H23,C23*E23))))))),2) -> 3.23 | J23: Cum
B24: Encasement of pipes | C24: 1 | D24: x | E24: 1 | F24: 3.9 | G24: 5.76+6.48/2 | H24: 1.4 | I24: =ROUND(C24*E24*F24*H24*(5.76+6.48)/2,2) -> 33.42 | J24: Cum
B25: Deduct pipe portion | C25: 2 | D25: x | E25: 0.785 | F25: 5.76+6.48/2 | G25: 1.2 | H25: 1.2 | I25: =-ROUND(C25*E25*G25*H25*(5.76+6.48)/2,2) -> -13.84 | J25: Cum
J27: Cum | K27: ='CD WORK DATA'!H54 -> 5600.99 | L27: 1Cum | M27: =ROUND(I27*K27/1,0) -> 0
A28: 3 | B28: Providing and laying reinforced cement concrete pipe 1000 dia NP3 for culverts on first class bedding of granular material but excluding excavation, protection works, backfilling, concrete and masonry works in head wall and parapets. Tech Specification Clause 1106 MORD. | N28: =N72 -> 0 | O28: =N69 -> 0
C29: 2 | D29: x | E29: 3 | F29: 2.5 | G29: 0 | H29: 0 | I29: =ROUND(IF(AND(F29:H29),C29*E29*F29*G29*H29,IF(AND(F29,G29),C29*E29*F29*G29,IF(AND(F29,H29),C29*E29*F29*H29,IF(AND(G29,H29),C29*E29*G29*H29,IF(F29,C29*E29*F29,IF(G29,C29*E29*G29,IF(H29,C29*E29*H29,C29*E29))))))),2) -> 15 | J29: Rm
C30: 2 | D30: x | E30: 3 | F30: 2.5 | G30: 0 | H30: 0 | I30: =ROUND(IF(AND(F30:H30),C30*E30*F30*G30*H30,IF(AND(F30,G30),C30*E30*F30*G30,IF(AND(F30,H30),C30*E30*F30*H30,IF(AND(G30,H30),C30*E30*G30*H30,IF(F30,C30*E30*F30,IF(G30,C30*E30*G30,IF(H30,C30*E30*H30,C30*E30))))))),2) -> 15 | J30: Rm
J32: Rm | K32: ='CD WORK DATA'!H164 -> 9006.27 | L32: 1Rm | M32: =ROUND(I32*K32/1,0) -> 0
A33: 4 | B33: Plain cement concrete M 15 grade using 40,20 & 12mm metal mechanically mixed in Open foundations complete as per drawings and technical specification Clauses 802, 804, 805, 806, 807, 1202 and 1204 MORD and 1500, 1700 & 2200 MORTH | N33: =N77 -> 0 | O33: =N74 -> 0
B34: Body walls | C34: 1 | D34: x | E34: 2 | F34: 4.9 | G34: 1.1 | H34: 0.3 | I34: =ROUND(IF(AND(F34:H34),C34*E34*F34*G34*H34,IF(AND(F34,G34),C34*E34*F34*G34,IF(AND(F34,H34),C34*E34*F34*H34,IF(AND(G34,H34),C34*E34*G34*H34,IF(F34,C34*E34*F34,IF(G34,C34*E34*G34,IF(H34,C34*E34*H34,C34*E34))))))),2) -> 3.23 | J34: Cum
B35: Body walls | C35: 1 | D35: x | E35: 2 | F35: 4.9 | G35: 0.90+0.45/2 | H35: 1.4 | I35: =ROUND(C35*E35*F35*H35*(0.9+0.45)/2,2) -> 9.26 | J35: Cum
B36: Deduct pipe portion | C36: 4 | D36: x | E36: 0.785 | F36: 1.2 | G36: 0.87+0.51/2 | H36: 1.2 | I36: =-ROUND(C36*E36*F36*H36*(0.87+0.51)/2,2) -> -3.12 | J36: Cum
B37: Parapet wall | C37: 1 | D37: x | E37: 2 | F37: 3.9 | G37: 0.23 | H37: 0.6 | I37: =ROUND(IF(AND(F37:H37),C37*E37*F37*G37*H37,IF(AND(F37,G37),C37*E37*F37*G37,IF(AND(F37,H37),C37*E37*F37*H37,IF(AND(G37,H37),C37*E37*G37*H37,IF(F37,C37*E37*F37,IF(G37,C37*E37*G37,IF(H37,C37*E37*H37,C37*E37))))))),2) -> 1.08 | J37: Cum
B39: Body walls | C39: 1 | D39: x | E39: 2 | F39: 4.9 | G39: 1.1 | H39: 0.3 | I39: =ROUND(IF(AND(F39:H39),C39*E39*F39*G39*H39,IF(AND(F39,G39),C39*E39*F39*G39,IF(AND(F39,H39),C39*E39*F39*H39,IF(AND(G39,H39),C39*E39*G39*H39,IF(F39,C39*E39*F39,IF(G39,C39*E39*G39,IF(H39,C39*E39*H39,C39*E39))))))),2) -> 3.23 | J39: Cum
B40: Body walls | C40: 1 | D40: x | E40: 2 | F40: 4.9 | G40: 0.90+0.45/2 | H40: 1.4 | I40: =ROUND(C40*E40*F40*H40*(0.9+0.45)/2,2) -> 9.26 | J40: Cum
B41: Deduct pipe portion | C41: 4 | D41: x | E41: 0.785 | F41: 1.2 | G41: 0.87+0.51/2 | H41: 1.2 | I41: =-ROUND(C41*E41*F41*H41*(0.87+0.51)/2,2) -> -3.12 | J41: Cum
B42: Parapet wall | C42: 1 | D42: x | E42: 2 | F42: 3.9 | G42: 0.23 | H42: 0.6 | I42: =ROUND(IF(AND(F42:H42),C42*E42*F42*G42*H42,IF(AND(F42,G42),C42*E42*F42*G42,IF(AND(F42,H42),C42*E42*F42*H42,IF(AND(G42,H42),C42*E42*G42*H42,IF(F42,C42*E42*F42,IF(G42,C42*E42*G42,IF(H42,C42*E42*H42,C42*E42))))))),2) -> 1.08 | J42: Cum
J44: Cum | K44: ='CD WORK DATA'!H74 -> 5954.56 | L44: 1Cum | M44: =ROUND(I44*K44/1,0) -> 0
A45: 5 | B45: Providing RCC M-25 grade cement concrete using using 20 mm to 12 mm Graded HBG crushed Metal ( 66% of 20 mm and 34% of 12mm )s from approved source including cost of all ,materials, machinery, labour, formwork, scaffolding,placing in position, levelling, vibrating, finishing, curing etc., complete with initial lead upto 50 m and all lifts. for Guide Posts | N45: =N83 -> 0 | O45: =N80 -> 0
C46: 20 | D46: x | E46: 0.785 | F46: 0.2 | G46: 0.2 | H46: 0.6 | I46: =ROUND(IF(AND(F46:H46),C46*E46*F46*G46*H46,IF(AND(F46,G46),C46*E46*F46*G46,IF(AND(F46,H46),C46*E46*F46*H46,IF(AND(G46,H46),C46*E46*G46*H46,IF(F46,C46*E46*F46,IF(G46,C46*E46*G46,IF(H46,C46*E46*H46,C46*E46))))))),2) -> 0.38 | J46: Cum
J48: Cum | K48: ='CD WORK DATA'!H114 -> 7542 | L48: 1Cum | M48: =ROUND(I48*K48/1,0) -> 0
A49: 6 | B49: Supplying, fitting and placing HYSD bar reinforcement in foundation complete as per drawings and technical specifications Clauses 1000 and 1202 MORD & 1100, 1600 MORTH for Bars below 36 mm dia including over laps and wastage, where they are not welded.
B50: Guide posts | I50: =ROUND((I48*0.2)/0.38,2) -> 0 | J50: MT
I52: =SUM(I50:I51) -> 0 | J52: MT | K52: ='CD WORK DATA'!H147 -> 86540.55 | L52: 1MT | M52: =ROUND(I52*K52,0) -> 0
A53: 7 | B53: Filling with selected earth in trenches, sides of foundations & basement by watering and ramming including cost and conveyance of material and labour charges etc complete for finished item of the work (APSS No 309& 310) per 1 Cum
B54: Inbetween body walls | C54: 1 | D54: x | E54: 1 | F54: =#REF! -> #REF! | G54: 6.3+5.1/2 | H54: 0.7 | I54: =ROUND(C54*E54*F54*H54*(6.3+5.1)/2,2) -> #REF! | J54: Cum
B55: Deduct pipe portion | C55: 1 | D55: x | E55: 1 | F55: =F20 -> 5.76+6.48/2 | G55: 6.3+5.1/2 | H55: 0.7 | I55: =-ROUND(C55*E55*F55*H55*(6.3+5.1)/2,2) -> #VALUE! | J55: Cum
J57: Cum | K57: ='CD WORK DATA'!H189 -> 279.78 | L57: 1Cum | M57: =ROUND(I57*K57,0) -> 0
A58: 8 | B58: Plain cement concrete for cc pavement over a prepared sub base, with 43 grade cement or any other type as per Clause 1501.2.2 M20 (Grade), coarse and fine aggregates conforming to IS : 383, mixed in a concrete mixer of not less than 0.2 cum capacity and appropriate weigh batcher , laid in approved fixed side formwork (laying and fixing of 125 micron thick polythene film, wedges, including levelling the formwork as per drawing), spreading the concrete with sholvels, rakes, compacted using needle and plate vibrators and finished in continuous operation including provision of joints, curing of concrete slabs for 14- days, and water finishing to lines and grade as per drawing and Technical Specification Clause 1501 MORD
B59: inbetween body walls | C59: 1 | D59: x | E59: 1 | F59: =F54 -> #REF! | G59: 7.5 | H59: 0.17 | I59: =ROUND(IF(AND(F59:H59),C59*E59*F59*G59*H59,IF(AND(F59,G59),C59*E59*F59*G59,IF(AND(F59,H59),C59*E59*F59*H59,IF(AND(G59,H59),C59*E59*G59*H59,IF(F59,C59*E59*F59,IF(G59,C59*E59*G59,IF(H59,C59*E59*H59,C59*E59))))))),2) -> #REF! | J59: Cum
J61: Cum | K61: ='CD WORK DATA'!H223 -> 7873.37 | L61: 1Cum | M61: =ROUND(I61*K61/1,0) -> 0
B63: Total | M63: =SUM(M8:M62) -> 0
G68: ='lead 2025-26'!$G$37 -> Deputy Executive Engineer | L68: ='lead 2025-26'!J37 -> Assistant Engineer
G69: ='lead 2025-26'!$G$38 -> PRI Sub Division: Kanigiri | L69: ='lead 2025-26'!J38 -> Mandal Praja Parishad
L70: ='lead 2025-26'!J39 -> Pamuru

Sheet SUB-3
A1: SUB ESTIMATE-1
A2: ='lead 2025-26'!B3 -> Name of the work : | C2: ='lead 2025-26'!C3 -> Providing BT Surface to the road from Inimerla SC colony to National Highway at Nuchupoda in Inimerla GP of Pamuru Mandal.
A3: Name of the Sub work : | C3: Construction of 1 row of 1000mm dia Pipe culvert - 3 Nos
A5: Sl. No | B5: Description of Item | C5: No. | F5: Measurements | I5: Quantity | K5: Rate | L5: Per | M5: Amount Rs.
F6: L | G6: B | H6: D
A7: 1 | B7: 2 | C7: 3 | F7: 4 | G7: 5 | H7: 6 | I7: 7 | K7: 8 | L7: 9 | M7: 10
A8: 1 | B8: Earthwork in excavation for structures as per drawing and technical specifications Clause 305.1 including setting out, construction of shoring and bracing, removal of stumps and other deleterious material and disposal upto a lead of 50 m, dressing of sides and bottom and backfilling in trenches with excavated suitable material as per Technical Specification 305 MORD / 304 MORTH
B9: Pipe portion | C9: 1 | D9: x | E9: 3 | F9: =(1*1.2)+(2*0.2) -> 1.6 | G9: 5.3 | H9: 1 | I9: =ROUND(IF(AND(F9:H9),C9*E9*F9*G9*H9,IF(AND(F9,G9),C9*E9*F9*G9,IF(AND(F9,H9),C9*E9*F9*H9,IF(AND(G9,H9),C9*E9*G9*H9,IF(F9,C9*E9*F9,IF(G9,C9*E9*G9,IF(H9,C9*E9*H9,C9*E9))))))),2) -> 25.44 | J9: Cum
B10: Body walls | C10: 2 | D10: x | E10: 3 | F10: 5 | G10: 1.1 | H10: 1.6 | I10: =ROUND(IF(AND(F10:H10),C10*E10*F10*G10*H10,IF(AND(F10,G10),C10*E10*F10*G10,IF(AND(F10,H10),C10*E10*F10*H10,IF(AND(G10,H10),C10*E10*G10*H10,IF(F10,C10*E10*F10,IF(G10,C10*E10*G10,IF(H10,C10*E10*H10,C10*E10))))))),2) -> 52.8 | J10: Cum
I12: =SUM(I9:I11) -> 78.24 | J12: Cum | K12: ='CD WORK DATA'!H37 -> 126.69 | L12: 1Cum | M12: =ROUND(I12*K12/1,0) -> 9912
A13: 2 | B13: Providing concrete for plain concrete M10 Grade in open foundations using 40 mm nominal size Graded hard stone aggregate, mechanically mixed, placed in foundation and compacted by vibration including curing for 14 days complete as per drawings and technical specifications Clause 802, 803, 1202 & 1203 MORD and 1500, 1700 & 2100 MORTH | N13: =N60 -> 0 | O13: =N57 -> 0
B14: Pipe portion | C14: 1 | D14: x | E14: 3 | F14: =F9 -> 1.6 | G14: =G9 -> 5.3 | H14: 0.3 | I14: =ROUND(IF(AND(F14:H14),C14*E14*F14*G14*H14,IF(AND(F14,G14),C14*E14*F14*G14,IF(AND(F14,H14),C14*E14*F14*H14,IF(AND(G14,H14),C14*E14*G14*H14,IF(F14,C14*E14*F14,IF(G14,C14*E14*G14,IF(H14,C14*E14*H14,C14*E14))))))),2) -> 7.63 | J14: Cum
B15: Body walls | C15: 2 | D15: x | E15: 3 | F15: =F10 -> 5 | G15: =G10 -> 1.1 | H15: 0.3 | I15: =ROUND(IF(AND(F15:H15),C15*E15*F15*G15*H15,IF(AND(F15,G15),C15*E15*F15*G15,IF(AND(F15,H15),C15*E15*F15*H15,IF(AND(G15,H15),C15*E15*G15*H15,IF(F15,C15*E15*F15,IF(G15,C15*E15*G15,IF(H15,C15*E15*H15,C15*E15))))))),2) -> 9.9 | J15: Cum
B17: Encasement of pipes | D17: x | E17: 1 | F17: =F9 -> 1.6 | G17: 6.6 | H17: 1.35 | I17: =ROUND(IF(AND(F17:H17),C17*E17*F17*G17*H17,IF(AND(F17,G17),C17*E17*F17*G17,IF(AND(F17,H17),C17*E17*F17*H17,IF(AND(G17,H17),C17*E17*G17*H17,IF(F17,C17*E17*F17,IF(G17,C17*E17*G17,IF(H17,C17*E17*H17,C17*E17))))))),2) -> 0 | J17: Cum
B18: Deduct pipe portion | D18: x | E18: 0.785 | F18: =G17 -> 6.6 | G18: 1.2 | H18: 1.2 | I18: =-ROUND(IF(AND(F18:H18),C18*E18*F18*G18*H18,IF(AND(F18,G18),C18*E18*F18*G18,IF(AND(F18,H18),C18*E18*F18*H18,IF(AND(G18,H18),C18*E18*G18*H18,IF(F18,C18*E18*F18,IF(G18,C18*E18*G18,IF(H18,C18*E18*H18,C18*E18))))))),2) -> 0 | J18: Cum
B20: Inbetween body walls | D20: x | E20: 1 | F20: =F15 -> 5 | G20: 6.6 | H20: 0.15 | I20: =ROUND(IF(AND(F20:H20),C20*E20*F20*G20*H20,IF(AND(F20,G20),C20*E20*F20*G20,IF(AND(F20,H20),C20*E20*F20*H20,IF(AND(G20,H20),C20*E20*G20*H20,IF(F20,C20*E20*F20,IF(G20,C20*E20*G20,IF(H20,C20*E20*H20,C20*E20))))))),2) -> 0 | J20: Cum
I22: =SUM(I14:I21) -> 17.53 | J22: Cum | K22: ='CD WORK DATA'!H54 -> 5600.99 | L22: 1Cum | M22: =ROUND(I22*K22/1,0) -> 98185
A23: 3 | B23: Providing and laying reinforced cement concrete pipe 1000 dia NP3 for culverts on first class bedding of granular material but excluding excavation, protection works, backfilling, concrete and masonry works in head wall and parapets. Tech Specification Clause 1106 MORD. | N23: =N60 -> 0 | O23: =N57 -> 0
C24: 3 | D24: x | E24: 3 | F24: 2.5 | G24: 0 | H24: 0 | I24: =ROUND(IF(AND(F24:H24),C24*E24*F24*G24*H24,IF(AND(F24,G24),C24*E24*F24*G24,IF(AND(F24,H24),C24*E24*F24*H24,IF(AND(G24,H24),C24*E24*G24*H24,IF(F24,C24*E24*F24,IF(G24,C24*E24*G24,IF(H24,C24*E24*H24,C24*E24))))))),2) -> 22.5 | J24: Rm
I26: =SUM(I24:I25) -> 22.5 | J26: Rm | K26: ='CD WORK DATA'!H164 -> 9006.27 | L26: 1Rm | M26: =ROUND(I26*K26/1,0) -> 202641
A27: 4 | B27: Plain cement concrete M 15 grade using 40,20 & 12mm metal mechanically mixed in Open foundations complete as per drawings and technical specification Clauses 802, 804, 805, 806, 807, 1202 and 1204 MORD and 1500, 1700 & 2200 MORTH | N27: =N65 -> 0 | O27: =N62 -> 0
B28: Body walls | C28: 3 | D28: x | E28: 2 | F28: =$F$10 -> 5 | G28: 0.9 | H28: 0.6 | I28: =ROUND(IF(AND(F28:H28),C28*E28*F28*G28*H28,IF(AND(F28,G28),C28*E28*F28*G28,IF(AND(F28,H28),C28*E28*F28*H28,IF(AND(G28,H28),C28*E28*G28*H28,IF(F28,C28*E28*F28,IF(G28,C28*E28*G28,IF(H28,C28*E28*H28,C28*E28))))))),2) -> 16.2 | J28: Cum
B29: Body walls | C29: 3 | D29: x | E29: 2 | F29: =$F$10 -> 5 | G29: 0.90+0.45/2 | H29: 1.5 | I29: =ROUND(C29*E29*F29*H29*(0.9+0.45)/2,2) -> 30.38 | J29: Cum
B30: Deduct pipe portion | C30: 6 | D30: x | E30: 0.785 | F30: 1.2 | G30: 1.2 | H30: =H29/2 -> 0.75 | I30: =-ROUND(IF(AND(F30:H30),C30*E30*F30*G30*H30,IF(AND(F30,G30),C30*E30*F30*G30,IF(AND(F30,H30),C30*E30*F30*H30,IF(AND(G30,H30),C30*E30*G30*H30,IF(F30,C30*E30*F30,IF(G30,C30*E30*G30,IF(H30,C30*E30*H30,C30*E30))))))),2) -> -5.09 | J30: Cum
I32: =SUM(I28:I31) -> 41.49 | J32: Cum | K32: ='CD WORK DATA'!H74 -> 5954.56 | L32: 1Cum | M32: =ROUND(I32*K32/1,0) -> 247055
A33: 5 | B33: Providing RCC M-25 grade cement concrete using using 20 mm to 12 mm Graded HBG crushed Metal ( 66% of 20 mm and 34% of 12mm )s from approved source including cost of all ,materials, machinery, labour, formwork, scaffolding,placing in position, levelling, vibrating, finishing, curing etc., complete with initial lead upto 50 m and all lifts. for Guide Posts | N33: =N71 -> 0 | O33: =N68 -> 0
C34: 6 | D34: x | E34: 0.785 | F34: 0.2 | G34: 0.2 | H34: 0.6 | I34: =ROUND(IF(AND(F34:H34),C34*E34*F34*G34*H34,IF(AND(F34,G34),C34*E34*F34*G34,IF(AND(F34,H34),C34*E34*F34*H34,IF(AND(G34,H34),C34*E34*G34*H34,IF(F34,C34*E34*F34,IF(G34,C34*E34*G34,IF(H34,C34*E34*H34,C34*E34))))))),2) -> 0.11 | J34: Cum
J36: Cum | K36: ='CD WORK DATA'!H114 -> 7542 | L36: 1Cum | M36: =ROUND(I36*K36/1,0) -> 0
A37: 6 | B37: Supplying, fitting and placing HYSD bar reinforcement in foundation complete as per drawings and technical specifications Clauses 1000 and 1202 MORD & 1100, 1600 MORTH for Bars below 36 mm dia including over laps and wastage, where they are not welded.
B38: Guide posts | I38: =ROUND((I36*0.2)/0.38,2) -> 0 | J38: MT
I40: =SUM(I38:I39) -> 0 | J40: MT | K40: ='CD WORK DATA'!H147 -> 86540.55 | L40: 1MT | M40: =ROUND(I40*K40,0) -> 0
A41: 5 | B41: Filling with selected earth in trenches, sides of foundations & basement by watering and ramming including cost and conveyance of material and labour charges etc complete for finished item of the work (APSS No 309& 310) per 1 Cum
B42: Inbetween body walls | C42: 3 | D42: x | E42: 1 | F42: =F29 -> 5 | G42: 6.3+5.1/2 | H42: 0.7 | I42: =ROUND(C42*E42*F42*H42*(6.3+5.1)/2,2) -> 59.85 | J42: Cum
B43: Deduct pipe portion | C43: 3 | D43: x | E43: 1 | F43: =F17 -> 1.6 | G43: 6.3+5.1/2 | H43: 0.7 | I43: =-ROUND(C43*E43*F43*H43*(6.3+5.1)/2,2) -> -19.15 | J43: Cum
I45: =SUM(I42:I44) -> 40.7 | J45: Cum | K45: ='CD WORK DATA'!H189 -> 279.78 | L45: 1Cum | M45: =ROUND(I45*K45,0) -> 11387
A46: 8 | B46: Plain cement concrete for cc pavement over a prepared sub base, with 43 grade cement or any other type as per Clause 1501.2.2 M20 (Grade), coarse and fine aggregates conforming to IS : 383, mixed in a concrete mixer of not less than 0.2 cum capacity and appropriate weigh batcher , laid in approved fixed side formwork (laying and fixing of 125 micron thick polythene film, wedges, including levelling the formwork as per drawing), spreading the concrete with sholvels, rakes, compacted using needle and plate vibrators and finished in continuous operation including provision of joints, curing of concrete slabs for 14- days, and water finishing to lines and grade as per drawing and Technical Specification Clause 1501 MORD
B47: inbetween body walls | C47: 1 | D47: x | E47: 1 | F47: =F42 -> 5 | G47: 7.5 | H47: 0.17 | I47: =ROUND(IF(AND(F47:H47),C47*E47*F47*G47*H47,IF(AND(F47,G47),C47*E47*F47*G47,IF(AND(F47,H47),C47*E47*F47*H47,IF(AND(G47,H47),C47*E47*G47*H47,IF(F47,C47*E47*F47,IF(G47,C47*E47*G47,IF(H47,C47*E47*H47,C47*E47))))))),2) -> 6.38 | J47: Cum
J49: Cum | K49: ='CD WORK DATA'!H223 -> 7873.37 | L49: 1Cum | M49: =ROUND(I49*K49/1,0) -> 0
B51: Total | M51: =SUM(M8:M50) -> 569180
G56: ='lead 2025-26'!$G$37 -> Deputy Executive Engineer | L56: ='lead 2025-26'!J37 -> Assistant Engineer
G57: ='lead 2025-26'!$G$38 -> PRI Sub Division: Kanigiri | L57: ='lead 2025-26'!J38 -> Mandal Praja Parishad
L58: ='lead 2025-26'!J39 -> Pamuru

Sheet SUB-4
A1: SUB ESTIMATE-4
A2: ='lead 2025-26'!B3 -> Name of the work : | C2: ='lead 2025-26'!C3 -> Providing BT Surface to the road from Inimerla SC colony to National Highway at Nuchupoda in Inimerla GP of Pamuru Mandal.
A3: Name of the Sub work : | C3: Construction of 1 row of 1000mm dia Pipe culvert @ 1/2 to 1/4.
A5: Sl. No | B5: Description of Item | C5: No. | F5: Measurements | I5: Quantity | K5: Rate | L5: Per | M5: Amount Rs.
F6: L | G6: B | H6: D
A7: 1 | B7: 2 | C7: 3 | F7: 4 | G7: 5 | H7: 6 | I7: 7 | K7: 8 | L7: 9 | M7: 10
A8: 1 | B8: Earthwork in excavation for structures as per drawing and technical specifications Clause 305.1 including setting out, construction of shoring and bracing, removal of stumps and other deleterious material and disposal upto a lead of 50 m, dressing of sides and bottom and backfilling in trenches with excavated suitable material as per Technical Specification 305 MORD / 304 MORTH
B9: Pipe portion | C9: 1 | D9: x | E9: 1 | F9: =(1*1.2)+(2*0.2) -> 1.6 | G9: 5.3 | H9: 1 | I9: =ROUND(IF(AND(F9:H9),C9*E9*F9*G9*H9,IF(AND(F9,G9),C9*E9*F9*G9,IF(AND(F9,H9),C9*E9*F9*H9,IF(AND(G9,H9),C9*E9*G9*H9,IF(F9,C9*E9*F9,IF(G9,C9*E9*G9,IF(H9,C9*E9*H9,C9*E9))))))),2) -> 8.48 | J9: Cum
B10: Body walls | C10: 2 | D10: x | E10: 1 | F10: 5 | G10: 1.1 | H10: 1.6 | I10: =ROUND(IF(AND(F10:H10),C10*E10*F10*G10*H10,IF(AND(F10,G10),C10*E10*F10*G10,IF(AND(F10,H10),C10*E10*F10*H10,IF(AND(G10,H10),C10*E10*G10*H10,IF(F10,C10*E10*F10,IF(G10,C10*E10*G10,IF(H10,C10*E10*H10,C10*E10))))))),2) -> 17.6 | J10: Cum
J12: Cum | K12: ='CD WORK DATA'!H37 -> 126.69 | L12: 1Cum | M12: =ROUND(I12*K12/1,0) -> 0
A13: 2 | B13: Providing concrete for plain concrete M10 Grade in open foundations using 40 mm nominal size Graded hard stone aggregate, mechanically mixed, placed in foundation and compacted by vibration including curing for 14 days complete as per drawings and technical specifications Clause 802, 803, 1202 & 1203 MORD and 1500, 1700 & 2100 MORTH | N13: =N60 -> 0 | O13: =N57 -> 0
B14: Pipe portion | C14: 1 | D14: x | E14: 1 | F14: =F9 -> 1.6 | G14: =G9 -> 5.3 | H14: 0.3 | I14: =ROUND(IF(AND(F14:H14),C14*E14*F14*G14*H14,IF(AND(F14,G14),C14*E14*F14*G14,IF(AND(F14,H14),C14*E14*F14*H14,IF(AND(G14,H14),C14*E14*G14*H14,IF(F14,C14*E14*F14,IF(G14,C14*E14*G14,IF(H14,C14*E14*H14,C14*E14))))))),2) -> 2.54 | J14: Cum
B15: Body walls | C15: 2 | D15: x | E15: 1 | F15: =F10 -> 5 | G15: =G10 -> 1.1 | H15: 0.3 | I15: =ROUND(IF(AND(F15:H15),C15*E15*F15*G15*H15,IF(AND(F15,G15),C15*E15*F15*G15,IF(AND(F15,H15),C15*E15*F15*H15,IF(AND(G15,H15),C15*E15*G15*H15,IF(F15,C15*E15*F15,IF(G15,C15*E15*G15,IF(H15,C15*E15*H15,C15*E15))))))),2) -> 3.3 | J15: Cum
B17: Encasement of pipes | C17: 1 | D17: x | E17: 1 | F17: =F9 -> 1.6 | G17: 6.6 | H17: 1.35 | I17: =ROUND(IF(AND(F17:H17),C17*E17*F17*G17*H17,IF(AND(F17,G17),C17*E17*F17*G17,IF(AND(F17,H17),C17*E17*F17*H17,IF(AND(G17,H17),C17*E17*G17*H17,IF(F17,C17*E17*F17,IF(G17,C17*E17*G17,IF(H17,C17*E17*H17,C17*E17))))))),2) -> 14.26 | J17: Cum
B18: Deduct pipe portion | C18: 1 | D18: x | E18: 0.785 | F18: =G17 -> 6.6 | G18: 1.2 | H18: 1.2 | I18: =-ROUND(IF(AND(F18:H18),C18*E18*F18*G18*H18,IF(AND(F18,G18),C18*E18*F18*G18,IF(AND(F18,H18),C18*E18*F18*H18,IF(AND(G18,H18),C18*E18*G18*H18,IF(F18,C18*E18*F18,IF(G18,C18*E18*G18,IF(H18,C18*E18*H18,C18*E18))))))),2) -> -7.46 | J18: Cum
B20: Inbetween body walls | C20: 1 | D20: x | E20: 1 | F20: =F15 -> 5 | G20: 6.6 | H20: 0.15 | I20: =ROUND(IF(AND(F20:H20),C20*E20*F20*G20*H20,IF(AND(F20,G20),C20*E20*F20*G20,IF(AND(F20,H20),C20*E20*F20*H20,IF(AND(G20,H20),C20*E20*G20*H20,IF(F20,C20*E20*F20,IF(G20,C20*E20*G20,IF(H20,C20*E20*H20,C20*E20))))))),2) -> 4.95 | J20: Cum
J22: Cum | K22: ='CD WORK DATA'!H54 -> 5600.99 | L22: 1Cum | M22: =ROUND(I22*K22/1,0) -> 0
A23: 3 | B23: Providing and laying reinforced cement concrete pipe 1000 dia NP3 for culverts on first class bedding of granular material but excluding excavation, protection works, backfilling, concrete and masonry works in head wall and parapets. Tech Specification Clause 1106 MORD. | N23: =N60 -> 0 | O23: =N57 -> 0
C24: 1 | D24: x | E24: 3 | F24: 2.5 | G24: 0 | H24: 0 | I24: =ROUND(IF(AND(F24:H24),C24*E24*F24*G24*H24,IF(AND(F24,G24),C24*E24*F24*G24,IF(AND(F24,H24),C24*E24*F24*H24,IF(AND(G24,H24),C24*E24*G24*H24,IF(F24,C24*E24*F24,IF(G24,C24*E24*G24,IF(H24,C24*E24*H24,C24*E24))))))),2) -> 7.5 | J24: Rm
J26: Rm | K26: ='CD WORK DATA'!H164 -> 9006.27 | L26: 1Rm | M26: =ROUND(I26*K26/1,0) -> 0
A27: 4 | B27: Plain cement concrete M 15 grade using 40,20 & 12mm metal mechanically mixed in Open foundations complete as per drawings and technical specification Clauses 802, 804, 805, 806, 807, 1202 and 1204 MORD and 1500, 1700 & 2200 MORTH | N27: =N65 -> 0 | O27: =N62 -> 0
B28: Body walls | C28: 1 | D28: x | E28: 2 | F28: =$F$10 -> 5 | G28: 0.9 | H28: 0.6 | I28: =ROUND(IF(AND(F28:H28),C28*E28*F28*G28*H28,IF(AND(F28,G28),C28*E28*F28*G28,IF(AND(F28,H28),C28*E28*F28*H28,IF(AND(G28,H28),C28*E28*G28*H28,IF(F28,C28*E28*F28,IF(G28,C28*E28*G28,IF(H28,C28*E28*H28,C28*E28))))))),2) -> 5.4 | J28: Cum
B29: Body walls | C29: 1 | D29: x | E29: 2 | F29: =$F$10 -> 5 | G29: 0.90+0.45/2 | H29: 1.5 | I29: =ROUND(C29*E29*F29*H29*(0.9+0.45)/2,2) -> 10.13 | J29: Cum
B30: Deduct pipe portion | C30: 2 | D30: x | E30: 0.785 | F30: 1.2 | G30: 1.2 | H30: =H29/2 -> 0.75 | I30: =-ROUND(IF(AND(F30:H30),C30*E30*F30*G30*H30,IF(AND(F30,G30),C30*E30*F30*G30,IF(AND(F30,H30),C30*E30*F30*H30,IF(AND(G30,H30),C30*E30*G30*H30,IF(F30,C30*E30*F30,IF(G30,C30*E30*G30,IF(H30,C30*E30*H30,C30*E30))))))),2) -> -1.7 | J30: Cum
J32: Cum | K32: ='CD WORK DATA'!H74 -> 5954.56 | L32: 1Cum | M32: =ROUND(I32*K32/1,0) -> 0
A33: 5 | B33: Providing RCC M-25 grade cement concrete using using 20 mm to 12 mm Graded HBG crushed Metal ( 66% of 20 mm and 34% of 12mm )s from approved source including cost of all ,materials, machinery, labour, formwork, scaffolding,placing in position, levelling, vibrating, finishing, curing etc., complete with initial lead upto 50 m and all lifts. for Guide Posts | N33: =N71 -> 0 | O33: =N68 -> 0
C34: 6 | D34: x | E34: 0.785 | F34: 0.2 | G34: 0.2 | H34: 0.6 | I34: =ROUND(IF(AND(F34:H34),C34*E34*F34*G34*H34,IF(AND(F34,G34),C34*E34*F34*G34,IF(AND(F34,H34),C34*E34*F34*H34,IF(AND(G34,H34),C34*E34*G34*H34,IF(F34,C34*E34*F34,IF(G34,C34*E34*G34,IF(H34,C34*E34*H34,C34*E34))))))),2) -> 0.11 | J34: Cum
J36: Cum | K36: ='CD WORK DATA'!H114 -> 7542 | L36: 1Cum | M36: =ROUND(I36*K36/1,0) -> 0
A37: 6 | B37: Supplying, fitting and placing HYSD bar reinforcement in foundation complete as per drawings and technical specifications Clauses 1000 and 1202 MORD & 1100, 1600 MORTH for Bars below 36 mm dia including over laps and wastage, where they are not welded.
B38: Guide posts | I38: =ROUND((I36*0.2)/0.38,2) -> 0 | J38: MT
I40: =SUM(I38:I39) -> 0 | J40: MT | K40: ='CD WORK DATA'!H147 -> 86540.55 | L40: 1MT | M40: =ROUND(I40*K40,0) -> 0
A41: 7 | B41: Filling with selected earth in trenches, sides of foundations & basement by watering and ramming including cost and conveyance of material and labour charges etc complete for finished item of the work (APSS No 309& 310) per 1 Cum
B42: Inbetween body walls | C42: 1 | D42: x | E42: 1 | F42: =F29 -> 5 | G42: 6.3+5.1/2 | H42: 0.7 | I42: =ROUND(C42*E42*F42*H42*(6.3+5.1)/2,2) -> 19.95 | J42: Cum
B43: Deduct pipe portion | C43: 1 | D43: x | E43: 1 | F43: =F17 -> 1.6 | G43: 6.3+5.1/2 | H43: 0.7 | I43: =-ROUND(C43*E43*F43*H43*(6.3+5.1)/2,2) -> -6.38 | J43: Cum
J45: Cum | K45: ='CD WORK DATA'!H189 -> 279.78 | L45: 1Cum | M45: =ROUND(I45*K45,0) -> 0
A46: 8 | B46: Plain cement concrete for cc pavement over a prepared sub base, with 43 grade cement or any other type as per Clause 1501.2.2 M20 (Grade), coarse and fine aggregates conforming to IS : 383, mixed in a concrete mixer of not less than 0.2 cum capacity and appropriate weigh batcher , laid in approved fixed side formwork (laying and fixing of 125 micron thick polythene film, wedges, including levelling the formwork as per drawing), spreading the concrete with sholvels, rakes, compacted using needle and plate vibrators and finished in continuous operation including provision of joints, curing of concrete slabs for 14- days, and water finishing to lines and grade as per drawing and Technical Specification Clause 1501 MORD
B47: inbetween body walls | C47: 1 | D47: x | E47: 1 | F47: =F42 -> 5 | G47: 7.5 | H47: 0.17 | I47: =ROUND(IF(AND(F47:H47),C47*E47*F47*G47*H47,IF(AND(F47,G47),C47*E47*F47*G47,IF(AND(F47,H47),C47*E47*F47*H47,IF(AND(G47,H47),C47*E47*G47*H47,IF(F47,C47*E47*F47,IF(G47,C47*E47*G47,IF(H47,C47*E47*H47,C47*E47))))))),2) -> 6.38 | J47: Cum
J49: Cum | K49: ='CD WORK DATA'!H223 -> 7873.37 | L49: 1Cum | M49: =ROUND(I49*K49/1,0) -> 0
B51: Total | M51: =SUM(M8:M50) -> 0
G56: ='lead 2025-26'!$G$37 -> Deputy Executive Engineer | L56: ='lead 2025-26'!J37 -> Assistant Engineer
G57: ='lead 2025-26'!$G$38 -> PRI Sub Division: Kanigiri | L57: ='lead 2025-26'!J38 -> Mandal Praja Parishad
L58: ='lead 2025-26'!J39 -> Pamuru

Sheet sub-5
A1: SUB ESTIMATE-5
A2: ='lead 2025-26'!B3 -> Name of the work : | C2: ='lead 2025-26'!C3 -> Providing BT Surface to the road from Inimerla SC colony to National Highway at Nuchupoda in Inimerla GP of Pamuru Mandal.
A3: Name of the Sub work : | C3: Construction of 1 row of 600mm dia Pipe culvert @ 1/6 to 1/8.
A5: Sl. No | B5: Description of Item | C5: No. | F5: Measurements | I5: Quantity | K5: Rate | L5: Per | M5: Amount Rs.
F6: L | G6: B | H6: D
A7: 1 | B7: 2 | C7: 3 | F7: 4 | G7: 5 | H7: 6 | I7: 7 | K7: 8 | L7: 9 | M7: 10
A8: 1 | B8: Earthwork in excavation for structures as per drawing and technical specifications Clause 305.1 including setting out, construction of shoring and bracing, removal of stumps and other deleterious material and disposal upto a lead of 50 m, dressing of sides and bottom and backfilling in trenches with excavated suitable material as per Technical Specification 305 MORD / 304 MORTH
B9: Pipe portion | C9: 1 | D9: x | E9: 1 | F9: =(1*0.75)+(2*0.2) -> 1.15 | G9: 5.3 | H9: 0.9 | I9: =ROUND(IF(AND(F9:H9),C9*E9*F9*G9*H9,IF(AND(F9,G9),C9*E9*F9*G9,IF(AND(F9,H9),C9*E9*F9*H9,IF(AND(G9,H9),C9*E9*G9*H9,IF(F9,C9*E9*F9,IF(G9,C9*E9*G9,IF(H9,C9*E9*H9,C9*E9))))))),2) -> 5.49 | J9: Cum
J11: Cum | K11: ='CD WORK DATA'!H37 -> 126.69 | L11: 1Cum | M11: =ROUND(I11*K11/1,0) -> 0
A12: 2 | B12: Providing concrete for plain concrete M10 Grade in open foundations using 40 mm nominal size Graded hard stone aggregate, mechanically mixed, placed in foundation and compacted by vibration including curing for 14 days complete as per drawings and technical specifications Clause 802, 803, 1202 & 1203 MORD and 1500, 1700 & 2100 MORTH | N12: =N33 -> 0 | O12: =N30 -> 0
B13: Pipe portion | C13: 1 | D13: x | E13: 1 | F13: =F9 -> 1.15 | G13: =G9 -> 5.3 | H13: 0.15 | I13: =ROUND(IF(AND(F13:H13),C13*E13*F13*G13*H13,IF(AND(F13,G13),C13*E13*F13*G13,IF(AND(F13,H13),C13*E13*F13*H13,IF(AND(G13,H13),C13*E13*G13*H13,IF(F13,C13*E13*F13,IF(G13,C13*E13*G13,IF(H13,C13*E13*H13,C13*E13))))))),2) -> 0.91 | J13: Cum
B15: Encasement of pipes | C15: 1 | D15: x | E15: 1 | F15: =F9 -> 1.15 | G15: 6.6 | H15: 1.35 | I15: =ROUND(IF(AND(F15:H15),C15*E15*F15*G15*H15,IF(AND(F15,G15),C15*E15*F15*G15,IF(AND(F15,H15),C15*E15*F15*H15,IF(AND(G15,H15),C15*E15*G15*H15,IF(F15,C15*E15*F15,IF(G15,C15*E15*G15,IF(H15,C15*E15*H15,C15*E15))))))),2) -> 10.25 | J15: Cum
B16: Deduct pipe portion | C16: 1 | D16: x | E16: 0.785 | F16: =G15 -> 6.6 | G16: 1.2 | H16: 1.2 | I16: =-ROUND(IF(AND(F16:H16),C16*E16*F16*G16*H16,IF(AND(F16,G16),C16*E16*F16*G16,IF(AND(F16,H16),C16*E16*F16*H16,IF(AND(G16,H16),C16*E16*G16*H16,IF(F16,C16*E16*F16,IF(G16,C16*E16*G16,IF(H16,C16*E16*H16,C16*E16))))))),2) -> -7.46 | J16: Cum
J18: Cum | K18: ='CD WORK DATA'!H54 -> 5600.99 | L18: 1Cum | M18: =ROUND(I18*K18/1,0) -> 0
A19: 3 | B19: Providing and laying reinforced cement concrete pipe 600 dia NP3 for culverts on first class bedding of granular material but excluding excavation, protection works, backfilling, concrete and masonry works in head wall and parapets. Tech Specification Clause 1106 MORD. | N19: =N33 -> 0 | O19: =N30 -> 0
C20: 1 | D20: x | E20: 3 | F20: 2.5 | G20: 0 | H20: 0 | I20: =ROUND(IF(AND(F20:H20),C20*E20*F20*G20*H20,IF(AND(F20,G20),C20*E20*F20*G20,IF(AND(F20,H20),C20*E20*F20*H20,IF(AND(G20,H20),C20*E20*G20*H20,IF(F20,C20*E20*F20,IF(G20,C20*E20*G20,IF(H20,C20*E20*H20,C20*E20))))))),2) -> 7.5 | J20: Rm
J22: Rm | K22: ='CD WORK DATA'!H182 -> 3804.82 | L22: 1Rm | M22: =ROUND(I22*K22/1,0) -> 0
B24: Total | M24: =SUM(M8:M23) -> 0
G29: ='lead 2025-26'!$G$37 -> Deputy Executive Engineer | L29: ='lead 2025-26'!J37 -> Assistant Engineer
G30: ='lead 2025-26'!$G$38 -> PRI Sub Division: Kanigiri | L30: ='lead 2025-26'!J38 -> Mandal Praja Parishad
L31: ='lead 2025-26'!J39 -> Pamuru

Sheet sub-6
A1: SUB ESTIMATE-2
A2: ='lead 2025-26'!B3 -> Name of the work : | C2: ='lead 2025-26'!C3 -> Providing BT Surface to the road from Inimerla SC colony to National Highway at Nuchupoda in Inimerla GP of Pamuru Mandal.
A3: Name of the Sub work : | C3: Construction of Road Safety interventions
A5: Sl. No | B5: Description of Item | C5: No. | F5: Measurements | I5: Quantity | K5: Rate | L5: Per | M5: Amount Rs.
F6: L | G6: B | H6: D
A7: 1 | B7: 2 | C7: 3 | F7: 4 | G7: 5 | H7: 6 | I7: 7 | K7: 8 | L7: 9 | M7: 10
A8: 1 | B8: Supply and fixing of KM Stones including painting and required lettering.
B9: KM stones | C9: 1 | D9: x | E9: 3 | F9: 0 | G9: 0 | H9: 0 | I9: =ROUND(IF(AND(F9:H9),C9*E9*F9*G9*H9,IF(AND(F9,G9),C9*E9*F9*G9,IF(AND(F9,H9),C9*E9*F9*H9,IF(AND(G9,H9),C9*E9*G9*H9,IF(F9,C9*E9*F9,IF(G9,C9*E9*G9,IF(H9,C9*E9*H9,C9*E9))))))),2) -> 3 | J9: No
I11: =SUM(I9:I10) -> 3 | J11: No | K11: ='Data Road safety'!G136 -> 3148.81 | L11: 1Cum | M11: =ROUND(I11*K11/1,0) -> 9446
A12: 2 | B12: Supply and fixing of HM Stones including painting and required lettering.
B13: HM stones | C13: 1 | D13: x | E13: 7 | F13: 0 | G13: 0 | H13: 0 | I13: =ROUND(IF(AND(F13:H13),C13*E13*F13*G13*H13,IF(AND(F13,G13),C13*E13*F13*G13,IF(AND(F13,H13),C13*E13*F13*H13,IF(AND(G13,H13),C13*E13*G13*H13,IF(F13,C13*E13*F13,IF(G13,C13*E13*G13,IF(H13,C13*E13*H13,C13*E13))))))),2) -> 7 | J13: No
I15: =SUM(I13:I14) -> 7 | J15: No | K15: ='Data Road safety'!G160 -> 883.73 | L15: 1Cum | M15: =ROUND(I15*K15/1,0) -> 6186
A16: 3 | B16: Providing and fixing of retro-reflectorised cautionary,mandatory and informatory sign as per IRC:67 made of encapsulated lens type reflective sheeting vide clause 1701.2.3 MORD fixed over aluminium sheeting 1.50 mm thick supported on a mild steel iron post 75mmx75 mm x6 mm firmly fixed to the ground by means of properly designed foundation with M15 cement concrete 450mm x450mmx600 mm,600 mm below ground level as per drawings and technical specification clause 1701 MORD
B17: Sign board | C17: 1 | D17: x | E17: 2 | F17: 0 | G17: 0 | H17: 0 | I17: =ROUND(IF(AND(F17:H17),C17*E17*F17*G17*H17,IF(AND(F17,G17),C17*E17*F17*G17,IF(AND(F17,H17),C17*E17*F17*H17,IF(AND(G17,H17),C17*E17*G17*H17,IF(F17,C17*E17*F17,IF(G17,C17*E17*G17,IF(H17,C17*E17*H17,C17*E17))))))),2) -> 2 | J17: No
J19: No | K19: ='Data Road safety'!G184 -> 2623.842 | L19: 1Sqm | M19: =ROUND(I19*K19/1,0) -> 0
A20: 4 | B20: Providing and erecting direction and place identification of retroreflective reflective sign boards as per as per IRC 67 made of 2 mm thick MS sheet duly stove enameled paint white colour in front and grey colour on back with reflective border of 70mm width& required message letters & figures with reflective tape engineering grade as per MoRD specifications of required shade & colour supported & welded on two numbers 47mmX47mmX12SWG sheet tube of 3050 mm height duly strengthened by 25 mm x 5 mm MS flat iron on edges on back firmly fixed to ground by mean of property designed foundation with M-20 grade cement concrete 450mmX600mmX600mm below ground level as per approved drawing clause 1701
B21: Main informatory Board | C21: 1 | D21: x | E21: 1 | F21: 1.5 | G21: 0 | H21: 1.2 | I21: =ROUND(IF(AND(F21:H21),C21*E21*F21*G21*H21,IF(AND(F21,G21),C21*E21*F21*G21,IF(AND(F21,H21),C21*E21*F21*H21,IF(AND(G21,H21),C21*E21*G21*H21,IF(F21,C21*E21*F21,IF(G21,C21*E21*G21,IF(H21,C21*E21*H21,C21*E21))))))),2) -> 1.8 | J21: Sqm
J23: Sqm | K23: ='Data Road safety'!G205 -> 2222.59 | L23: 1Sqm | M23: =ROUND(I23*K23/1,0) -> 0
A24: 5 | B24: Providing and erecting direction and place identification retro-reflective Village boards sign as per IRC:67 made of encapsulated lens type refective type sheeting vide clause 1701.2.3 MORD fixed over aluiminium sheeting,2 mm thick with area not exceeding 0.90 sqm supported on 47mmx47mmx12SWG sheet tube of 3050 mm height duly strengthned by 25mm x5mm MS flat iron on edges on black firmly fixed to ground by means of propoerly designed foundation with M15 grade cement concrete 450x600 mmx600 mm below groubd level as per drawings and technical specification clause 1701 MORD.
B25: Village board | C25: 2 | D25: x | E25: 1 | F25: 0.9 | G25: 0 | H25: 0.6 | I25: =ROUND(IF(AND(F25:H25),C25*E25*F25*G25*H25,IF(AND(F25,G25),C25*E25*F25*G25,IF(AND(F25,H25),C25*E25*F25*H25,IF(AND(G25,H25),C25*E25*G25*H25,IF(F25,C25*E25*F25,IF(G25,C25*E25*G25,IF(H25,C25*E25*H25,C25*E25))))))),2) -> 1.08 | J25: Sqm
J27: Sqm | K27: ='Data Road safety'!G227 -> 2222.6557 | L27: 1Sqm | M27: =ROUND(I27*K27/1,0) -> 0
A28: 3 | B28: Pavement markings with hot line applied Thermo plastic compound 2.50 mm thick including reflecting glass beads at 250 gms/sqm, thickness of 2.5mm is exclusive of surface applied glass beads for providing centerline marking 300 cms length and 10cm width with a gap of 450 cms including cost and convenyace of all materials equipment machinary and labour with all leads and lifts loading and unloading charges necessary for sucessful completion of work as directed by the Engineer-in-Charge and confirming to IS 164 - 1981 (1st revison reaffirmed in 1986) and clause 803 of MOST specification for roads and bridge works and also confirming to IRC 35 -1997
C29: 2 | D29: x | E29: 1 | F29: 1680 | G29: 0 | H29: 0.1 | I29: =ROUND(IF(AND(F29:H29),C29*E29*F29*G29*H29,IF(AND(F29,G29),C29*E29*F29*G29,IF(AND(F29,H29),C29*E29*F29*H29,IF(AND(G29,H29),C29*E29*G29*H29,IF(F29,C29*E29*F29,IF(G29,C29*E29*G29,IF(H29,C29*E29*H29,C29*E29))))))),2) -> 336 | J29: Sqm
I31: =SUM(I29:I30) -> 336 | J31: Sqm | K31: ='Data Road safety'!G232 -> 636.24 | L31: 1Sqm | M31: =ROUND(I31*K31/1,0) -> 213777
B33: Total | M33: =SUM(M8:M32) -> 229409
G38: ='lead 2025-26'!$G$37 -> Deputy Executive Engineer | L38: ='lead 2025-26'!J37 -> Assistant Engineer
G39: ='lead 2025-26'!$G$38 -> PRI Sub Division: Kanigiri | L39: ='lead 2025-26'!J38 -> Mandal Praja Parishad
L40: ='lead 2025-26'!J39 -> Pamuru

Sheet seigneorage
A1: SEIGNEORAGE STATEMENT
A2: ='lead 2025-26'!B3&'lead 2025-26'!C3 -> Name of the work : Providing BT Surface to the road from Inimerla SC colony to National Highway at Nuchupoda in Inimerla GP of Pamuru Mandal.
L3: Est Rs. | M3: ='lead 2025-26'!K4 -> 140.00 Lakhs
A4: S.No | B4: Description of Item | H4: Earth | I4: Sand | J4: Granular sub base | K4: 40mm Metal | L4: 20mm Metal | M4: 12mm Metal | N4: Other Metals | O4: Cement
A5: 5 | B5: Embankment | C5: Earth | D5: =MAIN!I21 -> 0 | G5: = | H5: =D5 -> 0
A6: 1 | B6: carted earthwork | C6: Earth | D6: =MAIN!I25 -> 3360 | G6: = | H6: =D6 -> 3360
A7: 2 | B7: Subgrade | C7: Earth | D7: =MAIN!I43 -> 0 | G7: = | H7: =D7 -> 0
A8: 2 | B8: Granular sub base | C8: Metal | D8: =MAIN!I47 -> 672 | E8: x | F8: 1.2 | G8: = | J8: =ROUND((D8*1.2)/1*1,2) -> 806.4
A9: 3 | B9: Wetmix | C9: Metal | D9: =MAIN!I51 -> 945 | E9: x | F9: 1.33 | G9: = | N9: =ROUND((D9*1.33)/1*1,2) -> 1256.85
A10: 5 | B10: BM | C10: Metal | D10: =MAIN!I69 -> 0 | E10: x | F10: 1.42 | G10: = | N10: =ROUND((D10*F10)/1*1,2) -> 0
A11: 4 | B11: SDBC | C11: Metal | D11: =MAIN!I73 -> 157.5 | E11: x | F11: =285/195 -> 1.4615385 | G11: = | N11: =ROUND((D11*1.46)/1*1,2) -> 229.95
A12: 5 | B12: Shoulders | C12: Earth | D12: =MAIN!I77 -> 907.2 | G12: = | H12: =D12 -> 907.2
A13: 8 | B13: CC Pavement M-20 | C13: Metal | D13: =MAIN!I81 -> 0 | E13: x | F13: 0.594 | G13: = | L13: =ROUND(D13*F13,2) -> 0 | O13: =ROUND(D13*330/1000,2) -> 0
C14: Metal | D14: =D13 -> 0 | E14: x | F14: 0.306 | M14: =ROUND(D14*F14,2) -> 0
C15: Sand | D15: =D14 -> 0 | E15: x | F15: 0.45 | G15: = | I15: =ROUND(D15*F15,2) -> 0
B16: Sub estimate
A17: 9 | B17: Earthwork | C17: Earth | D17: ='SUB-1'!I19 -> 0 | G17: = | H17: =D17 -> 0
A18: 10 | B18: PCC M-10 Grade | C18: Metal | D18: ='SUB-1'!I26 -> 0 | E18: x | F18: 0.9 | G18: = | K18: =ROUND(D18*F18,2) -> 0 | O18: =ROUND(D18*220/1000,2) -> 0
C19: Sand | D19: =D18 -> 0 | E19: x | F19: 0.45 | G19: = | I19: =ROUND(D19*F19,2) -> 0
A20: 11 | B20: PCC M-15 grade | C20: Metal | D20: ='SUB-1'!I37 -> 0 | E20: x | F20: 0.48 | G20: = | K20: =ROUND(D20*F20,2) -> 0 | O20: =ROUND(D20*275/1000,2) -> 0
C21: Metal | D21: =D20 -> 0 | E21: x | F21: 0.24 | G21: = | L21: =ROUND(D21*F21,2) -> 0
C22: Metal | D22: =D21 -> 0 | E22: x | F22: 0.08 | G22: = | M22: =ROUND(D22*F22,2) -> 0
C23: Sand | D23: =D22 -> 0 | E23: x | F23: 0.48 | G23: = | I23: =ROUND(D23*F23,2) -> 0
A24: 10 | B24: Guide posts | C24: Metal | D24: ='SUB-1'!I42 -> 0 | E24: x | F24: 0.594 | G24: = | L24: =ROUND(D24*F24,2) -> 0 | O24: =ROUND(D24*403/1000,2) -> 0 | P24: =ROUND(D24*403/1000,2) -> 0
C25: Metal | D25: =D24 -> 0 | E25: x | F25: 0.306 | G25: = | M25: =ROUND(D25*F25,2) -> 0
C26: Sand | D26: =D25 -> 0 | E26: x | F26: 0.45 | G26: = | I26: =ROUND(D26*F26,2) -> 0
A27: 11 | B27: CC Pavement M-20 | C27: Metal | D27: ='SUB-1'!I55 -> 0 | E27: x | F27: 0.594 | G27: = | L27: =ROUND(D27*F27,2) -> 0 | O27: =ROUND(D27*330/1000,2) -> 0
C28: Metal | D28: =D27 -> 0 | E28: x | F28: 0.306 | M28: =ROUND(D28*F28,2) -> 0
C29: Sand | D29: =D28 -> 0 | E29: x | F29: 0.45 | G29: = | I29: =ROUND(D29*F29,2) -> 0
B30: Sub estimate
A31: 12 | B31: Earthwork | C31: Earth | D31: ='SUB-2'!I15 -> 0 | G31: = | H31: =D31 -> 0
A32: 13 | B32: PCC M-10 Grade | C32: Metal | D32: ='SUB-2'!I27 -> 0 | E32: x | F32: 0.9 | G32: = | K32: =ROUND(D32*F32,2) -> 0 | O32: =ROUND(D32*220/1000,2) -> 0
C33: Sand | D33: =D32 -> 0 | E33: x | F33: 0.45 | G33: = | I33: =ROUND(D33*F33,2) -> 0
A34: 14 | B34: PCC M-15 grade | C34: Metal | D34: ='SUB-2'!I44 -> 0 | E34: x | F34: 0.48 | G34: = | K34: =ROUND(D34*F34,2) -> 0 | O34: =ROUND(D34*275/1000,2) -> 0
C35: Metal | D35: =D34 -> 0 | E35: x | F35: 0.24 | G35: = | L35: =ROUND(D35*F35,2) -> 0
C36: Metal | D36: =D35 -> 0 | E36: x | F36: 0.08 | G36: = | M36: =ROUND(D36*F36,2) -> 0
C37: Sand | D37: =D36 -> 0 | E37: x | F37: 0.48 | G37: = | I37: =ROUND(D37*F37,2) -> 0
A38: 15 | B38: Guide posts | C38: Metal | D38: ='SUB-2'!I48 -> 0 | E38: x | F38: 0.594 | G38: = | L38: =ROUND(D38*F38,2) -> 0 | O38: =ROUND(D38*403/1000,2) -> 0 | P38: =ROUND(D38*403/1000,2) -> 0
C39: Metal | D39: =D38 -> 0 | E39: x | F39: 0.306 | G39: = | M39: =ROUND(D39*F39,2) -> 0
C40: Sand | D40: =D39 -> 0 | E40: x | F40: 0.45 | G40: = | I40: =ROUND(D40*F40,2) -> 0
A41: 16 | B41: CC Pavement M-20 | C41: Metal | D41: ='SUB-2'!I61 -> 0 | E41: x | F41: 0.594 | G41: = | L41: =ROUND(D41*F41,2) -> 0 | O41: =ROUND(D41*330/1000,2) -> 0
C42: Metal | D42: =D41 -> 0 | E42: x | F42: 0.306 | M42: =ROUND(D42*F42,2) -> 0
C43: Sand | D43: =D42 -> 0 | E43: x | F43: 0.45 | G43: = | I43: =ROUND(D43*F43,2) -> 0
B44: Sub estimate
A45: 6 | B45: Earthwork | C45: Earth | D45: ='SUB-3'!I12 -> 78.24 | G45: = | H45: =D45 -> 78.24
A46: 7 | B46: PCC M-10 Grade | C46: Metal | D46: ='SUB-3'!I22 -> 17.53 | E46: x | F46: 0.9 | G46: = | K46: =ROUND(D46*F46,2) -> 15.78 | O46: =ROUND(D46*220/1000,2) -> 3.86
C47: Sand | D47: =D46 -> 17.53 | E47: x | F47: 0.45 | G47: = | I47: =ROUND(D47*F47,2) -> 7.89
A48: 8 | B48: PCC M-15 grade | C48: Metal | D48: ='SUB-3'!I32 -> 41.49 | E48: x | F48: 0.48 | G48: = | K48: =ROUND(D48*F48,2) -> 19.92 | O48: =ROUND(D48*275/1000,2) -> 11.41
C49: Metal | D49: =D48 -> 41.49 | E49: x | F49: 0.24 | G49: = | L49: =ROUND(D49*F49,2) -> 9.96
C50: Metal | D50: =D49 -> 41.49 | E50: x | F50: 0.08 | G50: = | M50: =ROUND(D50*F50,2) -> 3.32
C51: Sand | D51: =D50 -> 41.49 | E51: x | F51: 0.48 | G51: = | I51: =ROUND(D51*F51,2) -> 19.92
A52: 20 | B52: Guide posts | C52: Metal | D52: ='SUB-3'!I36 -> 0 | E52: x | F52: 0.594 | G52: = | L52: =ROUND(D52*F52,2) -> 0 | O52: =ROUND(D52*403/1000,2) -> 0 | P52: =ROUND(D52*403/1000,2) -> 0
C53: Metal | D53: =D52 -> 0 | E53: x | F53: 0.306 | G53: = | M53: =ROUND(D53*F53,2) -> 0
C54: Sand | D54: =D53 -> 0 | E54: x | F54: 0.45 | G54: = | I54: =ROUND(D54*F54,2) -> 0
A55: 21 | B55: CC Pavement M-20 | C55: Metal | D55: ='SUB-3'!I49 -> 0 | E55: x | F55: 0.594 | G55: = | L55: =ROUND(D55*F55,2) -> 0 | O55: =ROUND(D55*330/1000,2) -> 0
C56: Metal | D56: =D55 -> 0 | E56: x | F56: 0.306 | M56: =ROUND(D56*F56,2) -> 0
C57: Sand | D57: =D56 -> 0 | E57: x | F57: 0.45 | G57: = | I57: =ROUND(D57*F57,2) -> 0
B58: Sub estimate
A59: 22 | B59: Earthwork | C59: Earth | D59: ='SUB-4'!I12 -> 0 | G59: = | H59: =D59 -> 0
A60: 23 | B60: PCC M-10 Grade | C60: Metal | D60: ='SUB-4'!I22 -> 0 | E60: x | F60: 0.9 | G60: = | K60: =ROUND(D60*F60,2) -> 0 | O60: =ROUND(D60*220/1000,2) -> 0
C61: Sand | D61: =D60 -> 0 | E61: x | F61: 0.45 | G61: = | I61: =ROUND(D61*F61,2) -> 0
A62: 24 | B62: PCC M-15 grade | C62: Metal | D62: ='SUB-4'!I32 -> 0 | E62: x | F62: 0.48 | G62: = | K62: =ROUND(D62*F62,2) -> 0 | O62: =ROUND(D62*275/1000,2) -> 0
C63: Metal | D63: =D62 -> 0 | E63: x | F63: 0.24 | G63: = | L63: =ROUND(D63*F63,2) -> 0
C64: Metal | D64: =D63 -> 0 | E64: x | F64: 0.08 | G64: = | M64: =ROUND(D64*F64,2) -> 0
C65: Sand | D65: =D64 -> 0 | E65: x | F65: 0.48 | G65: = | I65: =ROUND(D65*F65,2) -> 0
A66: 25 | B66: Guide posts | C66: Metal | D66: ='SUB-4'!I36 -> 0 | E66: x | F66: 0.594 | G66: = | L66: =ROUND(D66*F66,2) -> 0 | O66: =ROUND(D66*403/1000,2) -> 0 | P66: =ROUND(D66*403/1000,2) -> 0
C67: Metal | D67: =D66 -> 0 | E67: x | F67: 0.306 | G67: = | M67: =ROUND(D67*F67,2) -> 0
C68: Sand | D68: =D67 -> 0 | E68: x | F68: 0.45 | G68: = | I68: =ROUND(D68*F68,2) -> 0
A69: 26 | B69: CC Pavement M-20 | C69: Metal | D69: ='SUB-4'!I49 -> 0 | E69: x | F69: 0.594 | G69: = | L69: =ROUND(D69*F69,2) -> 0 | O69: =ROUND(D69*330/1000,2) -> 0
C70: Metal | D70: =D69 -> 0 | E70: x | F70: 0.306 | M70: =ROUND(D70*F70,2) -> 0
C71: Sand | D71: =D70 -> 0 | E71: x | F71: 0.45 | G71: = | I71: =ROUND(D71*F71,2) -> 0
B72: Sub estimate
A73: 27 | B73: Earthwork | C73: Earth | D73: ='sub-5'!I11 -> 0 | G73: = | H73: =D73 -> 0
A74: 28 | B74: PCC M-10 Grade | C74: Metal | D74: ='sub-5'!I18 -> 0 | E74: x | F74: 0.9 | G74: = | K74: =ROUND(D74*F74,2) -> 0 | O74: =ROUND(D74*220/1000,2) -> 0
C75: Sand | D75: =D74 -> 0 | E75: x | F75: 0.45 | G75: = | I75: =ROUND(D75*F75,2) -> 0
H77: =SUM(H5:H76) -> 4345.44 | I77: =SUM(I5:I76) -> 27.81 | J77: =SUM(J5:J76) -> 806.4 | K77: =SUM(K5:K76) -> 35.7 | L77: =SUM(L5:L76) -> 9.96 | M77: =SUM(M5:M76) -> 3.32 | N77: =SUM(N5:N76) -> 1486.8 | O77: =SUM(O5:O76) -> 15.27
H78: 82.5 | I78: 0 | J78: 157.5 | K78: 157.5 | L78: 157.5 | M78: 157.5 | N78: 157.5 | O78: MT
G79: = | H79: =ROUND(H77*H78,2) -> 358498.8 | I79: 0 | J79: =ROUND(J77*J78,2) -> 127008 | K79: =ROUND(K77*K78,2) -> 5622.75 | L79: =ROUND(L77*L78,2) -> 1568.7 | M79: =ROUND(M77*M78,2) -> 522.9 | N79: =ROUND(N77*N78,2) -> 234171
E80: Total | G80: = | H80: =SUM(H79:N79) -> 727392.15
B81: Consideration amount | G81: = | H81: 0
B82: DMF Amount 30% | G82: = | H82: =ROUND(H80*30%,2) -> 218217.65
B83: Maintenance amount 2% | G83: = | H83: =ROUND(H80*2%,2) -> 14547.84
B84: Grand Total | H84: =SUM(H80:H83) -> 960157.64 | I84: Or | J84: =ROUND(H84,0) -> 960158
I89: ='lead 2025-26'!G37 -> Deputy Executive Engineer | M89: ='lead 2025-26'!J37 -> Assistant Engineer
I90: ='lead 2025-26'!G38 -> PRI Sub Division: Kanigiri | M90: ='lead 2025-26'!J38 -> Mandal Praja Parishad
M91: ='lead 2025-26'!J39 -> Pamuru

Sheet lead 2025-26
A1: LEAD STATEMENT (2025-2026)
B3: Name of the work : | C3: Providing BT Surface to the road from Inimerla SC colony to National Highway at Nuchupoda in Inimerla GP of Pamuru Mandal.
I4: Est. Cost Rs: | K4: 140.00 Lakhs
A6: Sl. No. | B6: Name of the Material | C6: Name of the Quarry | D6: CFMS Code | E6: Units | F6: Conveyance charges | H6: Initial cost | I6: Blastering charges | J6: 25% HBG MC Charges | K6: Total | L6: ave total
F7: Lead in Km | G7: Conveyance charges
A8: 1 | B8: 2 | C8: 3 | D8: 4 | E8: 5 | F8: 6 | G8: 7 | H8: 8 | I8: 9 | J8: 10 | K8: 11
A9: =IF(B9<>"",SUBTOTAL(103,$B9:B$9),"") -> 1 | B9: Sand for Concrete | C9: Sangam | D9: MAT-00027 | E9: 1 Cum | F9: 92 | G9: =VLOOKUP(F9,'CON 2025-26'!A6:D290,2,TRUE) -> 1287.19 | K9: =SUM(G9:J9) -> 1287.19
A10: =IF(B10<>"",SUBTOTAL(103,$B$9:B10),"") -> 1 | B10: Sand for Filling | C10: Local vagu | D10: MAT-00028 | E10: 1 Cum | F10: 5 | G10: =VLOOKUP(F10,'CON 2025-26'!A7:D291,2,TRUE) -> 103 | K10: =SUM(G10:J10) -> 103
A11: =IF(B11<>"",SUBTOTAL(103,$B$9:B11),"") -> 2 | B11: 25mm HBG Metal | C11: Ramatherdham | D11: MAT-00219 | E11: 1 Cum | F11: 97 | G11: =VLOOKUP(F11,'CON 2025-26'!A5:D130,3,TRUE) -> 1297.73 | H11: 1230 | I11: 70 | J11: =ROUND(H11*0.25,2) -> 307.5 | K11: =SUM(G11:J11) -> 2905.23 | L11: =ROUND((K11+K12+K13+K14)/4,2) -> 2742.42 | O11: =H11+I11+J11 -> 1607.5
A12: =IF(B12<>"",SUBTOTAL(103,$B$9:B12),"") -> 3 | B12: 20mm HBG Metal | C12: Ramatherdham | D12: MAT-00218 | E12: 1 Cum | F12: =F11 -> 97 | G12: =VLOOKUP(F12,'CON 2025-26'!A6:D131,3,TRUE) -> 1297.73 | H12: 1285 | I12: 70 | J12: =ROUND(H12*0.25,2) -> 321.25 | K12: =SUM(G12:J12) -> 2973.98 | O12: =H12+I12+J12 -> 1676.25
A13: =IF(B13<>"",SUBTOTAL(103,$B$9:B13),"") -> 4 | B13: 12mm HBG Metal | C13: =C12 -> Ramatherdham | D13: MAT-00217 | E13: 1 Cum | F13: =F12 -> 97 | G13: =VLOOKUP(F13,'CON 2025-26'!A6:D132,3,TRUE) -> 1297.73 | H13: 1024 | I13: 70 | J13: =ROUND(H13*0.25,2) -> 256 | K13: =SUM(G13:J13) -> 2647.73 | O13: =H13+I13+J13 -> 1350
A14: =IF(B14<>"",SUBTOTAL(103,$B$9:B14),"") -> 5 | B14: 10mm HBG Metal | C14: =C13 -> Ramatherdham | D14: MAT-00216 | E14: 1 Cum | F14: =F13 -> 97 | G14: =VLOOKUP(F14,'CON 2025-26'!A7:D133,3,TRUE) -> 1297.73 | H14: 860 | I14: 70 | J14: =ROUND(H14*0.25,2) -> 215 | K14: =SUM(G14:J14) -> 2442.73 | L14: =ROUND((K14+K15)/2,2) -> 2332.73 | O14: =H14+I14+J14 -> 1145
A15: =IF(B15<>"",SUBTOTAL(103,$B$9:B15),"") -> 6 | B15: 6mm HBG Metal | C15: =C14 -> Ramatherdham | D15: MAT-00215 | E15: 1 Cum | F15: =F14 -> 97 | G15: =VLOOKUP(F15,'CON 2025-26'!A8:D134,3,TRUE) -> 1297.73 | H15: 684 | I15: 70 | J15: =ROUND(H15*0.25,2) -> 171 | K15: =SUM(G15:J15) -> 2222.73 | O15: =H15+I15+J15 -> 925
A16: =IF(B16<>"",SUBTOTAL(103,$B$9:B16),"") -> 7 | B16: 40mm HBG Metal | C16: Ramatherdham | D16: MAT-00220 | E16: 1 Cum | F16: =F13 -> 97 | G16: =VLOOKUP(F16,'CON 2025-26'!A8:D133,3,TRUE) -> 1297.73 | H16: 770 | I16: 70 | J16: =ROUND(H16*0.25,2) -> 192.5 | K16: =SUM(G16:J16) -> 2330.23 | O16: =H16+I16+J16 -> 1032.5
A17: =IF(B17<>"",SUBTOTAL(103,$B$9:B17),"") -> 8 | B17: 40 mm to 45 mm size ( IRC and MORTH ) | C17: =C12 -> Ramatherdham | D17: MAT-00440 | E17: 1 Cum | F17: =F12 -> 97 | G17: =VLOOKUP(F17,'CON 2025-26'!A6:D132,3,TRUE) -> 1297.73 | H17: 771 | I17: 70 | J17: =ROUND(H17*0.25,2) -> 192.75 | K17: =SUM(G17:J17) -> 2331.48 | O17: =H17+I17+J17 -> 1033.75
A18: =IF(B18<>"",SUBTOTAL(103,$B$9:B18),"") -> 9 | B18: 25-27mm M/c HBG Metal IRC, MORTH & MORD | C18: =C13 -> Ramatherdham | D18: MAT-00439 | E18: 1 Cum | F18: =F13 -> 97 | G18: =VLOOKUP(F18,'CON 2025-26'!A7:D133,3,TRUE) -> 1297.73 | H18: 1204 | I18: 70 | J18: =ROUND(H18*0.25,2) -> 301 | K18: =SUM(G18:J18) -> 2872.73 | L18: =ROUND((K17+K18+K19)/3,2) -> 2692.73 | O18: =H18+I18+J18 -> 1575
A19: =IF(B19<>"",SUBTOTAL(103,$B$9:B19),"") -> 10 | B19: 19 - 22mm HBG M/c metal IRC, MORTH & MORD | C19: =C16 -> Ramatherdham | D19: MAT-00438 | E19: 1 Cum | F19: =F16 -> 97 | G19: =VLOOKUP(F19,'CON 2025-26'!A8:D134,3,TRUE) -> 1297.73 | H19: 1205 | I19: 70 | J19: =ROUND(H19*0.25,2) -> 301.25 | K19: =SUM(G19:J19) -> 2873.98 | L19: =ROUND((K19+K20+K21+K22+K23)/5,2) -> 2430.98 | O19: =H19+I19+J19 -> 1576.25
A20: =IF(B20<>"",SUBTOTAL(103,$B$9:B20),"") -> 11 | B20: 12-14 mm HBG M/c Metal IRC, MORTH & MORD | C20: =C17 -> Ramatherdham | D20: MAT-00437 | E20: 1 Cum | F20: =F17 -> 97 | G20: =VLOOKUP(F20,'CON 2025-26'!A9:D135,3,TRUE) -> 1297.73 | H20: 980 | I20: 70 | J20: =ROUND(H20*0.25,2) -> 245 | K20: =SUM(G20:J20) -> 2592.73 | O20: =H20+I20+J20 -> 1295
A21: =IF(B21<>"",SUBTOTAL(103,$B$9:B21),"") -> 12 | B21: 9.5-11.2 mm HBG M/c Metal IRC, MORTH & MORD | C21: =C18 -> Ramatherdham | D21: MAT-00436 | E21: 1 Cum | F21: =F18 -> 97 | G21: =VLOOKUP(F21,'CON 2025-26'!A10:D136,3,TRUE) -> 1297.73 | H21: 853 | I21: 70 | J21: =ROUND(H21*0.25,2) -> 213.25 | K21: =SUM(G21:J21) -> 2433.98 | O21: =H21+I21+J21 -> 1136.25
A22: =IF(B22<>"",SUBTOTAL(103,$B$9:B22),"") -> 13 | B22: 5 to 7mm size HBG Chips | C22: =C13 -> Ramatherdham | D22: MAT-00435 | E22: 1 Cum | F22: =F13 -> 97 | G22: =VLOOKUP(F22,'CON 2025-26'!A7:D133,3,TRUE) -> 1297.73 | H22: 723 | I22: 70 | J22: =ROUND(H22*0.25,2) -> 180.75 | K22: =SUM(G22:J22) -> 2271.48 | L22: =(K22+K23)/2 -> 2127.105 | O22: =H22+I22+J22 -> 973.75
A23: =IF(B23<>"",SUBTOTAL(103,$B$9:B23),"") -> 14 | B23: 4.75 to 2.36mm HBG Chips (2.36-5mm) | C23: =C22 -> Ramatherdham | D23: MAT-00434 | E23: 1 Cum | F23: =F22 -> 97 | G23: =VLOOKUP(F23,'CON 2025-26'!A8:D134,3,TRUE) -> 1297.73 | H23: 492 | I23: 70 | J23: =ROUND(H23*0.25,2) -> 123 | K23: =SUM(G23:J23) -> 1982.73 | L23: =ROUND((K23+K24)/2,2) -> 1935.86 | O23: =H23+I23+J23 -> 685
A24: =IF(B24<>"",SUBTOTAL(103,$B$9:B24),"") -> 15 | B24: 2.36 mm & Below HBG stone dust | C24: =C23 -> Ramatherdham | D24: MAT-00068 | E24: 1 Cum | F24: =F23 -> 97 | G24: =VLOOKUP(F24,'CON 2025-26'!A9:D135,3,TRUE) -> 1297.73 | H24: 473 | J24: =ROUND(H24*0.25,2) -> 118.25 | K24: =SUM(G24:J24) -> 1888.98
A25: =IF(B25<>"",SUBTOTAL(103,$B$9:B25),"") -> 16 | B25: Selected earth | C25: Local | D25: MAT-00252 | E25: 1 Cum | F25: 5 | G25: =VLOOKUP(F25,'CON 2025-26'!A6:D126,2,TRUE) -> 103 | H25: 145 | J25: - | K25: =SUM(G25:J25) -> 248
A26: =IF(B26<>"",SUBTOTAL(103,$B$9:B26),"") -> 17 | B26: Cement | C26: Local | D26: MAT-00005 | E26: 1 MT | H26: 4218.8 | K26: =SUM(G26:J26) -> 4218.8
A27: =IF(B27<>"",SUBTOTAL(103,$B$9:B27),"") -> 18 | B27: Steel - Fe 415 Feb.25 | C27: Local | D27: MAT-00063 | E27: 1 MT | H27: 58000 | K27: =SUM(G27:J27) -> 58000
A28: =IF(B28<>"",SUBTOTAL(103,$B$9:B28),"") -> 19 | B28: Emulsion SS-1 (Bulk) 01.01.2026 | C28: Chennai | D28: MAT-00240 | F28: 340 | G28: =F28*1.9*2 -> 1292 | H28: 46493 | K28: =SUM(G28:J28) -> 47785
A29: =IF(B29<>"",SUBTOTAL(103,$B$9:B29),"") -> 20 | B29: Emulsion RS-1 (Bulk) | C29: Chennai | D29: MAT-00240 | F29: =F28 -> 340 | G29: =F29*1.9*2 -> 1292 | H29: 43923 | K29: =SUM(G29:J29) -> 45215
A30: =IF(B30<>"",SUBTOTAL(103,$B$9:B30),"") -> 21 | B30: Bitumen VG 30 (Bulk) | C30: Chennai | D30: MAT-00237 | F30: =F29 -> 340 | G30: =F30*1.9*2 -> 1292 | H30: 45682 | K30: =SUM(G30:J30) -> 46974
A31: =IF(B31<>"",SUBTOTAL(103,$B$9:B31),"") -> 22 | B31: 1000mm dia NP3 pipes | C31: Vellampalli | D31: MAT-05645 | E31: 1 Cum | F31: 120 | G31: =ROUND((307.74)+((F31-5)*14.11),2) -> 1930.39 | H31: 5777 | K31: =SUM(G31:J31) -> 7707.39
A32: =IF(B32<>"",SUBTOTAL(103,$B$9:B32),"") -> 23 | B32: 600mm dia NP3 pipes | C32: Vellampalli | D32: MAT- 05641 | E32: 1 Cum | F32: =F31 -> 120 | G32: =ROUND((145.68)+((F32-5)*6.45),2) -> 887.43 | H32: 2281 | K32: =SUM(G32:J32) -> 3168.43
A34: 1 | B34: Certified that the above leads are correct to the best of my knowledge.
A35: 2 | B35: Certified that the rates are provided as per SSR 2025-26
G37: Deputy Executive Engineer | J37: Assistant Engineer
G38: PRI Sub Division: Kanigiri | J38: Mandal Praja Parishad
J39: Pamuru

Sheet data 2025-26
A1: DATA SHEET (SSR 2025-26)
A2: ='lead 2025-26'!B3 -> Name of the work : | D2: ='lead 2025-26'!C3 -> Providing BT Surface to the road from Inimerla SC colony to National Highway at Nuchupoda in Inimerla GP of Pamuru Mandal.
F3: ='lead 2025-26'!I4 -> Est. Cost Rs: | G3: ='lead 2025-26'!K4 -> 140.00 Lakhs | J3: Contractor Profit | K3: 0.13615
A4: S.No | B4: Qty. | C4: Unit | D4: Description of Tasks | E4: CFMS Code | F4: Rate. | G4: Per | H4: Amount.
A5: 1 | B5: 2 | C5: 3 | D5: 4 | E5: 5 | F5: 6 | G5: 7 | H5: 8
A6: 1 | D6: Unskilled Labour Charges for Earthwork excavation by manual means exceeding 1.5 m in width taking out the excavated soil and disposal as directed by engineer in charge in Ordinary soil, with an Initial Lead up to 10 m and lift up to 1.5 m
B7: 1 | C7: Cum | D7: RSSR 21-22 GO Ms No 27 Dt 22.04.2021 of PR&RD (RD II) | F7: 144.26 | G7: 1Cum | H7: =ROUND(B7*F7,2) -> 144.26
D8: Rate per 1 Cum | H8: =SUM(H7) -> 144.26
A9: 1 | B9: RBR-STCL-2 - II A | D9: Clearing and grubbing road land including uprooting wild vegetation, grass, bushes, shrubs, saplings and trees of girth up to 300 mm, removal of stumps of such trees cut earlier and disposal of unserviceable materials and stacking of serviceable material to be used or auctioned, up to a lead of 1000 m including removal and disposal of top organic soil not exceeding 150 mm in thickness (in area of non thorny /light jungle) as per Technical Specification Clause 201 MORD.
D10: Unit = 10 Sqm
D11: Taking output = 1 hectare
D12: Mechanical Means
D13: In area of non-thorny jungle (light jungle)
D14: Labour
B15: 4.16 | C15: day | D15: Mazdoor (Unskilled) | E15: LAB-00120 | F15: 615 | G15: 1day | H15: =ROUND(B15*F15,2) -> 2558.4
B16: 10 | C16: hour | D16: Dozer D-50 for spreading @ 200 cum per hour | E16: HIR-00072 | F16: 1945 | G16: 1day | H16: =ROUND(B16*F16,2) -> 19450
B17: 1 | C17: hour | D17: Tractor with trolley 3t | E17: HIR-00077 | F17: 541 | G17: 1day | H17: =ROUND(B17*F17,2) -> 541
H18: =SUM(H15:H17) -> 22549.4
D19: add over head charges & Contractors profit @ 13.615% | H19: =ROUND(H18*$K$3,2) -> 3070.1
D20: Rate per 1 Hectare | H20: =SUM(H18:H19) -> 25619.5
D21: Rate per 1 Sqm | H21: =ROUND(H18/10000,2) -> 2.25
A22: 3 | D22: Removal of unsuitable soil including excavation loading and disposal upto 1000Mts lead but excluding compaction gravel supporting embankment subgrade replacement by suitable soil which shall be paid seperately as per clause 303.5.2 as per technical specification clause 303.3.11 MORD/ 301 MORTH (Average depth 100mm to 200mm)
D23: Taking output =360 Cum
B24: 2.08 | C24: day | D24: Mazdoor | E24: LAB-00120 | F24: 615 | G24: 1day | H24: =ROUND(B24*F24,2) -> 1279.2
B25: 3.6 | C25: Hour | D25: Exacavator | E25: HIR-00052 | F25: 3607.52 | G25: 1Hour | H25: =ROUND(B25*F25,2) -> 12987.07
B26: 15 | C26: Hour | D26: Tipper | E26: HIR-00054 | F26: 1287.5 | G26: 1Hour | H26: =ROUND(B26*F26,2) -> 19312.5
H27: =SUM(H24:H26) -> 33578.77
D28: add over head charges & Contractors profit @ 13.615% | H28: =ROUND(H27*$K$3,2) -> 4571.75
D29: Rate per 360.00 Cum | H29: =SUM(H27:H28) -> 38150.52
D30: Rate per 1.00 Cum | H30: =ROUND(H29/360,2) -> 105.97
A31: 2 | B31: RBR-EECD-1 (i) | D31: Scarifying existing granular surface to a depth of 50 mm and disposal of scarified material with a lift upto 3 m and leads upto 1000 m as per Technical Specification Clause 301.4. MORD
D32: Taking output = 100 sqm
B33: 4.16 | C33: day | D33: Mazdoor | E33: LAB-00120 | F33: 615 | G33: 1day | H33: =ROUND(B33*F33,2) -> 2558.4
B34: 1.5 | C34: Hour | D34: Tractor with trolley | E34: HIR-00077 | F34: 553 | G34: 1Hour | H34: =ROUND(B34*F34,2) -> 829.5
H35: =SUM(H33:H34) -> 3387.9
D36: add over head charges & Contractors profit @ 13.615% | H36: =ROUND(H35*$K$3,2) -> 461.26
D37: Rate per 100 Sqm | H37: =SUM(H35:H36) -> 3849.16
D38: Rate per 1.00 Cum | H38: =ROUND(H37/100,2) -> 38.49
A39: 5 | B39: RBR-EECD-3 | D39: Construction of embankment with approved materials deposited at site from roadway cutting and excavation from drain (not exceeding 0.6 m depth) and foundation of other structures graded and compacted to meet requirement of Tables 300.1 and 300.2 as per Technical Specification Clause 301.5 MORD / 305 MORTH
D40: Unit = cum
D41: Taking output = 100 cum
D42: Mechanical Means
D43: Labour
B44: 0.52 | C44: day | D44: Mazdoor (Unskilled) | E44: LAB-00120 | F44: 615 | G44: 1day | H44: =ROUND(B44*F44,2) -> 319.8
B45: 0.5 | C45: hour | D45: Dozer D-50 for spreading @ 200 cum per hour | E45: HIR-00072 | F45: 1945 | G45: 1hour | H45: =ROUND(B45*F45,2) -> 972.5
B46: 4 | C46: hour | D46: Tractor with grader for grading @ 25 cum per hour | E46: HIR-00078 | F46: 553 | G46: 1hour | H46: =ROUND(B46*F46,2) -> 2212
B47: 2 | C47: hour | D47: Water tanker 6 kl capacity | E47: HIR-00076 | F47: 830 | G47: 1hour | H47: =ROUND(B47*F47,2) -> 1660
B48: 1 | C48: hour | D48: Vibratory Roller 80 - 100 kN @ 100 cum per hour | E48: HIR--00062 | F48: 3518.6 | G48: 1hour | H48: =ROUND(B48*F48,2) -> 3518.6
B49: 12 | C49: Kl | D49: Water | E49: MAT-00333 | F49: 105 | G49: 1KL
H50: =SUM(H44:H49) -> 8682.9
D51: add over head charges & Contractors profit @ 13.615% | H51: =ROUND(H50*$K$3,2) -> 1182.18
D52: Cost for 100 cum | H52: =SUM(H50:H51) -> 9865.08
D53: Rate per 1 cum | H53: =ROUND(H52/100,2) -> 98.65
A54: 3 | B54: RBR-EECD -4-i | D54: Construction of embankment with approved material obtained from borrow pits with all lifts, transporting to site, spreading, grading to required slope and compacting with vibratory roller 80-100 KN to meet requirement of Tables 300.1 and 300.2 with a lead upto 1000 m as per Technical Specification Clause 301.5 MORD/305 MORTH.
D55: Unit = cum
D56: Taking output = 100 cum
D57: Mechanical Means
D58: Labour
B59: 1.04 | C59: day | D59: Mazdoor (Unskilled) | E59: LAB-00120 | F59: 615 | G59: 1day | H59: =ROUND(B59*F59,2) -> 639.6
B60: 1.67 | C60: hour | D60: Hydraulic Excavator 0.9 cum bucket capacity @ 60 cum per hour | E60: HIR-00052 | F60: 3607.52 | G60: 1hour | H60: =ROUND(B60*F60,2) -> 6024.56
B61: 4.5 | C61: hour | D61: Tipper 5.5cum with 10T capacity | E61: HIR-00054 | F61: 1287.5 | G61: 1hour | H61: =ROUND(B61*F61,2) -> 5793.75
B62: 0.5 | C62: hour | D62: Dozer D-50 for spreading @ 200 cum per hour | E62: HIR-00072 | F62: 1945 | G62: 1hour | H62: =ROUND(B62*F62,2) -> 972.5
B63: 4 | C63: hour | D63: Tractor with grader for grading @ 25 cum per hour | E63: HIR-00078 | F63: 553 | G63: 1hour | H63: =ROUND(B63*F63,2) -> 2212
B64: 2 | C64: hour | D64: Water tanker 6 kl capacity | E64: HIR-00076 | F64: 830 | G64: 1hour | H64: =ROUND(B64*F64,2) -> 1660
B65: 1 | C65: hour | D65: Vibratory Roller 80 - 100 kN @ 100 cum per hour | E65: HIR--00062 | F65: 3518.6 | G65: 1hour | H65: =ROUND(B65*F65,2) -> 3518.6
B66: 12 | C66: Kl | D66: Water | E66: MAT-00333 | F66: 105 | G66: 1KL
H67: =SUM(H59:H66) -> 20821.01
D68: add over head charges & Contractors profit @ 13.615% | H68: =ROUND(H67*$K$3,2) -> 2834.78
D69: Cost for 100 cum | H69: =SUM(H67:H68) -> 23655.79
D70: Rate per 1 cum | H70: =ROUND(H69/100,2) -> 236.56
A71: 4 | B71: RBR-SBBS-1-A iii | D71: Construction of granular sub-base by providing well graded HBG material (Grading III material) (Table 400.1A), spreading in uniform layers with motor grader on prepared surface, mixing by mix in place method with rotavator at OMC, and compacting with smooth wheel roller 80-100 kN / vibratory roller to achieve the desired density, complete as per Technical Specification Clause 401 MORD .
D72: Taking Output = 300 cum (Compacted thickness)
D73: a) Labour:
B74: 2.4 | C74: days | D74: Mazdoor(skilled) | E74: LAB-00120 | F74: 615 | G74: 1day | H74: =ROUND(B74*F74,2) -> 1476
B75: 8 | C75: days | D75: Mazdoor(Unskilled) | E75: LAB-00120 | F75: 615 | G75: 1day | H75: =ROUND(B75*F75,2) -> 4920
D76: b) Machinary:
B77: 6 | C77: Hrs | D77: vibratory roller 80-100 kN @ 60 cum per hour | E77: HIR--00062 | F77: 3518.6 | G77: 1Hour | H77: =ROUND(B77*F77,2) -> 21111.6
B78: 3 | C78: Hrs | D78: Water tanker 6kl Capacity | E78: HIR-00076 | F78: 830 | G78: 1Hour | H78: =ROUND(B78*F78,2) -> 2490
B79: 12 | C79: Hrs | D79: Tractor with rotavator @ 25 cum per hour | E79: HIR-00078 | F79: 553 | G79: 1Hour | H79: =ROUND(B79*F79,2) -> 6636
D80: c) Material:
B81: 237.6 | C81: cum | D81: 9.5mm to 4.75mm size HMG Chips @ 66% | F81: ='lead 2025-26'!L22 -> 2127.105 | G81: 1Cum | H81: =ROUND(B81*F81,2) -> 505400.15
C82: cum | D82: 4.75mm to 2.36mm size HMG Chips @ 12.50% | F82: ='lead 2025-26'!K23 -> 1982.73 | G82: 1Cum | H82: =ROUND(B82*F82,2) -> 0
B83: 122.4 | C83: cum | D83: 2.36mm below chips or Stone Dust @ 52.50% | F83: ='lead 2025-26'!K24 -> 1888.98 | G83: 1Cum | H83: =ROUND(B83*F83,2) -> 231211.15
B84: 12 | C84: KL | D84: Water | F84: 105 | G84: 1Cum
H85: =SUM(H74:H84) -> 773244.9
D86: add over head charges & Contractors profit @ 13.615% | H86: =ROUND(H85*$K$3,2) -> 105277.29
D87: Rate per 300 Cum | H87: =SUM(H85:H86) -> 878522.19
D88: Rate per 1 Cum | H88: =ROUND(H87/300,2) -> 2928.41
A89: 5 | D89: Wet Mix Macadam
B90: RBR- SBBS-11 | D90: Providing, laying, spreading and compacting graded stone aggregate to wet mix macadam specification including premixing the material with water at OMC in mechanical mixer (Pug Mill), carriage of mixed material by tipper to site, laying in uniform layers in sub-base/base course on a well prepared sub-base and compacting with smooth wheel roller of 80 to 100kN / Vibratory Roller 80-100 kN weight to achieve the desired density including lighting, barricading and maintenance of diversion, etc as per Tables 400.11 & 400.12 and Technical Specification Clause 406 MORD / MORTH.
D91: By Mechanical Means with 1 km lead
B92: A | D92: Rural Works
D93: Unit = cum
D94: Taking output = 100 cum
D95: a) Labour
B96: 8 | C96: day | D96: Dresser (Skilled) for alignment | E96: LAB-00120 | F96: 615 | G96: 1day | H96: =ROUND(B96*F96,2) -> 4920
B97: 2.4 | C97: day | D97: Mazdoor (Skilled) | E97: LAB-00120 | F97: 615 | G97: 1day | H97: =ROUND(B97*F97,2) -> 1476
D98: b) Machinery
B99: 4 | C99: hour | D99: Front end loader 1 cum capacity | E99: HIR-00074 | F99: 2063 | G99: 1hour | H99: =ROUND(B99*F99,2) -> 8252
B100: 4 | C100: hour | D100: Wet mix plant (Pug Mill) | E100: HIR-00080 | F100: 2024 | G100: 1hour | H100: =ROUND(B100*F100,2) -> 8096
...

Sheet CD WORK DATA
A1: CD WORK - DATA SHEET (SSR 2025-26)
A2: ='lead 2025-26'!B3 -> Name of the work : | D2: ='lead 2025-26'!C3 -> Providing BT Surface to the road from Inimerla SC colony to National Highway at Nuchupoda in Inimerla GP of Pamuru Mandal.
F3: ='lead 2025-26'!I4 -> Est. Cost Rs: | G3: ='lead 2025-26'!K4 -> 140.00 Lakhs
A4: S.No | B4: Qty. | C4: Unit | D4: Description of Tasks | E4: CFMS Code | F4: Rate. | G4: Per | H4: Amount.
A5: 1 | B5: 2 | C5: 3 | D5: 4 | E5: 5 | F5: 6 | G5: 7 | H5: 8
A6: 1 | B6: RBR-STCL-15 | D6: Dismantling of cement concrete pavements by mechanical means using pneumatic tools breaking to pieces not exceeding 0.02 cum in volume and stock piling at designated locations and disposal of dismantled materials upto a lead of 1000 m, stacking serviceable and unserviceable materials separately.
D7: Unit = cum
D8: Labour
B9: 0.5 | C9: day | D9: Mazdoor (Semi-skilled) | E9: LAB-00120 | F9: 615 | G9: 1Cum | H9: =ROUND(B9*F9,2) -> 307.5
B10: 0.53 | C10: day | D10: Mazdoor (Unskilled) | E10: LAB-00120 | F10: 615 | G10: 1Cum | H10: =ROUND(B10*F10,2) -> 325.95
D11: Machinery
B12: 1 | C12: hour | D12: Air compressor 210 / 250 cfm with two leads for pneumatic cutters / hammers @ 1 cum per hour | E12: HIR- 00002 | F12: 665.08 | G12: 1Hour | H12: =ROUND(B12*F12,2) -> 665.08
B13: 0.4 | C13: hour | D13: Tractor with trolley 3t | E13: HIR-00077 | F13: 541 | G13: 1Hour | H13: =ROUND(B13*F13,2) -> 216.4
B14: 1 | C14: hour | D14: Joint Cutting Machine with 2-3 blades | E14: HIR-00048 | F14: 11.08 | G14: 1Hour | H14: =ROUND(B14*F14,2) -> 11.08
D15: Rate per cum | H15: =SUM(H9:H14) -> 1526.01
A16: 2 | B16: RBR-STCL-7 | D16: Dismantling Stone Masonry as per Technical Specification Clause 202.
D17: Dismantling of existing structures comprising of stone masonry, including disposal of unserviceable material and stacking the serviceable material with all lifts and lead of 1000 m as per Technical Specification Clause 202 MORD / MORTH
D18: Unit = cum
D19: Taking ouput = 1.25 cum
D20: Rubble Stone Masonry in Cement Mortar
D21: Labour
B22: 0.78 | C22: day | D22: Mazdoor (Unskilled) | E22: LAB-00120 | F22: 615 | G22: 1Cum | H22: =ROUND(B22*F22,2) -> 479.7
D23: Machinery
B24: 0.27 | C24: hour | D24: Tractor with trolley 3t | E24: HIR-00077 | F24: 541 | G24: 1Hour | H24: =ROUND(B24*F24,2) -> 146.07
D25: Rate per 1.25 cum | H25: =SUM(H22:H24) -> 625.77
D26: Rate per 1.00 cum | H26: =ROUND(H25/1.25,2) -> 500.62
A27: 1 | B27: RBR-FNDN-1 | D27: Earthwork in excavation for structures as per drawing and technical specifications Clause 305.1 including setting out, construction of shoring and bracing, removal of stumps and other deleterious material and disposal upto a lead of 50 m, dressing of sides and bottom and backfilling in trenches with excavated suitable material as per Technical Specification 305 MORD / 304 MORTH
D28: Unit = cum
D29: Taking output = 240 cum
D30: Mechanical Means
D31: Labour
B32: 8.32 | C32: day | D32: Mazdoor (Unskilled) | E32: LAB-00120 | F32: 615 | G32: 1day | H32: =ROUND(B32*F32,2) -> 5116.8
B33: 6 | C33: day | D33: Hydraulic Excavator 1 cum bucket capacity | E33: HIR-00052 | F33: 3607.52 | G33: 1day | H33: =ROUND(B33*F33,2) -> 21645.12
H34: =SUM(H32:H33) -> 26761.92
D35: add over head charges & Contractors profit @ 13.615% | H35: =ROUND(H34*'data 2025-26'!$K$3,2) -> 3643.64
D36: Cost for 240 cum | H36: =SUM(H34:H35) -> 30405.56
D37: Rate per 1 cum | H37: =ROUND(H36/240,2) -> 126.69
A38: 2 | B38: RBR-FNDN-4 (i) | D38: Providing concrete for plain concrete M10 Grade in open foundations using 40 mm nominal size Graded hard stone aggregate, mechanically mixed, placed in foundation and compacted by vibration including curing for 14 days complete as per drawings and technical specifications Clause 802, 803, 1202 & 1203 MORD and 1500, 1700 & 2100 MORTH
D39: P.C.C grade M 10
D40: Nominal mix 1:3:6 (Concrete Mixer)
D41: Unit = cum
D42: Material
B43: 0.22 | C43: t | D43: Cement | F43: ='lead 2025-26'!$K$26 -> 4218.8 | G43: t | H43: =ROUND(B43*F43,2) -> 928.14
B44: 0.45 | C44: cum | D44: Coarse sand | F44: ='lead 2025-26'!$K$9 -> 1287.19 | G44: cum | H44: =ROUND(B44*F44,2) -> 579.24
B45: 0.9 | C45: cum | D45: 40 mm aggregate | F45: ='lead 2025-26'!$K$16 -> 2330.23 | G45: cum | H45: =ROUND(B45*F45,2) -> 2097.21
D46: Labour
B47: 0.1 | C47: day | D47: Mason (1st Class) | E47: LAB-00011 | F47: 735 | G47: day | H47: =ROUND(B47*F47,2) -> 73.5
B48: 1.39 | C48: day | D48: Mazdoor (Unskilled) | E48: LAB-00120 | F48: 615 | G48: day | H48: =ROUND(B48*F48,2) -> 854.85
D49: Machinery
B50: 0.4 | C50: hour | D50: Mechanical concrete mixer 0.4/0.28 cum capacity fitted with water measuring device and preferably also with load cell. | E50: HIR-00018 | F50: 722.41 | G50: hour | H50: =ROUND(B50*F50,2) -> 288.96
B51: 0.13 | C51: hour | D51: Water tanker 6 kl capacity | E51: HIR-00076 | F51: 830 | G51: hour | H51: =ROUND(B51*F51,2) -> 107.9
H52: =SUM(H43:H51) -> 4929.8
D53: add over head charges & Contractors profit @ 13.615% | H53: =ROUND(H52*'data 2025-26'!$K$3,2) -> 671.19
D54: Rate per cum | H54: =SUM(H52:H53) -> 5600.99
A55: 3 | B55: RBR-SBST-5 i | D55: Plain cement concrete M 15 grade using 40,20 & 12mm metal mechanically mixed in Open foundations complete as per drawings and technical specification Clauses 802, 804, 805, 806, 807, 1202 and 1204 MORD and 1500, 1700 & 2200 MORTH
D56: P.C.C grade M 15
D57: Nominal mix (1:2.5:5) using CC Mixer (MORD)
D58: Unit = cum
D59: Material
B60: 0.275 | C60: t | D60: Cement | F60: ='lead 2025-26'!$K$26 -> 4218.8 | G60: t | H60: =ROUND(B60*F60,2) -> 1160.17
B61: 0.48 | C61: cum | D61: Coarse sand | F61: ='lead 2025-26'!$K$9 -> 1287.19 | G61: cum | H61: =ROUND(B61*F61,2) -> 617.85
B62: 0.48 | C62: cum | D62: 40 mm aggregate | F62: ='lead 2025-26'!$K$16 -> 2330.23 | G62: cum | H62: =ROUND(B62*F62,2) -> 1118.51
B63: 0.24 | C63: cum | D63: 20 mm aggregate | F63: ='lead 2025-26'!$K$12 -> 2973.98 | G63: cum | H63: =ROUND(B63*F63,2) -> 713.76
B64: 0.08 | C64: cum | D64: 12 mm aggregate | F64: ='lead 2025-26'!$K$13 -> 2647.73 | G64: cum | H64: =ROUND(B64*F64,2) -> 211.82
D65: Labour
B66: 0.1 | C66: day | D66: Mason (1st Class) | E66: LAB-00011 | F66: 735 | G66: day | H66: =ROUND(B66*F66,2) -> 73.5
B67: 1.39 | C67: day | D67: Mazdoor (Unskilled) | E67: LAB-00120 | F67: 615 | G67: day | H67: =ROUND(B67*F67,2) -> 854.85
D68: Machinery
B69: 0.4 | C69: hour | D69: Mechanical concrete mixer 0.4/0.28 cum capacity fitted with water measuring device and preferably also with load cell. | E69: HIR-00018 | F69: 722.41 | G69: hour | H69: =ROUND(B69*F69,2) -> 288.96
H70: =SUM(H60:H69) -> 5039.42
D71: Formwork @ 4% on cost of material, labour and machinery | H71: =ROUND(H70*4%,2) -> 201.58
H72: =SUM(H70:H71) -> 5241
D73: add over head charges & Contractors profit @ 13.615% | H73: =ROUND(H72*'data 2025-26'!$K$3,2) -> 713.56
D74: Rate per cum | H74: =SUM(H72:H73) -> 5954.56
A75: 4 | B75: RBR-SBST-5 V (i) | D75: Providing RCC M-20 grade cement concrete using using 20 mm to 12 mm Graded HBG crushed Metal ( 66% of 20 mm and 34% of 12mm )s from approved source for deck slab including cost of all ,materials, machinery, labour, formwork, scaffolding,placing in position, levelling, vibrating, finishing, curing etc., complete with initial lead upto 50 m and all lifts.
D76: R.C.C grade M 20 (MORD)
D77: For nominal mix 1:2:4 (Using Concrete Mixture)
D78: Material
B79: 0.33 | C79: t | D79: Cement | F79: ='lead 2025-26'!$K$26 -> 4218.8 | G79: t | H79: =ROUND(B79*F79,2) -> 1392.2
B80: 0.45 | C80: cum | D80: Coarse sand | F80: ='lead 2025-26'!$K$9 -> 1287.19 | G80: cum | H80: =ROUND(B80*F80,2) -> 579.24
B81: 0.594 | C81: cum | D81: 20 MM HBG emtal | F81: ='lead 2025-26'!$K$12 -> 2973.98 | G81: cum | H81: =ROUND(B81*F81,2) -> 1766.54 | I81: 0.9 | J81: 60 | K81: =I81*J81% -> 0.54
B82: 0.306 | C82: cum | D82: 12mm HBG Metal | F82: ='lead 2025-26'!$K$13 -> 2647.73 | G82: cum | H82: =ROUND(B82*F82,2) -> 810.21 | I82: 0.9 | J82: 60 | K82: =I82*J82% -> 0.54
D83: Labour
B84: 0.1 | C84: day | D84: Mason (1st Class) | E84: LAB-00011 | F84: 735 | G84: day | H84: =ROUND(B84*F84,2) -> 73.5
B85: 1.39 | C85: day | D85: Mazdoor (Unskilled) | E85: LAB-00120 | F85: 615 | G85: day | H85: =ROUND(B85*F85,2) -> 854.85
D86: Machinery
B87: 0.4 | C87: hour | D87: Concrete mixer 0.4/0.28 cum capacity | E87: HIR-00018 | F87: 722.41 | G87: hour | H87: =ROUND(B87*F87,2) -> 288.96
B88: 0.13 | C88: hour | D88: Water tanker 6 kl capacity | E88: HIR-00076 | F88: 830 | G88: hour | H88: =ROUND(B88*F88,2) -> 107.9
B89: 0.4 | C89: hour | D89: Needle vibrator | E89: HIR-00040 | F89: 297.87 | G89: hour | H89: =ROUND(B89*F89,2) -> 119.15
H90: =SUM(H79:H89) -> 5992.55
D91: Add for formwork and staging upto 5Mts height @ 20% | H91: =ROUND(H90*20%,2) -> 1198.51
H92: =SUM(H90:H91) -> 7191.06
D93: add over head charges & Contractors profit @ 13.615% | H93: =ROUND(H92*'data 2025-26'!$K$3,2) -> 979.06
D94: Rate per cum | H94: =SUM(H92:H93) -> 8170.12
A95: 5 | B95: RBR-SBST-5 VI i | D95: Providing RCC M-25 grade cement concrete using using 20 mm to 12 mm Graded HBG crushed Metal ( 66% of 20 mm and 34% of 12mm )s from approved source including cost of all ,materials, machinery, labour, formwork, scaffolding,placing in position, levelling, vibrating, finishing, curing etc., complete with initial lead upto 50 m and all lifts. for Guide Posts
D96: R.C.C grade M 25 Design mix
D97: Unit = cum
D98: Material
B99: 0.34 | C99: t | D99: Cement | F99: ='lead 2025-26'!$K$26 -> 4218.8 | G99: t | H99: =ROUND(B99*F99,2) -> 1434.39
B100: 0.45 | C100: cum | D100: Coarse sand | F100: ='lead 2025-26'!$K$9 -> 1287.19 | G100: cum | H100: =ROUND(B100*F100,2) -> 579.24
...

Sheet field notes
A1: Providing BT Surface to road from Peda Alavalapadu -Botlagudur R&B Road to NIMZ (Industrial Park) via Diwakarapuram (Reach-1) in PCPalli Mandal
B3: CC road Length = 103 Mts | F3: BT road = 2479.00 Mts (51 Mts not done due to lack of funds)
B8: For CC road | J8: For BT road
B10: Scariftying | C10: 2 | D10: 103 | E10: 1 | G10: =E10*D10*C10 -> 206 | H10: Sqm | J10: Scariftying | K10: 2530 | L10: 7.5 | N10: =L10*K10 -> 18975 | O10: Sqm
J12: Subgrade | K12: 2530 | L12: 7.5 | M12: 0.225 | N12: =L12*K12*M12 -> 4269.375 | O12: Cum
B14: Subbase | C14: 2 | D14: 103 | E14: 1 | F14: 0.1 | G14: =E14*D14*F14*C14 -> 20.6 | H14: Cum | J14: Subbase | K14: 2530 | L14: 4.05 | M14: 0.2 | N14: =L14*K14*M14 -> 2049.3 | O14: Cum
B16: wetmix | C16: 2 | D16: 103 | E16: 0.9 | F16: 0.075 | G16: =E16*D16*F16*C16 -> 13.905 | H16: Cum | J16: wetmix | K16: =2530-51 -> 2479 | L16: 3.9 | M16: 0.225 | N16: =L16*K16*M16 -> 2175.3225 | O16: Cum
B18: CC | C18: 1 | D18: 103 | E18: 4 | F18: 0.17 | G18: =E18*D18*F18*C18 -> 70.04 | H18: Cum | J18: primer | K18: =2530-51 -> 2479 | L18: 3.75 | N18: =L18*K18 -> 9296.25 | O18: Sqm
J20: tack coat | K20: =2530-51 -> 2479 | L20: 3.75 | N20: =L20*K20 -> 9296.25 | O20: Sqm
J22: BM | K22: =2530-51 -> 2479 | L22: 3.75 | M22: 0.05 | N22: =L22*K22*M22 -> 464.8125 | O22: Cum
B23: Km | C23: 4No
B24: Hm | C24: 15No | J24: tack coat | K24: =2530-51 -> 2479 | L24: 3.75 | N24: =L24*K24 -> 9296.25 | O24: Sqm
J26: sdbc | K26: =2530-51 -> 2479 | L26: 3.75 | M26: 0.025 | N26: =L26*K26*M26 -> 232.40625 | O26: Cum
B28: Culverts | G28: Body walls | H28: Bed | I28: Encasement | J28: Body walls width | K28: Body walls height | L28: parapet
A29: Reach-1 | B29: 1/0 to 1/2 | D29: 3rows of 1000mm dia pipes | G29: 20 | H29: 0.3 | I29: 1.4 | J29: 0.9+0.45 | K29: 1.2 | L29: 0.23x0.60
A30: Reach-2 | B30: 2/8 to 3/0 | D30: 2 rows of 1000mm dia pipes | G30: 4.9 | H30: 0.3 | I30: 1.4 | J30: 0.9+0.45 | K30: 1.2 | L30: 0.23x0.60
A31: Reach-2 | B31: 3/2 to 3/4 | D31: 2 rows of 1000mm dia pipes | G31: 4.9 | H31: 0.3 | I31: 1.4 | J31: 0.9+0.45 | K31: 1.2 | L31: 0.23x0.60

Sheet Data Road safety
A1: ROAD SAFETY INTERVENTIONS (2025-26)
A2: Name of the work: | C2: ='lead 2025-26'!C3:K3 -> Providing BT Surface to the road from Inimerla SC colony to National Highway at Nuchupoda in Inimerla GP of Pamuru Mandal.
A3: S. No | B3: Index Code | C3: Description of item of work | D3: Unit | E3: Qty | F3: Rate | G3: Amount
A4: 1 | C4: 2 | D4: 3 | E4: 4 | F4: 5 | G4: 6
A5: 1 | B5: RBR-FNDN-1 | C5: Earthwork in excavation for structures as per drawing and technical specifications Clause 305.1 including setting out, construction of shoring and bracing, removal of stumps and other deleterious material and disposal upto a lead of 50 m, dressing of sides and bottom and backfilling in trenches with excavated suitable material as per Technical Specification 305 MORD / 304 MORTH.
C6: Ordinary soils
C7: Manual Means
C8: Up to 3 m Depth
C9: Uint=Cum
C10: Taking Output=10 Cum
C11: a )Labour
C12: Mazdoor (Unskilled) | D12: Day | E12: 3.64 | F12: 615 | G12: =ROUND(E12*F12,2) -> 2238.6
C13: Rate per 10 Cum | G13: =SUM(G12) -> 2238.6
C14: Rate per 1 Cum | G14: =ROUND(G13/10,2) -> 223.86
A15: 2 | B15: RBR-FNDN-4 C i | C15: Providing concrete for reinforced concrete M 20 grade (Design Mix) in open foundations using 20 & 10 mm nominal size Graded hard stone aggregate, mechanically mixed, placed in foundation and compacted by vibration including curing for 14 days complete as per drawings and technical specifications Clause 802, 803, 1202 & 1203 MORD and 1500, 1700 & 2100 MORTH.
C16: R.C.C grade M 20 (Design Mix) using 20 mm Graded Metal (MORTH)
C17: CASE I : Using Concrete Mixer
C18: Unit = cum
C19: (a) Material
C20: Cement | D20: t | E20: 0.33 | F20: ='lead 2025-26'!$K$26 -> 4218.8 | G20: =ROUND(E20*F20,2) -> 1392.2
C21: Coarse sand | D21: cum | E21: 0.45 | F21: ='lead 2025-26'!$K$9 -> 1287.19 | G21: =ROUND(E21*F21,2) -> 579.24 | H21: 40 | I21: 18
C22: 20 mm aggregate | D22: cum | E22: 0.54 | F22: ='lead 2025-26'!$K$12 -> 2973.98 | G22: =ROUND(E22*F22,2) -> 1605.95 | H22: 50 | I22: 27
C23: 12 mm aggregate | D23: cum | E23: 0.36 | F23: ='lead 2025-26'!$K$13 -> 2647.73 | G23: =ROUND(E23*F23,2) -> 953.18 | H23: 50 | I23: 18
C24: (b) Labour
C25: Mason (1st Class) | D25: day | E25: 0.1 | F25: 735 | G25: =ROUND(E25*F25,2) -> 73.5
C26: Mazdoor (Unskilled) | D26: day | E26: 1.39 | F26: 615 | G26: =ROUND(E26*F26,2) -> 854.85
C27: (c) Machinery
C28: Concrete mixer 0.4/0.28 cum capacity | D28: cum | E28: 0.4 | F28: 722.41 | G28: =ROUND(E28*F28,2) -> 288.96 | M28: 305
C29: Generator 33 KVA | D29: cum | E29: 0.4 | F29: 1356.25 | G29: =ROUND(E29*F29,2) -> 542.5
G30: =SUM(G20:G29) -> 6290.38
C31: (d) Formwork @ 4% on (a+b+c) | F31: 0.04 | G31: =ROUND(G30*F31,2) -> 251.62
C32: Rate per 1 Cum | G32: =SUM(G30:G31) -> 6542
A34: 3 | B34: RBR-SBST-5 | C34: Plain cement concrete M 15 grade using 40,20 & 10mm metal mechanically mixed in substructure complete as per drawings and technical specification Clauses 802, 804, 805, 806, 807, 1202 and 1204 MORD and 1500, 1700 & 2200 MORTH.
C35: Note : Water for concrete : A provision for cost of water may be added at 1.2 kl / 1 cum (including curing purpose) keeping the site conditions
C36: Coarse Aggregate : Single grade nominal size can also be used instead of graded metal, keeping the site conditions in view
C37: For height upto 5 m
C38: Unit = cum
C39: P.C.C grade M 15
C40: Nominal mix (1:2.5:5) using CC Mixer (MORD)
C41: Unit = cum
C42: (a) Material
C43: Cement | D43: t | E43: 0.275 | F43: ='lead 2025-26'!$K$26 -> 4218.8 | G43: =ROUND(E43*F43,2) -> 1160.17
C44: Coarse sand | D44: cum | E44: 0.48 | F44: ='lead 2025-26'!$K$9 -> 1287.19 | G44: =ROUND(E44*F44,2) -> 617.85 | H44: 40 | I44: 19.2
C45: 40 mm aggregate | D45: cum | E45: 0.48 | F45: ='lead 2025-26'!$K$16 -> 2330.23 | G45: =ROUND(E45*F45,2) -> 1118.51 | H45: 50 | I45: 24
C46: 20 mm aggregate | D46: cum | E46: 0.24 | F46: ='lead 2025-26'!$K$12 -> 2973.98 | G46: =ROUND(E46*F46,2) -> 713.76 | H46: 50 | I46: 12
C47: 10 mm aggregate | D47: cum | E47: 0.08 | F47: ='lead 2025-26'!$K$13 -> 2647.73 | G47: =ROUND(E47*F47,2) -> 211.82 | H47: 50 | I47: 4
C48: (b) Labour
C49: Mason (1st Class) | D49: day | E49: 0.1 | F49: 710 | G49: =ROUND(E49*F49,2) -> 71
C50: Mazdoor (Unskilled) | D50: day | E50: 1.39 | F50: 595 | G50: =ROUND(E50*F50,2) -> 827.05
C51: (c) Machinery
C52: Concrete mixer 0.4/0.28 cum capacity | D52: hour | E52: 0.4 | F52: 708.08 | G52: =ROUND(E52*F52,2) -> 283.23
G53: =SUM(G43:G52) -> 5003.39
C54: (d) Formwork @ 4% on cost of material, labour and machinery (a+b+c) | F54: 0.04 | G54: =ROUND(G53*F54,2) -> 200.14
G55: =SUM(G53:G54) -> 5203.53
C56: Add 13.615% for Over head charges, Contractors profit | G56: =ROUND(G55*F56,2) -> 0
C57: Rate per 1Cum | G57: =SUM(G55:G56) -> 5203.53 | I57: 59.2
C59: Printing New letters and figures of any shade
A60: 4 | B60: RBR-TSRA-1 | C60: Printing new letter and figures of any shade with synthetic enamel paint black or any other approved colour to give an even shade as per drawings and technical specifications Clause 1701 MORD/801 MORTH
B61: ii | C61: English and Roman
C62: Hypens ,Commas and the like not to be measured and paid for
C63: Unit=Per Cm height per Letter
C64: a) labour
C65: Mate | D65: Day
C66: Painter I st class | D66: Day | E66: 1.25 | F66: 795 | G66: =ROUND(E66*F66,2) -> 993.75
C67: Mazdoor (Unskilled) | D67: Day | E67: 0.57 | F67: 595 | G67: =ROUND(E67*F67,2) -> 339.15
C68: b) Material
C69: Syntehtic enamel Paint | D69: Litre | E69: 0.5 | F69: 200 | G69: =ROUND(E69*F69,2) -> 100
G70: =SUM(G66:G69) -> 1432.9
C71: Cost for 1600 Cm=a+b+c+d | G71: =G70 -> 1432.9
C72: Rate per Cm Height per letter=(a+b+c+d)/1600 | G72: =ROUND(G71/1600,2) -> 0.9
C73: Painting Two Coats on New Concrete surfaces
A74: 3 | B74: RBR-TSRA-6 | C74: Painting two coats including primer coat after filling the surface with synthetic enamel paint in all shaded on New plastered/concrete surfaces as per deawings and technical specification clause 1701 of MORD.
B75: i | C75: Uint=Sqm
C76: taking Out Put::40 Sqm
C77: a) labour
C79: Painter I st class | D79: Day | E79: 3 | F79: 820 | G79: =ROUND(E79*F79,2) -> 2460
C80: Mazdoor (Unskilled) | D80: Day | E80: 2.2 | F80: 615 | G80: =ROUND(E80*F80,2) -> 1353
C81: b) Material
C82: Cement Primer exterior grade as per Specifications (BMT-J.02) | D82: Litre | E82: 3 | F82: 92.5 | G82: =ROUND(E82*F82,2) -> 277.5
C83: Paint Confirming to requirement of Clause 1701.3.8 BMT-J.30 | D83: Litre | E83: 6 | F83: 205 | G83: =ROUND(E83*F83,2) -> 1230
G84: =SUM(G79:G83) -> 5320.5
C85: Cost for 40 Sqm | G85: =SUM(G84) -> 5320.5
C86: Cost for 1 Sqm | G86: =ROUND(G85/40,2) -> 133.01
C87: Painting on Steel surface
A88: 6 | B88: RBR-TSRA-7 | C88: Providing and Applying two coats of ready mix enamel Paint including cost of approved brand on steel surface after through cleaning of surface to give an even shade as per drawings and technical specification clause 1701 MORD.
B89: i | C89: Uint=Sqm
C90: taking Out Put::10 Sqm
C91: a) labour
C92: Painter I st class | D92: Day | E92: 0.6 | F92: 795 | G92: =ROUND(E92*F92,2) -> 477
C93: Mazdoor (Unskilled) | D93: Day | E93: 0.4 | F93: 595 | G93: =ROUND(E93*F93,2) -> 238
C94: b) Material
C95: Rex oxide Primer Grade I | D95: Litre | E95: 0.6 | F95: 160 | G95: =ROUND(E95*F95,2) -> 96
C96: Paint ready mixed approved brand | D96: Litre | E96: 1.25 | F96: 200 | G96: =ROUND(E96*F96,2) -> 250
C97: Add:for Scaffolding @ 1% of labour where required | F97: 0.01 | G97: =ROUND(SUM(G92:G93)*F97,2) -> 7.15
G98: =SUM(G92:G97) -> 1068.15
C99: Cost for 10 Sqm =a+b+c+d | G99: =G98 -> 1068.15
C100: Rate per Sqm=(a+b+c+d)/10 | G100: =ROUND(G99/10,2) -> 106.82
C102: HYSD Bar for Reinforment
A103: 4 | B103: RBR-SPST-2 | C103: Supplying, fitting, and placing HYSD bar reinforcement in sub structure complete as per drawing and technical specifications Clauses 1002, 1010 and 1202 MORD / 1600 MORTH, for Bars below 36 mm dia including over laps and wastage, where they are not welded
C104: Unit = t
...

Sheet CS
A1: COMPARATIVE STATEMENT
A2: ='lead 2025-26'!B3&'lead 2025-26'!C3 -> Name of the work : Providing BT Surface to the road from Inimerla SC colony to National Highway at Nuchupoda in Inimerla GP of Pamuru Mandal.
J3: Est Rs. | K3: ='lead 2025-26'!K4 -> 140.00 Lakhs
A4: S.No | B4: Description of the work | C4: As per detailed estimate | G4: As per Working estimate | K4: Difference | M4: Remarks
C5: Quantity | E5: Rate | F5: Amount | G5: Quantity | I5: Rate | J5: Amount | K5: Excess | L5: Less
A6: 1 | B6: 2 | C6: 3 | E6: 4 | F6: 5 | G6: 6 | I6: 7 | J6: 8 | K6: 9 | L6: 10 | M6: 11
A7: 1 | B7: Unskilled Labour Charges for Earthwork excavation by manual means exceeding 1.5 m in width taking out the excavated soil and disposal as directed by engineer in charge in Ordinary soil, with an Initial Lead up to 10 m and lift up to 1.5 m | F7: =ROUND(C7*E7,0) -> 0 | G7: =MAIN!I10 -> 0 | H7: Cum | I7: =MAIN!K10 -> 144.26 | J7: =ROUND(G7*I7,0) -> 0 | K7: =IF(J7>F7,J7-F7,0) -> 0 | L7: =IF(J7<F7,F7-J7,0) -> 0 | M7: - | N7: =E7-I7 -> -144.26
A8: 1 | B8: Clearing and grubbing road land including uprooting wild vegetation, grass, bushes, shrubs, saplings and trees of girth up to 300 mm, removal of stumps of such trees cut earlier and disposal of unserviceable materials and stacking of serviceable material to be used or auctioned, up to a lead of 1000 m including removal and disposal of top organic soil not exceeding 150 mm in thickness (in area of non thorny /light jungle) as per Technical Specification Clause 201 MORD. | F8: =ROUND(C8*E8,0) -> 0 | G8: =MAIN!I17 -> 4032 | H8: Sqm | I8: =MAIN!K17 -> 2.25 | J8: =ROUND(G8*I8,0) -> 9072 | K8: =IF(J8>F8,J8-F8,0) -> 9072 | L8: =IF(J8<F8,F8-J8,0) -> 0 | M8: - | N8: =E8-I8 -> -2.25
B9: Construction of embankment with approved material obtained from borrow pits with all lifts, transporting to site, spreading, grading to required slope and compacting with vibratory roller 80-100 KN to meet requirement of Tables 300.1 and 300.2 with a lead upto 1000 m as per Technical Specification Clause 301.5 MORD/305 MORTH. | G9: =MAIN!I25 -> 3360 | H9: Cum | I9: =MAIN!K25 -> 236.56 | J9: =ROUND(G9*I9,0) -> 794842 | K9: =IF(J9>F9,J9-F9,0) -> 794842 | L9: =IF(J9<F9,F9-J9,0) -> 0 | M9: - | N9: =E9-I9 -> -236.56
A10: 6 | B10: Scarifying existing granular surface to a depth of 50 mm and disposal of scarified material with a lift upto 3 m and leads upto 1000 m as per Technical Specification Clause 301.4. MORD | F10: =ROUND(C10*E10,0) -> 0 | G10: =MAIN!I33 -> 6720 | H10: Sqm | I10: =MAIN!K33 -> 38.49 | J10: =ROUND(G10*I10,0) -> 258653 | K10: =IF(J10>F10,J10-F10,0) -> 258653 | L10: =IF(J10<F10,F10-J10,0) -> 0 | M10: - | N10: =E10-I10 -> -38.49
A11: 7 | B11: Construction of Granular Sub Base using well graded material, spreading in uniform layers with tractor mounted grader on prepared surface , mixing by mix in place method with rotovator at OMC and compacting with Smooth wheel roller to achive the desired density , Complete as per technical speficaction clause 401 of MORD | F11: =ROUND(C11*E11,0) -> 0 | G11: =MAIN!I47 -> 672 | H11: Cum | I11: =MAIN!K47 -> 2928.41 | J11: =ROUND(G11*I11,0) -> 1967892 | K11: =IF(J11>F11,J11-F11,0) -> 1967892 | L11: =IF(J11<F11,F11-J11,0) -> 0 | M11: - | N11: =E11-I11 -> -2928.41
A12: 7 | B12: Providing, laying, spreading and compacting graded stone aggregate to wet mix macadam specification including premixing the material with water at OMC in mechanical mixer (Pug Mill), carriage of mixed material by tipper to site, laying in uniform layers in sub-base/base course on a well prepared sub-base and compacting with smooth wheel roller of 80 to 100kN / Vibratory Roller 80-100 kN weight to achieve the desired density including lighting, barricading and maintenance of diversion, etc as per Tables 400.11 & 400.12 and Technical Specification Clause 406 MORD / MORTH. | F12: =ROUND(C12*E12,0) -> 0 | G12: =MAIN!I51 -> 945 | H12: Cum | I12: =MAIN!K51 -> 3982.34 | J12: =ROUND(G12*I12,0) -> 3763311 | K12: =IF(J12>F12,J12-F12,0) -> 3763311 | L12: =IF(J12<F12,F12-J12,0) -> 0 | M12: - | N12: =E12-I12 -> -3982.34
B13: Providing and applying primer coat with bitumen emulsion (SS-1) on prepared surface of granular base including cleaning of road surface and spraying primer at the rate of 0.70-1.0 kg/sqm using mechanical means as per Technical Specification Clause 502 MORD (for use on Wet mix macadam & WBM) | G13: =MAIN!I55 -> 6300 | H13: Sqm | I13: =MAIN!K55 -> 42.54 | J13: =ROUND(G13*I13,0) -> 268002 | K13: =IF(J13>F13,J13-F13,0) -> 268002 | L13: =IF(J13<F13,F13-J13,0) -> 0 | M13: - | N13: =E13-I13 -> -42.54
B14: Providing and applying tack coat with Bitumen emulsion (RS-1) using emulsion distributor at the rate of 0.25 to 0.30 kg per sqm on the prepared granular surfaces treated with primer & cleaned with Hydraulic broom as per Technical Specification Clause 503 MORD, | G14: =MAIN!I59 -> 6300 | H14: Sqm | I14: =MAIN!K59 -> 16.24 | J14: =ROUND(G14*I14,0) -> 102312 | K14: =IF(J14>F14,J14-F14,0) -> 102312 | L14: =IF(J14<F14,F14-J14,0) -> 0 | M14: - | N14: =E14-I14 -> -16.24
B15: Providing and laying semi dense bituminous concrete with 40-60 TPH batch type HMP producing an average output of 37.5 tonnes per hour using crushed aggregates of specified grading, premixed with bituminous binder @ 4.5 to 5 per cent of mix and filler, transporting the hot mix to work site, laying with a hydrostatic paver finisher with sensor control to the required grade, level and alignment, rolling with smooth wheeled, vibratory and tandem rollers to achieve the desired compaction as per MoRTH specification clause No. 508 complete in all respects | G15: =MAIN!I73 -> 157.5 | H15: Cum | I15: =MAIN!K73 -> 11856.57 | J15: =ROUND(G15*I15,0) -> 1867410 | K15: =IF(J15>F15,J15-F15,0) -> 1867410 | L15: =IF(J15<F15,F15-J15,0) -> 0 | M15: - | N15: =E15-I15 -> -11856.57
B16: Construction of improved shoulders by provided selected earth having minimum CBR of 10% MD not less than 1.85 G/CC with LL & PI not more than 40% and 20 respectively and spreading in uniform layers with tractor grader on prepared surface and compacted at OMC with vibratory roller 80-100 KN to meet requirement of table 00.2 with as per technical specification clause 303 MORD, 305 MORTH by using machinery | G16: =MAIN!I77 -> 907.2 | H16: Cum | I16: =MAIN!K77 -> 384.05 | J16: =ROUND(G16*I16,0) -> 348410 | K16: =IF(J16>F16,J16-F16,0) -> 348410 | L16: =IF(J16<F16,F16-J16,0) -> 0 | M16: - | N16: =E16-I16 -> -384.05
B17: Sub estimate | K17: =IF(J17>F17,J17-F17,0) -> 0 | L17: =IF(J17<F17,F17-J17,0) -> 0 | M17: - | N17: =E17-I17 -> 0
A18: 1 | B18: Earthwork in excavation for structures as per drawing and technical specifications Clause 305.1 including setting out, construction of shoring and bracing, removal of stumps and other deleterious material and disposal upto a lead of 50 m, dressing of sides and bottom and backfilling in trenches with excavated suitable material as per Technical Specification 305 MORD / 304 MORTH | F18: =ROUND(C18*E18,0) -> 0 | G18: ='SUB-1'!I19 -> 0 | H18: Cum | I18: ='SUB-1'!K19 -> 126.69 | J18: =ROUND(G18*I18,0) -> 0 | K18: =IF(J18>F18,J18-F18,0) -> 0 | L18: =IF(J18<F18,F18-J18,0) -> 0 | M18: - | N18: =E18-I18 -> -126.69
A19: 2 | B19: Providing concrete for plain concrete M10 Grade in open foundations using 40 mm nominal size Graded hard stone aggregate, mechanically mixed, placed in foundation and compacted by vibration including curing for 14 days complete as per drawings and technical specifications Clause 802, 803, 1202 & 1203 MORD and 1500, 1700 & 2100 MORTH | F19: =ROUND(C19*E19,0) -> 0 | G19: ='SUB-1'!I26 -> 0 | H19: Cum | I19: ='SUB-1'!K26 -> 5600.99 | J19: =ROUND(G19*I19,0) -> 0 | K19: =IF(J19>F19,J19-F19,0) -> 0 | L19: =IF(J19<F19,F19-J19,0) -> 0 | M19: - | N19: =E19-I19 -> -5600.99
A20: 2 | B20: Providing and laying reinforced cement concrete pipe 1000 dia NP3 for culverts on first class bedding of granular material but excluding excavation, protection works, backfilling, concrete and masonry works in head wall and parapets. Tech Specification Clause 1106 MORD. | F20: =ROUND(C20*E20,0) -> 0 | G20: ='SUB-1'!I30 -> 0 | H20: Rm | I20: ='SUB-1'!K30 -> 9006.27 | J20: =ROUND(G20*I20,0) -> 0 | K20: =IF(J20>F20,J20-F20,0) -> 0 | L20: =IF(J20<F20,F20-J20,0) -> 0 | M20: - | N20: =E20-I20 -> -9006.27
A21: 3 | B21: Plain cement concrete M 15 grade using 40,20 & 12mm metal mechanically mixed in Substructures complete as per drawings and technical specification Clauses 802, 804, 805, 806, 807, 1202 and 1204 MORD and 1500, 1700 & 2200 MORTH. | F21: =ROUND(C21*E21,0) -> 0 | G21: ='SUB-1'!I37 -> 0 | H21: Cum | I21: ='SUB-1'!K37 -> 5954.56 | J21: =ROUND(G21*I21,0) -> 0 | K21: =IF(J21>F21,J21-F21,0) -> 0 | L21: =IF(J21<F21,F21-J21,0) -> 0 | M21: - | N21: =E21-I21 -> -5954.56
A22: 3 | B22: Providing RCC M-25 grade cement concrete using using 20 mm to 12 mm Graded HBG crushed Metal ( 66% of 20 mm and 34% of 12mm )s from approved source including cost of all ,materials, machinery, labour, formwork, scaffolding,placing in position, levelling, vibrating, finishing, curing etc., complete with initial lead upto 50 m and all lifts. for Guide Posts | F22: =ROUND(C22*E22,0) -> 0 | G22: ='SUB-1'!I42 -> 0 | H22: Cum | I22: ='SUB-1'!K42 -> 7542 | J22: =ROUND(G22*I22,0) -> 0 | K22: =IF(J22>F22,J22-F22,0) -> 0 | L22: =IF(J22<F22,F22-J22,0) -> 0 | M22: - | N22: =E22-I22 -> -7542
B23: Supplying, fitting and placing HYSD bar reinforcement in foundation complete as per drawings and technical specifications Clauses 1000 and 1202 MORD & 1100, 1600 MORTH for Bars below 36 mm dia including over laps and wastage, where they are not welded. | G23: ='SUB-1'!I46 -> 0 | H23: MT | I23: ='SUB-1'!K46 -> 86540.55 | J23: =ROUND(G23*I23,0) -> 0 | K23: =IF(J23>F23,J23-F23,0) -> 0 | L23: =IF(J23<F23,F23-J23,0) -> 0 | M23: - | N23: =E23-I23 -> -86540.55
A24: 4 | B24: Filling with selected earth in trenches, sides of foundations & basement by watering and ramming including cost and conveyance of material and labour charges etc complete for finished item of the work (APSS No 309& 310) per 1 Cum | F24: =ROUND(C24*E24,0) -> 0 | G24: ='SUB-1'!I50 -> 0 | H24: Cum | I24: ='SUB-1'!K50 -> 279.78 | J24: =ROUND(G24*I24,0) -> 0 | K24: =IF(J24>F24,J24-F24,0) -> 0 | L24: =IF(J24<F24,F24-J24,0) -> 0 | M24: - | N24: =E24-I24 -> -279.78
A25: 8 | B25: Plain cement concrete for CC pavement, thickness as per design, over a prepared sub base, with 43 grade cement or any other type as per Clause 1501.2.2 M20 (Grade), coarse and fine aggregates conforming to IS : 383, maximum in a concrete mixer of not less than 0.2 cum capacity and appropeiate weigh batcher using approved mix design, laid in approved fixed side formwork (steel channel, laying and fixing of 125 mictron thick polythene film, wedges, steel plates including levelling the formwork as per drawing), spreading the concrete with sholvels, rakes, compacted using needle, scareed and plate vibrators and finished in continuous operation including provision of contraction and expansion, construction joints, applying debonding strips, primer, sealant, dowel bars, near approaches to bridge / culvert and construction joints, admixtures as approved, curing of concrete slabs for 28- days, curing compound (where specified) and water finishing to lines and grade as per drawing and Technical Specification Clause 1501 MORD | F25: =ROUND(C25*E25,0) -> 0 | G25: ='SUB-1'!I55 -> 0 | H25: Cum | I25: ='SUB-1'!K55 -> 7873.37 | J25: =ROUND(G25*I25,0) -> 0 | K25: =IF(J25>F25,J25-F25,0) -> 0 | L25: =IF(J25<F25,F25-J25,0) -> 0 | M25: - | N25: =E25-I25 -> -7873.37
B26: Sub estimate | K26: =IF(J26>F26,J26-F26,0) -> 0 | L26: =IF(J26<F26,F26-J26,0) -> 0 | M26: - | N26: =E26-I26 -> 0
A27: 1 | B27: Earthwork in excavation for structures as per drawing and technical specifications Clause 305.1 including setting out, construction of shoring and bracing, removal of stumps and other deleterious material and disposal upto a lead of 50 m, dressing of sides and bottom and backfilling in trenches with excavated suitable material as per Technical Specification 305 MORD / 304 MORTH | F27: =ROUND(C27*E27,0) -> 0 | G27: ='SUB-2'!I15 -> 0 | H27: Cum | I27: ='SUB-2'!K15 -> 126.69 | J27: =ROUND(G27*I27,0) -> 0 | K27: =IF(J27>F27,J27-F27,0) -> 0 | L27: =IF(J27<F27,F27-J27,0) -> 0 | M27: - | N27: =E27-I27 -> -126.69
A28: 2 | B28: Providing concrete for plain concrete M10 Grade in open foundations using 40 mm nominal size Graded hard stone aggregate, mechanically mixed, placed in foundation and compacted by vibration including curing for 14 days complete as per drawings and technical specifications Clause 802, 803, 1202 & 1203 MORD and 1500, 1700 & 2100 MORTH | F28: =ROUND(C28*E28,0) -> 0 | G28: ='SUB-2'!I27 -> 0 | H28: Cum | I28: ='SUB-2'!K27 -> 5600.99 | J28: =ROUND(G28*I28,0) -> 0 | K28: =IF(J28>F28,J28-F28,0) -> 0 | L28: =IF(J28<F28,F28-J28,0) -> 0 | M28: - | N28: =E28-I28 -> -5600.99
A29: 2 | B29: Providing and laying reinforced cement concrete pipe 1000 dia NP3 for culverts on first class bedding of granular material but excluding excavation, protection works, backfilling, concrete and masonry works in head wall and parapets. Tech Specification Clause 1106 MORD. | F29: =ROUND(C29*E29,0) -> 0 | G29: ='SUB-2'!I32 -> 0 | H29: Rm | I29: ='SUB-2'!K32 -> 9006.27 | J29: =ROUND(G29*I29,0) -> 0 | K29: =IF(J29>F29,J29-F29,0) -> 0 | L29: =IF(J29<F29,F29-J29,0) -> 0 | M29: - | N29: =E29-I29 -> -9006.27
A30: 3 | B30: Plain cement concrete M 15 grade using 40,20 & 12mm metal mechanically mixed in Substructures complete as per drawings and technical specification Clauses 802, 804, 805, 806, 807, 1202 and 1204 MORD and 1500, 1700 & 2200 MORTH. | F30: =ROUND(C30*E30,0) -> 0 | G30: ='SUB-2'!I44 -> 0 | H30: Cum | I30: ='SUB-2'!K44 -> 5954.56 | J30: =ROUND(G30*I30,0) -> 0 | K30: =IF(J30>F30,J30-F30,0) -> 0 | L30: =IF(J30<F30,F30-J30,0) -> 0 | M30: - | N30: =E30-I30 -> -5954.56
A31: 3 | B31: Providing RCC M-25 grade cement concrete using using 20 mm to 12 mm Graded HBG crushed Metal ( 66% of 20 mm and 34% of 12mm )s from approved source including cost of all ,materials, machinery, labour, formwork, scaffolding,placing in position, levelling, vibrating, finishing, curing etc., complete with initial lead upto 50 m and all lifts. for Guide Posts | F31: =ROUND(C31*E31,0) -> 0 | G31: ='SUB-2'!I48 -> 0 | H31: Cum | I31: ='SUB-2'!K48 -> 7542 | J31: =ROUND(G31*I31,0) -> 0 | K31: =IF(J31>F31,J31-F31,0) -> 0 | L31: =IF(J31<F31,F31-J31,0) -> 0 | M31: - | N31: =E31-I31 -> -7542
B32: Supplying, fitting and placing HYSD bar reinforcement in foundation complete as per drawings and technical specifications Clauses 1000 and 1202 MORD & 1100, 1600 MORTH for Bars below 36 mm dia including over laps and wastage, where they are not welded. | G32: ='SUB-2'!I52 -> 0 | H32: MT | I32: ='SUB-2'!K52 -> 86540.55 | J32: =ROUND(G32*I32,0) -> 0 | K32: =IF(J32>F32,J32-F32,0) -> 0 | L32: =IF(J32<F32,F32-J32,0) -> 0 | M32: - | N32: =E32-I32 -> -86540.55
A33: 4 | B33: Filling with selected earth in trenches, sides of foundations & basement by watering and ramming including cost and conveyance of material and labour charges etc complete for finished item of the work (APSS No 309& 310) per 1 Cum | F33: =ROUND(C33*E33,0) -> 0 | G33: ='SUB-2'!I57 -> 0 | H33: Cum | I33: ='SUB-2'!K57 -> 279.78 | J33: =ROUND(G33*I33,0) -> 0 | K33: =IF(J33>F33,J33-F33,0) -> 0 | L33: =IF(J33<F33,F33-J33,0) -> 0 | M33: - | N33: =E33-I33 -> -279.78
A34: 8 | B34: Plain cement concrete for CC pavement, thickness as per design, over a prepared sub base, with 43 grade cement or any other type as per Clause 1501.2.2 M20 (Grade), coarse and fine aggregates conforming to IS : 383, maximum in a concrete mixer of not less than 0.2 cum capacity and appropeiate weigh batcher using approved mix design, laid in approved fixed side formwork (steel channel, laying and fixing of 125 mictron thick polythene film, wedges, steel plates including levelling the formwork as per drawing), spreading the concrete with sholvels, rakes, compacted using needle, scareed and plate vibrators and finished in continuous operation including provision of contraction and expansion, construction joints, applying debonding strips, primer, sealant, dowel bars, near approaches to bridge / culvert and construction joints, admixtures as approved, curing of concrete slabs for 28- days, curing compound (where specified) and water finishing to lines and grade as per drawing and Technical Specification Clause 1501 MORD | F34: =ROUND(C34*E34,0) -> 0 | G34: ='SUB-2'!I61 -> 0 | H34: Cum | I34: ='SUB-2'!K61 -> 7873.37 | J34: =ROUND(G34*I34,0) -> 0 | K34: =IF(J34>F34,J34-F34,0) -> 0 | L34: =IF(J34<F34,F34-J34,0) -> 0 | M34: - | N34: =E34-I34 -> -7873.37
B35: Sub estimate | K35: =IF(J35>F35,J35-F35,0) -> 0 | L35: =IF(J35<F35,F35-J35,0) -> 0 | M35: - | N35: =E35-I35 -> 0
A36: 1 | B36: Earthwork in excavation for structures as per drawing and technical specifications Clause 305.1 including setting out, construction of shoring and bracing, removal of stumps and other deleterious material and disposal upto a lead of 50 m, dressing of sides and bottom and backfilling in trenches with excavated suitable material as per Technical Specification 305 MORD / 304 MORTH | F36: =ROUND(C36*E36,0) -> 0 | G36: ='SUB-3'!I12 -> 78.24 | H36: Cum | I36: ='SUB-3'!K12 -> 126.69 | J36: =ROUND(G36*I36,0) -> 9912 | K36: =IF(J36>F36,J36-F36,0) -> 9912 | L36: =IF(J36<F36,F36-J36,0) -> 0 | M36: - | N36: =E36-I36 -> -126.69
A37: 2 | B37: Providing concrete for plain concrete M10 Grade in open foundations using 40 mm nominal size Graded hard stone aggregate, mechanically mixed, placed in foundation and compacted by vibration including curing for 14 days complete as per drawings and technical specifications Clause 802, 803, 1202 & 1203 MORD and 1500, 1700 & 2100 MORTH | F37: =ROUND(C37*E37,0) -> 0 | G37: ='SUB-3'!I22 -> 17.53 | H37: Cum | I37: ='SUB-3'!K22 -> 5600.99 | J37: =ROUND(G37*I37,0) -> 98185 | K37: =IF(J37>F37,J37-F37,0) -> 98185 | L37: =IF(J37<F37,F37-J37,0) -> 0 | M37: - | N37: =E37-I37 -> -5600.99
A38: 2 | B38: Providing and laying reinforced cement concrete pipe 1000 dia NP3 for culverts on first class bedding of granular material but excluding excavation, protection works, backfilling, concrete and masonry works in head wall and parapets. Tech Specification Clause 1106 MORD. | F38: =ROUND(C38*E38,0) -> 0 | G38: ='SUB-3'!I26 -> 22.5 | H38: Rm | I38: ='SUB-3'!K26 -> 9006.27 | J38: =ROUND(G38*I38,0) -> 202641 | K38: =IF(J38>F38,J38-F38,0) -> 202641 | L38: =IF(J38<F38,F38-J38,0) -> 0 | M38: - | N38: =E38-I38 -> -9006.27
A39: 3 | B39: Plain cement concrete M 15 grade using 40,20 & 12mm metal mechanically mixed in Substructures complete as per drawings and technical specification Clauses 802, 804, 805, 806, 807, 1202 and 1204 MORD and 1500, 1700 & 2200 MORTH. | F39: =ROUND(C39*E39,0) -> 0 | G39: ='SUB-3'!I32 -> 41.49 | H39: Cum | I39: ='SUB-3'!K32 -> 5954.56 | J39: =ROUND(G39*I39,0) -> 247055 | K39: =IF(J39>F39,J39-F39,0) -> 247055 | L39: =IF(J39<F39,F39-J39,0) -> 0 | M39: - | N39: =E39-I39 -> -5954.56
A40: 3 | B40: Providing RCC M-25 grade cement concrete using using 20 mm to 12 mm Graded HBG crushed Metal ( 66% of 20 mm and 34% of 12mm )s from approved source including cost of all ,materials, machinery, labour, formwork, scaffolding,placing in position, levelling, vibrating, finishing, curing etc., complete with initial lead upto 50 m and all lifts. for Guide Posts | F40: =ROUND(C40*E40,0) -> 0 | G40: ='SUB-3'!I36 -> 0 | H40: Cum | I40: ='SUB-3'!K36 -> 7542 | J40: =ROUND(G40*I40,0) -> 0 | K40: =IF(J40>F40,J40-F40,0) -> 0 | L40: =IF(J40<F40,F40-J40,0) -> 0 | M40: - | N40: =E40-I40 -> -7542
B41: Supplying, fitting and placing HYSD bar reinforcement in foundation complete as per drawings and technical specifications Clauses 1000 and 1202 MORD & 1100, 1600 MORTH for Bars below 36 mm dia including over laps and wastage, where they are not welded. | G41: ='SUB-3'!I40 -> 0 | H41: MT | I41: ='SUB-3'!K40 -> 86540.55 | J41: =ROUND(G41*I41,0) -> 0 | K41: =IF(J41>F41,J41-F41,0) -> 0 | L41: =IF(J41<F41,F41-J41,0) -> 0 | M41: - | N41: =E41-I41 -> -86540.55
A42: 4 | B42: Filling with selected earth in trenches, sides of foundations & basement by watering and ramming including cost and conveyance of material and labour charges etc complete for finished item of the work (APSS No 309& 310) per 1 Cum | F42: =ROUND(C42*E42,0) -> 0 | G42: ='SUB-3'!I45 -> 40.7 | H42: Cum | I42: ='SUB-3'!K45 -> 279.78 | J42: =ROUND(G42*I42,0) -> 11387 | K42: =IF(J42>F42,J42-F42,0) -> 11387 | L42: =IF(J42<F42,F42-J42,0) -> 0 | M42: - | N42: =E42-I42 -> -279.78
A43: 8 | B43: Plain cement concrete for CC pavement, thickness as per design, over a prepared sub base, with 43 grade cement or any other type as per Clause 1501.2.2 M20 (Grade), coarse and fine aggregates conforming to IS : 383, maximum in a concrete mixer of not less than 0.2 cum capacity and appropeiate weigh batcher using approved mix design, laid in approved fixed side formwork (steel channel, laying and fixing of 125 mictron thick polythene film, wedges, steel plates including levelling the formwork as per drawing), spreading the concrete with sholvels, rakes, compacted using needle, scareed and plate vibrators and finished in continuous operation including provision of contraction and expansion, construction joints, applying debonding strips, primer, sealant, dowel bars, near approaches to bridge / culvert and construction joints, admixtures as approved, curing of concrete slabs for 28- days, curing compound (where specified) and water finishing to lines and grade as per drawing and Technical Specification Clause 1501 MORD | F43: =ROUND(C43*E43,0) -> 0 | G43: ='SUB-3'!I49 -> 0 | H43: Cum | I43: ='SUB-3'!K49 -> 7873.37 | J43: =ROUND(G43*I43,0) -> 0 | K43: =IF(J43>F43,J43-F43,0) -> 0 | L43: =IF(J43<F43,F43-J43,0) -> 0 | M43: - | N43: =E43-I43 -> -7873.37
B44: Sub estimate | K44: =IF(J44>F44,J44-F44,0) -> 0 | L44: =IF(J44<F44,F44-J44,0) -> 0 | M44: - | N44: =E44-I44 -> 0
A45: 1 | B45: Earthwork in excavation for structures as per drawing and technical specifications Clause 305.1 including setting out, construction of shoring and bracing, removal of stumps and other deleterious material and disposal upto a lead of 50 m, dressing of sides and bottom and backfilling in trenches with excavated suitable material as per Technical Specification 305 MORD / 304 MORTH | F45: =ROUND(C45*E45,0) -> 0 | G45: ='SUB-4'!I12 -> 0 | H45: Cum | I45: ='SUB-4'!K12 -> 126.69 | J45: =ROUND(G45*I45,0) -> 0 | K45: =IF(J45>F45,J45-F45,0) -> 0 | L45: =IF(J45<F45,F45-J45,0) -> 0 | M45: - | N45: =E45-I45 -> -126.69
A46: 2 | B46: Providing concrete for plain concrete M10 Grade in open foundations using 40 mm nominal size Graded hard stone aggregate, mechanically mixed, placed in foundation and compacted by vibration including curing for 14 days complete as per drawings and technical specifications Clause 802, 803, 1202 & 1203 MORD and 1500, 1700 & 2100 MORTH | F46: =ROUND(C46*E46,0) -> 0 | G46: ='SUB-4'!I22 -> 0 | H46: Cum | I46: ='SUB-4'!K22 -> 5600.99 | J46: =ROUND(G46*I46,0) -> 0 | K46: =IF(J46>F46,J46-F46,0) -> 0 | L46: =IF(J46<F46,F46-J46,0) -> 0 | M46: - | N46: =E46-I46 -> -5600.99
A47: 2 | B47: Providing and laying reinforced cement concrete pipe 1000 dia NP3 for culverts on first class bedding of granular material but excluding excavation, protection works, backfilling, concrete and masonry works in head wall and parapets. Tech Specification Clause 1106 MORD. | F47: =ROUND(C47*E47,0) -> 0 | G47: ='SUB-4'!I26 -> 0 | H47: Rm | I47: ='SUB-4'!K26 -> 9006.27 | J47: =ROUND(G47*I47,0) -> 0 | K47: =IF(J47>F47,J47-F47,0) -> 0 | L47: =IF(J47<F47,F47-J47,0) -> 0 | M47: - | N47: =E47-I47 -> -9006.27
A48: 3 | B48: Plain cement concrete M 15 grade using 40,20 & 12mm metal mechanically mixed in Substructures complete as per drawings and technical specification Clauses 802, 804, 805, 806, 807, 1202 and 1204 MORD and 1500, 1700 & 2200 MORTH. | F48: =ROUND(C48*E48,0) -> 0 | G48: ='SUB-4'!I32 -> 0 | H48: Cum | I48: ='SUB-4'!K32 -> 5954.56 | J48: =ROUND(G48*I48,0) -> 0 | K48: =IF(J48>F48,J48-F48,0) -> 0 | L48: =IF(J48<F48,F48-J48,0) -> 0 | M48: - | N48: =E48-I48 -> -5954.56
A49: 3 | B49: Providing RCC M-25 grade cement concrete using using 20 mm to 12 mm Graded HBG crushed Metal ( 66% of 20 mm and 34% of 12mm )s from approved source including cost of all ,materials, machinery, labour, formwork, scaffolding,placing in position, levelling, vibrating, finishing, curing etc., complete with initial lead upto 50 m and all lifts. for Guide Posts | F49: =ROUND(C49*E49,0) -> 0 | G49: ='SUB-4'!I36 -> 0 | H49: Cum | I49: ='SUB-4'!K36 -> 7542 | J49: =ROUND(G49*I49,0) -> 0 | K49: =IF(J49>F49,J49-F49,0) -> 0 | L49: =IF(J49<F49,F49-J49,0) -> 0 | M49: - | N49: =E49-I49 -> -7542
B50: Supplying, fitting and placing HYSD bar reinforcement in foundation complete as per drawings and technical specifications Clauses 1000 and 1202 MORD & 1100, 1600 MORTH for Bars below 36 mm dia including over laps and wastage, where they are not welded. | G50: ='SUB-4'!I40 -> 0 | H50: MT | I50: ='SUB-4'!K40 -> 86540.55 | J50: =ROUND(G50*I50,0) -> 0 | K50: =IF(J50>F50,J50-F50,0) -> 0 | L50: =IF(J50<F50,F50-J50,0) -> 0 | M50: - | N50: =E50-I50 -> -86540.55
A51: 4 | B51: Filling with selected earth in trenches, sides of foundations & basement by watering and ramming including cost and conveyance of material and labour charges etc complete for finished item of the work (APSS No 309& 310) per 1 Cum | F51: =ROUND(C51*E51,0) -> 0 | G51: ='SUB-4'!I45 -> 0 | H51: Cum | I51: ='SUB-4'!K45 -> 279.78 | J51: =ROUND(G51*I51,0) -> 0 | K51: =IF(J51>F51,J51-F51,0) -> 0 | L51: =IF(J51<F51,F51-J51,0) -> 0 | M51: - | N51: =E51-I51 -> -279.78
A52: 8 | B52: Plain cement concrete for CC pavement, thickness as per design, over a prepared sub base, with 43 grade cement or any other type as per Clause 1501.2.2 M20 (Grade), coarse and fine aggregates conforming to IS : 383, maximum in a concrete mixer of not less than 0.2 cum capacity and appropeiate weigh batcher using approved mix design, laid in approved fixed side formwork (steel channel, laying and fixing of 125 mictron thick polythene film, wedges, steel plates including levelling the formwork as per drawing), spreading the concrete with sholvels, rakes, compacted using needle, scareed and plate vibrators and finished in continuous operation including provision of contraction and expansion, construction joints, applying debonding strips, primer, sealant, dowel bars, near approaches to bridge / culvert and construction joints, admixtures as approved, curing of concrete slabs for 28- days, curing compound (where specified) and water finishing to lines and grade as per drawing and Technical Specification Clause 1501 MORD | F52: =ROUND(C52*E52,0) -> 0 | G52: ='SUB-4'!I49 -> 0 | H52: Cum | I52: ='SUB-4'!K49 -> 7873.37 | J52: =ROUND(G52*I52,0) -> 0 | K52: =IF(J52>F52,J52-F52,0) -> 0 | L52: =IF(J52<F52,F52-J52,0) -> 0 | M52: - | N52: =E52-I52 -> -7873.37
B53: Sub estimate | K53: =IF(J53>F53,J53-F53,0) -> 0 | L53: =IF(J53<F53,F53-J53,0) -> 0 | M53: - | N53: =E53-I53 -> 0
A54: 1 | B54: Earthwork in excavation for structures as per drawing and technical specifications Clause 305.1 including setting out, construction of shoring and bracing, removal of stumps and other deleterious material and disposal upto a lead of 50 m, dressing of sides and bottom and backfilling in trenches with excavated suitable material as per Technical Specification 305 MORD / 304 MORTH | F54: =ROUND(C54*E54,0) -> 0 | G54: ='sub-5'!I11 -> 0 | H54: Cum | I54: ='sub-5'!K11 -> 126.69 | J54: =ROUND(G54*I54,0) -> 0 | K54: =IF(J54>F54,J54-F54,0) -> 0 | L54: =IF(J54<F54,F54-J54,0) -> 0 | M54: - | N54: =E54-I54 -> -126.69
A55: 2 | B55: Providing concrete for plain concrete M10 Grade in open foundations using 40 mm nominal size Graded hard stone aggregate, mechanically mixed, placed in foundation and compacted by vibration including curing for 14 days complete as per drawings and technical specifications Clause 802, 803, 1202 & 1203 MORD and 1500, 1700 & 2100 MORTH | F55: =ROUND(C55*E55,0) -> 0 | G55: ='sub-5'!I18 -> 0 | H55: Cum | I55: ='sub-5'!K18 -> 5600.99 | J55: =ROUND(G55*I55,0) -> 0 | K55: =IF(J55>F55,J55-F55,0) -> 0 | L55: =IF(J55<F55,F55-J55,0) -> 0 | M55: - | N55: =E55-I55 -> -5600.99
A56: 2 | B56: Providing and laying reinforced cement concrete pipe 6000 dia NP3 for culverts on first class bedding of granular material but excluding excavation, protection works, backfilling, concrete and masonry works in head wall and parapets. Tech Specification Clause 1106 MORD. | F56: =ROUND(C56*E56,0) -> 0 | G56: ='sub-5'!I22 -> 0 | H56: Rm | I56: ='sub-5'!K22 -> 3804.82 | J56: =ROUND(G56*I56,0) -> 0 | K56: =IF(J56>F56,J56-F56,0) -> 0 | L56: =IF(J56<F56,F56-J56,0) -> 0 | M56: - | N56: =E56-I56 -> -3804.82
B57: Sub estimate | K57: =IF(J57>F57,J57-F57,0) -> 0 | L57: =IF(J57<F57,F57-J57,0) -> 0 | M57: - | N57: =E57-I57 -> 0
A58: 1 | B58: Supply and fixing of KM Stones including painting and required lettering. | F58: =ROUND(C58*E58,0) -> 0 | G58: ='sub-6'!I11 -> 3 | H58: No | I58: ='sub-6'!K11 -> 3148.81 | J58: =ROUND(G58*I58,0) -> 9446 | K58: =IF(J58>F58,J58-F58,0) -> 9446 | L58: =IF(J58<F58,F58-J58,0) -> 0 | M58: - | N58: =E58-I58 -> -3148.81
A59: 1 | B59: Supply and fixing of HM Stones including painting and required lettering. | F59: =ROUND(C59*E59,0) -> 0 | G59: ='sub-6'!I15 -> 7 | H59: No | I59: ='sub-6'!K15 -> 883.73 | J59: =ROUND(G59*I59,0) -> 6186 | K59: =IF(J59>F59,J59-F59,0) -> 6186 | L59: =IF(J59<F59,F59-J59,0) -> 0 | M59: - | N59: =E59-I59 -> -883.73
B60: Providing and fixing of retro-reflectorised cautionary,mandatory and informatory sign as per IRC:67 made of encapsulated lens type reflective sheeting vide clause 1701.2.3 MORD fixed over aluminium sheeting 1.50 mm thick supported on a mild steel iron post 75mmx75 mm x6 mm firmly fixed to the ground by means of properly designed foundation with M15 cement concrete 450mm x450mmx600 mm,600 mm below ground level as per drawings and technical specification clause 1701 MORD | G60: ='sub-6'!I19 -> 0 | H60: No | I60: ='sub-6'!K19 -> 2623.842 | J60: =ROUND(G60*I60,0) -> 0 | K60: =IF(J60>F60,J60-F60,0) -> 0 | L60: =IF(J60<F60,F60-J60,0) -> 0 | M60: - | N60: =E60-I60 -> -2623.842
B61: Providing and erecting direction and place identification of retroreflective reflective sign boards as per as per IRC 67 made of 2 mm thick MS sheet duly stove enameled paint white colour in front and grey colour on back with reflective border of 70mm width& required message letters & figures with reflective tape engineering grade as per MoRD specifications of required shade & colour supported & welded on two numbers 47mmX47mmX12SWG sheet tube of 3050 mm height duly strengthened by 25 mm x 5 mm MS flat iron on edges on back firmly fixed to ground by mean of property designed foundation with M-20 grade cement concrete 450mmX600mmX600mm below ground level as per approved drawing clause 1701 | G61: ='sub-6'!I23 -> 0 | H61: Sqm | I61: ='sub-6'!K23 -> 2222.59 | J61: =ROUND(G61*I61,0) -> 0 | K61: =IF(J61>F61,J61-F61,0) -> 0 | L61: =IF(J61<F61,F61-J61,0) -> 0 | M61: - | N61: =E61-I61 -> -2222.59
B62: Providing and erecting direction and place identification retro-reflective Village boards sign as per IRC:67 made of encapsulated lens type refective type sheeting vide clause 1701.2.3 MORD fixed over aluiminium sheeting,2 mm thick with area not exceeding 0.90 sqm supported on 47mmx47mmx12SWG sheet tube of 3050 mm height duly strengthned by 25mm x5mm MS flat iron on edges on black firmly fixed to ground by means of propoerly designed foundation with M15 grade cement concrete 450x600 mmx600 mm below groubd level as per drawings and technical specification clause 1701 MORD. | G62: ='sub-6'!I27 -> 0 | H62: Sqm | I62: ='sub-6'!K27 -> 2222.6557 | J62: =ROUND(G62*I62,0) -> 0 | K62: =IF(J62>F62,J62-F62,0) -> 0 | L62: =IF(J62<F62,F62-J62,0) -> 0 | M62: - | N62: =E62-I62 -> -2222.6557
B63: Pavement markings with hot line applied Thermo plastic compound 2.50 mm thick including reflecting glass beads at 250 gms/sqm, thickness of 2.5mm is exclusive of surface applied glass beads for providing centerline marking 300 cms length and 10cm width with a gap of 450 cms including cost and convenyace of all materials equipment machinary and labour with all leads and lifts loading and unloading charges necessary for sucessful completion of work as directed by the Engineer-in-Charge and confirming to IS 164 - 1981 (1st revison reaffirmed in 1986) and clause 803 of MOST specification for roads and bridge works and also confirming to IRC 35 -1997 | G63: ='sub-6'!I31 -> 336 | H63: Sqm | I63: ='sub-6'!K31 -> 636.24 | J63: =ROUND(G63*I63,0) -> 213777 | K63: =IF(J63>F63,J63-F63,0) -> 213777 | L63: =IF(J63<F63,F63-J63,0) -> 0 | M63: - | N63: =E63-I63 -> -636.24
A64: 11 | B64: Provision for Seigneorage charges (As per Calculatioln sheet) | J64: =Abstract!M15 -> 960158 | K64: =IF(J64>F64,J64-F64,0) -> 960158 | L64: =IF(J64<F64,F64-J64,0) -> 0 | M64: - | N64: =E64-I64 -> 0
A65: 12 | B65: Provision QC charges @ 0.50% | J65: =Abstract!M17 -> 50892 | K65: =IF(J65>F65,J65-F65,0) -> 50892 | L65: =IF(J65<F65,F65-J65,0) -> 0 | M65: - | N65: =E65-I65 -> 0
A66: 8 | B66: Provision GST charges @ 18% | J66: =Abstract!M18 -> 2004957 | K66: =IF(J66>F66,J66-F66,0) -> 2004957 | L66: =IF(J66<F66,F66-J66,0) -> 0 | M66: - | N66: =E66-I66 -> 0
B67: Provision for Name board | J67: =Abstract!M19 -> 0 | K67: =IF(J67>F67,J67-F67,0) -> 0 | L67: =IF(J67<F67,F67-J67,0) -> 0 | M67: - | N67: =E67-I67 -> 0
A68: 13 | B68: Provision for work wise file | J68: =Abstract!M20 -> 0 | K68: =IF(J68>F68,J68-F68,0) -> 0 | L68: =IF(J68<F68,F68-J68,0) -> 0 | M68: - | N68: =E68-I68 -> 0
A69: 14 | B69: Unforseen items such as if any | J69: =Abstract!M21 -> 805500 | K69: =IF(J69>F69,J69-F69,0) -> 805500 | L69: =IF(J69<F69,F69-J69,0) -> 0 | M69: - | N69: =E69-I69 -> 0
K70: =IF(J70>F70,J70-F70,0) -> 0 | L70: =IF(J70<F70,F70-J70,0) -> 0 | M70: - | N70: =E70-I70 -> 0
C71: As per detailed estimate | F71: =SUM(F7:F70) -> 0 | J71: =SUM(J7:J70) -> 14000000 | K71: =SUM(K7:K70) -> 14000000 | L71: =SUM(L7:L70) -> 0
C72: As per Working estimate | F72: =J71 -> 14000000 | L72: =K71 -> 14000000
B73: TOTAL | C73: Difference in estimate | F73: =F71-F72 -> -14000000 | L73: =L71-L72 -> -14000000
H76: ='lead 2025-26'!G37 -> Deputy Executive Engineer | K76: ='lead 2025-26'!J37 -> Assistant Engineer
H77: ='lead 2025-26'!G38 -> PRI Sub Division: Kanigiri | K77: ='lead 2025-26'!J38 -> Mandal Praja Parishad
K78: ='lead 2025-26'!J39 -> Pamuru

Sheet CR
A1: COMPLETION REPORT
A2: ='lead 2025-26'!B3&'lead 2025-26'!C3 -> Name of the work : Providing BT Surface to the road from Inimerla SC colony to National Highway at Nuchupoda in Inimerla GP of Pamuru Mandal.
J3: Est Rs. | K3: ='lead 2025-26'!K4 -> 140.00 Lakhs
A4: S.No | B4: Description of the work | C4: As per Working estimate | G4: As per M.Book | K4: Difference | M4: Remarks
C5: Quantity | E5: Rate | F5: Amount | G5: Quantity | I5: Rate | J5: Amount | K5: Excess | L5: Less
A6: 1 | B6: 2 | C6: 3 | E6: 4 | F6: 5 | G6: 6 | I6: 7 | J6: 8 | K6: 9 | L6: 10 | M6: 11
A7: 1 | B7: Unskilled Labour Charges for Earthwork excavation by manual means exceeding 1.5 m in width taking out the excavated soil and disposal as directed by engineer in charge in Ordinary soil, with an Initial Lead up to 10 m and lift up to 1.5 m | C7: =G7 -> 0 | D7: Cum | E7: =I7 -> 144.26 | F7: =ROUND(C7*E7,0) -> 0 | G7: =MAIN!I10 -> 0 | H7: Cum | I7: =MAIN!K10 -> 144.26 | J7: =ROUND(G7*I7,2) -> 0 | K7: =IF(J7>F7,J7-F7,0) -> 0 | L7: =IF(J7<F7,F7-J7,0) -> 0 | M7: - | N7: =E7-I7 -> 0
A8: 1 | B8: Clearing and grubbing road land including uprooting wild vegetation, grass, bushes, shrubs, saplings and trees of girth up to 300 mm, removal of stumps of such trees cut earlier and disposal of unserviceable materials and stacking of serviceable material to be used or auctioned, up to a lead of 1000 m including removal and disposal of top organic soil not exceeding 150 mm in thickness (in area of non thorny /light jungle) as per Technical Specification Clause 201 MORD. | C8: =G8 -> 4032 | D8: Sqm | E8: =I8 -> 2.25 | F8: =ROUND(C8*E8,0) -> 9072 | G8: =MAIN!I17 -> 4032 | H8: Sqm | I8: =MAIN!K17 -> 2.25 | J8: =ROUND(G8*I8,2) -> 9072 | K8: =IF(J8>F8,J8-F8,0) -> 0 | L8: =IF(J8<F8,F8-J8,0) -> 0 | M8: - | N8: =E8-I8 -> 0
B9: Construction of embankment with approved material obtained from borrow pits with all lifts, transporting to site, spreading, grading to required slope and compacting with vibratory roller 80-100 KN to meet requirement of Tables 300.1 and 300.2 with a lead upto 1000 m as per Technical Specification Clause 301.5 MORD/305 MORTH. | C9: =G9 -> 3360 | D9: Cum | E9: =I9 -> 236.56 | F9: =ROUND(C9*E9,0) -> 794842 | G9: =MAIN!I25 -> 3360 | H9: Cum | I9: =MAIN!K25 -> 236.56 | J9: =ROUND(G9*I9,2) -> 794841.6 | K9: =IF(J9>F9,J9-F9,0) -> 0 | L9: =IF(J9<F9,F9-J9,0) -> 0.4 | M9: - | N9: =E9-I9 -> 0
A10: 6 | B10: Scarifying existing granular surface to a depth of 50 mm and disposal of scarified material with a lift upto 3 m and leads upto 1000 m as per Technical Specification Clause 301.4. MORD | C10: =G10 -> 6720 | D10: Sqm | E10: =I10 -> 38.49 | F10: =ROUND(C10*E10,0) -> 258653 | G10: =MAIN!I33 -> 6720 | H10: Sqm | I10: =MAIN!K33 -> 38.49 | J10: =ROUND(G10*I10,2) -> 258652.8 | K10: =IF(J10>F10,J10-F10,0) -> 0 | L10: =IF(J10<F10,F10-J10,0) -> 0.2 | M10: - | N10: =E10-I10 -> 0
A11: 7 | B11: Construction of Granular Sub Base using well graded material, spreading in uniform layers with tractor mounted grader on prepared surface , mixing by mix in place method with rotovator at OMC and compacting with Smooth wheel roller to achive the desired density , Complete as per technical speficaction clause 401 of MORD | C11: =G11 -> 672 | D11: Cum | E11: =I11 -> 2928.41 | F11: =ROUND(C11*E11,0) -> 1967892 | G11: =MAIN!I47 -> 672 | H11: Cum | I11: =MAIN!K47 -> 2928.41 | J11: =ROUND(G11*I11,2) -> 1967891.5 | K11: =IF(J11>F11,J11-F11,0) -> 0 | L11: =IF(J11<F11,F11-J11,0) -> 0.48 | M11: - | N11: =E11-I11 -> 0
A12: 7 | B12: Providing, laying, spreading and compacting graded stone aggregate to wet mix macadam specification including premixing the material with water at OMC in mechanical mixer (Pug Mill), carriage of mixed material by tipper to site, laying in uniform layers in sub-base/base course on a well prepared sub-base and compacting with smooth wheel roller of 80 to 100kN / Vibratory Roller 80-100 kN weight to achieve the desired density including lighting, barricading and maintenance of diversion, etc as per Tables 400.11 & 400.12 and Technical Specification Clause 406 MORD / MORTH. | C12: =G12 -> 945 | D12: Cum | E12: =I12 -> 3982.34 | F12: =ROUND(C12*E12,0) -> 3763311 | G12: =MAIN!I51 -> 945 | H12: Cum | I12: =MAIN!K51 -> 3982.34 | J12: =ROUND(G12*I12,2) -> 3763311.3 | K12: =IF(J12>F12,J12-F12,0) -> 0.3 | L12: =IF(J12<F12,F12-J12,0) -> 0 | M12: - | N12: =E12-I12 -> 0
B13: Providing and applying primer coat with bitumen emulsion (SS-1) on prepared surface of granular base including cleaning of road surface and spraying primer at the rate of 0.70-1.0 kg/sqm using mechanical means as per Technical Specification Clause 502 MORD (for use on Wet mix macadam & WBM) | C13: =G13 -> 6300 | D13: Sqm | E13: =I13 -> 42.54 | F13: =ROUND(C13*E13,0) -> 268002 | G13: =MAIN!I55 -> 6300 | H13: Sqm | I13: =MAIN!K55 -> 42.54 | J13: =ROUND(G13*I13,2) -> 268002 | K13: =IF(J13>F13,J13-F13,0) -> 0 | L13: =IF(J13<F13,F13-J13,0) -> 0 | M13: - | N13: =E13-I13 -> 0
B14: Providing and applying tack coat with Bitumen emulsion (RS-1) using emulsion distributor at the rate of 0.25 to 0.30 kg per sqm on the prepared granular surfaces treated with primer & cleaned with Hydraulic broom as per Technical Specification Clause 503 MORD, | C14: =G14 -> 6300 | D14: Sqm | E14: =I14 -> 16.24 | F14: =ROUND(C14*E14,0) -> 102312 | G14: =MAIN!I59 -> 6300 | H14: Sqm | I14: =MAIN!K59 -> 16.24 | J14: =ROUND(G14*I14,2) -> 102312 | K14: =IF(J14>F14,J14-F14,0) -> 0 | L14: =IF(J14<F14,F14-J14,0) -> 0 | M14: - | N14: =E14-I14 -> 0
B15: Providing and laying semi dense bituminous concrete with 40-60 TPH batch type HMP producing an average output of 37.5 tonnes per hour using crushed aggregates of specified grading, premixed with bituminous binder @ 4.5 to 5 per cent of mix and filler, transporting the hot mix to work site, laying with a hydrostatic paver finisher with sensor control to the required grade, level and alignment, rolling with smooth wheeled, vibratory and tandem rollers to achieve the desired compaction as per MoRTH specification clause No. 508 complete in all respects | C15: =G15 -> 157.5 | D15: Cum | E15: =I15 -> 11856.57 | F15: =ROUND(C15*E15,0) -> 1867410 | G15: =MAIN!I73 -> 157.5 | H15: Cum | I15: =MAIN!K73 -> 11856.57 | J15: =ROUND(G15*I15,2) -> 1867409.8 | K15: =IF(J15>F15,J15-F15,0) -> 0 | L15: =IF(J15<F15,F15-J15,0) -> 0.22 | M15: - | N15: =E15-I15 -> 0
B16: Construction of improved shoulders by provided selected earth having minimum CBR of 10% MD not less than 1.85 G/CC with LL & PI not more than 40% and 20 respectively and spreading in uniform layers with tractor grader on prepared surface and compacted at OMC with vibratory roller 80-100 KN to meet requirement of table 00.2 with as per technical specification clause 303 MORD, 305 MORTH by using machinery | C16: =G16 -> 907.2 | D16: Cum | E16: =I16 -> 384.05 | F16: =ROUND(C16*E16,0) -> 348410 | G16: =MAIN!I77 -> 907.2 | H16: Cum | I16: =MAIN!K77 -> 384.05 | J16: =ROUND(G16*I16,2) -> 348410.16 | K16: =IF(J16>F16,J16-F16,0) -> 0.16 | L16: =IF(J16<F16,F16-J16,0) -> 0 | M16: - | N16: =E16-I16 -> 0
B17: Sub estimate
A18: 1 | B18: Earthwork in excavation for structures as per drawing and technical specifications Clause 305.1 including setting out, construction of shoring and bracing, removal of stumps and other deleterious material and disposal upto a lead of 50 m, dressing of sides and bottom and backfilling in trenches with excavated suitable material as per Technical Specification 305 MORD / 304 MORTH | C18: =G18 -> 0 | D18: Cum | E18: =I18 -> 126.69 | F18: =ROUND(C18*E18,0) -> 0 | G18: ='SUB-1'!I19 -> 0 | H18: Cum | I18: ='SUB-1'!K19 -> 126.69 | J18: =ROUND(G18*I18,2) -> 0 | K18: =IF(J18>F18,J18-F18,0) -> 0 | L18: =IF(J18<F18,F18-J18,0) -> 0 | M18: - | N18: =E18-I18 -> 0
A19: 2 | B19: Providing concrete for plain concrete M10 Grade in open foundations using 40 mm nominal size Graded hard stone aggregate, mechanically mixed, placed in foundation and compacted by vibration including curing for 14 days complete as per drawings and technical specifications Clause 802, 803, 1202 & 1203 MORD and 1500, 1700 & 2100 MORTH | C19: =G19 -> 0 | D19: Cum | E19: =I19 -> 5600.99 | F19: =ROUND(C19*E19,0) -> 0 | G19: ='SUB-1'!I26 -> 0 | H19: Cum | I19: ='SUB-1'!K26 -> 5600.99 | J19: =ROUND(G19*I19,2) -> 0 | K19: =IF(J19>F19,J19-F19,0) -> 0 | L19: =IF(J19<F19,F19-J19,0) -> 0 | M19: - | N19: =E19-I19 -> 0
A20: 2 | B20: Providing and laying reinforced cement concrete pipe 1000 dia NP3 for culverts on first class bedding of granular material but excluding excavation, protection works, backfilling, concrete and masonry works in head wall and parapets. Tech Specification Clause 1106 MORD. | C20: =G20 -> 0 | D20: Rm | E20: =I20 -> 9006.27 | F20: =ROUND(C20*E20,0) -> 0 | G20: ='SUB-1'!I30 -> 0 | H20: Rm | I20: ='SUB-1'!K30 -> 9006.27 | J20: =ROUND(G20*I20,2) -> 0 | K20: =IF(J20>F20,J20-F20,0) -> 0 | L20: =IF(J20<F20,F20-J20,0) -> 0 | M20: - | N20: =E20-I20 -> 0
A21: 3 | B21: Plain cement concrete M 15 grade using 40,20 & 12mm metal mechanically mixed in Substructures complete as per drawings and technical specification Clauses 802, 804, 805, 806, 807, 1202 and 1204 MORD and 1500, 1700 & 2200 MORTH. | C21: =G21 -> 0 | D21: Cum | E21: =I21 -> 5954.56 | F21: =ROUND(C21*E21,0) -> 0 | G21: ='SUB-1'!I37 -> 0 | H21: Cum | I21: ='SUB-1'!K37 -> 5954.56 | J21: =ROUND(G21*I21,2) -> 0 | K21: =IF(J21>F21,J21-F21,0) -> 0 | L21: =IF(J21<F21,F21-J21,0) -> 0 | M21: - | N21: =E21-I21 -> 0
A22: 3 | B22: Providing RCC M-25 grade cement concrete using using 20 mm to 12 mm Graded HBG crushed Metal ( 66% of 20 mm and 34% of 12mm )s from approved source including cost of all ,materials, machinery, labour, formwork, scaffolding,placing in position, levelling, vibrating, finishing, curing etc., complete with initial lead upto 50 m and all lifts. for Guide Posts | C22: =G22 -> 0 | D22: Cum | E22: =I22 -> 7542 | F22: =ROUND(C22*E22,0) -> 0 | G22: ='SUB-1'!I42 -> 0 | H22: Cum | I22: ='SUB-1'!K42 -> 7542 | J22: =ROUND(G22*I22,2) -> 0 | K22: =IF(J22>F22,J22-F22,0) -> 0 | L22: =IF(J22<F22,F22-J22,0) -> 0 | M22: - | N22: =E22-I22 -> 0
B23: Supplying, fitting and placing HYSD bar reinforcement in foundation complete as per drawings and technical specifications Clauses 1000 and 1202 MORD & 1100, 1600 MORTH for Bars below 36 mm dia including over laps and wastage, where they are not welded. | C23: =G23 -> 0 | D23: MT | E23: =I23 -> 86540.55 | F23: =ROUND(C23*E23,0) -> 0 | G23: ='SUB-1'!I46 -> 0 | H23: MT | I23: ='SUB-1'!K46 -> 86540.55 | J23: =ROUND(G23*I23,2) -> 0 | K23: =IF(J23>F23,J23-F23,0) -> 0 | L23: =IF(J23<F23,F23-J23,0) -> 0 | M23: - | N23: =E23-I23 -> 0
A24: 4 | B24: Filling with selected earth in trenches, sides of foundations & basement by watering and ramming including cost and conveyance of material and labour charges etc complete for finished item of the work (APSS No 309& 310) per 1 Cum | C24: =G24 -> 0 | D24: Cum | E24: =I24 -> 279.78 | F24: =ROUND(C24*E24,0) -> 0 | G24: ='SUB-1'!I50 -> 0 | H24: Cum | I24: ='SUB-1'!K50 -> 279.78 | J24: =ROUND(G24*I24,2) -> 0 | K24: =IF(J24>F24,J24-F24,0) -> 0 | L24: =IF(J24<F24,F24-J24,0) -> 0 | M24: - | N24: =E24-I24 -> 0
A25: 8 | B25: Plain cement concrete for CC pavement, thickness as per design, over a prepared sub base, with 43 grade cement or any other type as per Clause 1501.2.2 M20 (Grade), coarse and fine aggregates conforming to IS : 383, maximum in a concrete mixer of not less than 0.2 cum capacity and appropeiate weigh batcher using approved mix design, laid in approved fixed side formwork (steel channel, laying and fixing of 125 mictron thick polythene film, wedges, steel plates including levelling the formwork as per drawing), spreading the concrete with sholvels, rakes, compacted using needle, scareed and plate vibrators and finished in continuous operation including provision of contraction and expansion, construction joints, applying debonding strips, primer, sealant, dowel bars, near approaches to bridge / culvert and construction joints, admixtures as approved, curing of concrete slabs for 28- days, curing compound (where specified) and water finishing to lines and grade as per drawing and Technical Specification Clause 1501 MORD | C25: =G25 -> 0 | D25: Cum | E25: =I25 -> 7873.37 | F25: =ROUND(C25*E25,0) -> 0 | G25: ='SUB-1'!I55 -> 0 | H25: Cum | I25: ='SUB-1'!K55 -> 7873.37 | J25: =ROUND(G25*I25,2) -> 0 | K25: =IF(J25>F25,J25-F25,0) -> 0 | L25: =IF(J25<F25,F25-J25,0) -> 0 | M25: - | N25: =E25-I25 -> 0
B26: Sub estimate
A27: 1 | B27: Earthwork in excavation for structures as per drawing and technical specifications Clause 305.1 including setting out, construction of shoring and bracing, removal of stumps and other deleterious material and disposal upto a lead of 50 m, dressing of sides and bottom and backfilling in trenches with excavated suitable material as per Technical Specification 305 MORD / 304 MORTH | C27: =G27 -> 0 | D27: Cum | E27: =I27 -> 126.69 | F27: =ROUND(C27*E27,0) -> 0 | G27: ='SUB-2'!I15 -> 0 | H27: Cum | I27: ='SUB-2'!K15 -> 126.69 | J27: =ROUND(G27*I27,2) -> 0 | K27: =IF(J27>F27,J27-F27,0) -> 0 | L27: =IF(J27<F27,F27-J27,0) -> 0 | M27: - | N27: =E27-I27 -> 0
A28: 2 | B28: Providing concrete for plain concrete M10 Grade in open foundations using 40 mm nominal size Graded hard stone aggregate, mechanically mixed, placed in foundation and compacted by vibration including curing for 14 days complete as per drawings and technical specifications Clause 802, 803, 1202 & 1203 MORD and 1500, 1700 & 2100 MORTH | C28: =G28 -> 0 | D28: Cum | E28: =I28 -> 5600.99 | F28: =ROUND(C28*E28,0) -> 0 | G28: ='SUB-2'!I27 -> 0 | H28: Cum | I28: ='SUB-2'!K27 -> 5600.99 | J28: =ROUND(G28*I28,2) -> 0 | K28: =IF(J28>F28,J28-F28,0) -> 0 | L28: =IF(J28<F28,F28-J28,0) -> 0 | M28: - | N28: =E28-I28 -> 0
A29: 2 | B29: Providing and laying reinforced cement concrete pipe 1000 dia NP3 for culverts on first class bedding of granular material but excluding excavation, protection works, backfilling, concrete and masonry works in head wall and parapets. Tech Specification Clause 1106 MORD. | C29: =G29 -> 0 | D29: Rm | E29: =I29 -> 9006.27 | F29: =ROUND(C29*E29,0) -> 0 | G29: ='SUB-2'!I32 -> 0 | H29: Rm | I29: ='SUB-2'!K32 -> 9006.27 | J29: =ROUND(G29*I29,2) -> 0 | K29: =IF(J29>F29,J29-F29,0) -> 0 | L29: =IF(J29<F29,F29-J29,0) -> 0 | M29: - | N29: =E29-I29 -> 0
A30: 3 | B30: Plain cement concrete M 15 grade using 40,20 & 12mm metal mechanically mixed in Substructures complete as per drawings and technical specification Clauses 802, 804, 805, 806, 807, 1202 and 1204 MORD and 1500, 1700 & 2200 MORTH. | C30: =G30 -> 0 | D30: Cum | E30: =I30 -> 5954.56 | F30: =ROUND(C30*E30,0) -> 0 | G30: ='SUB-2'!I44 -> 0 | H30: Cum | I30: ='SUB-2'!K44 -> 5954.56 | J30: =ROUND(G30*I30,2) -> 0 | K30: =IF(J30>F30,J30-F30,0) -> 0 | L30: =IF(J30<F30,F30-J30,0) -> 0 | M30: - | N30: =E30-I30 -> 0
A31: 3 | B31: Providing RCC M-25 grade cement concrete using using 20 mm to 12 mm Graded HBG crushed Metal ( 66% of 20 mm and 34% of 12mm )s from approved source including cost of all ,materials, machinery, labour, formwork, scaffolding,placing in position, levelling, vibrating, finishing, curing etc., complete with initial lead upto 50 m and all lifts. for Guide Posts | C31: =G31 -> 0 | D31: Cum | E31: =I31 -> 7542 | F31: =ROUND(C31*E31,0) -> 0 | G31: ='SUB-2'!I48 -> 0 | H31: Cum | I31: ='SUB-2'!K48 -> 7542 | J31: =ROUND(G31*I31,2) -> 0 | K31: =IF(J31>F31,J31-F31,0) -> 0 | L31: =IF(J31<F31,F31-J31,0) -> 0 | M31: - | N31: =E31-I31 -> 0
B32: Supplying, fitting and placing HYSD bar reinforcement in foundation complete as per drawings and technical specifications Clauses 1000 and 1202 MORD & 1100, 1600 MORTH for Bars below 36 mm dia including over laps and wastage, where they are not welded. | C32: =G32 -> 0 | D32: MT | E32: =I32 -> 86540.55 | F32: =ROUND(C32*E32,0) -> 0 | G32: ='SUB-2'!I52 -> 0 | H32: MT | I32: ='SUB-2'!K52 -> 86540.55 | J32: =ROUND(G32*I32,2) -> 0 | K32: =IF(J32>F32,J32-F32,0) -> 0 | L32: =IF(J32<F32,F32-J32,0) -> 0 | M32: - | N32: =E32-I32 -> 0
A33: 4 | B33: Filling with selected earth in trenches, sides of foundations & basement by watering and ramming including cost and conveyance of material and labour charges etc complete for finished item of the work (APSS No 309& 310) per 1 Cum | C33: =G33 -> 0 | D33: Cum | E33: =I33 -> 279.78 | F33: =ROUND(C33*E33,0) -> 0 | G33: ='SUB-2'!I57 -> 0 | H33: Cum | I33: ='SUB-2'!K57 -> 279.78 | J33: =ROUND(G33*I33,2) -> 0 | K33: =IF(J33>F33,J33-F33,0) -> 0 | L33: =IF(J33<F33,F33-J33,0) -> 0 | M33: - | N33: =E33-I33 -> 0
A34: 8 | B34: Plain cement concrete for CC pavement, thickness as per design, over a prepared sub base, with 43 grade cement or any other type as per Clause 1501.2.2 M20 (Grade), coarse and fine aggregates conforming to IS : 383, maximum in a concrete mixer of not less than 0.2 cum capacity and appropeiate weigh batcher using approved mix design, laid in approved fixed side formwork (steel channel, laying and fixing of 125 mictron thick polythene film, wedges, steel plates including levelling the formwork as per drawing), spreading the concrete with sholvels, rakes, compacted using needle, scareed and plate vibrators and finished in continuous operation including provision of contraction and expansion, construction joints, applying debonding strips, primer, sealant, dowel bars, near approaches to bridge / culvert and construction joints, admixtures as approved, curing of concrete slabs for 28- days, curing compound (where specified) and water finishing to lines and grade as per drawing and Technical Specification Clause 1501 MORD | C34: =G34 -> 0 | D34: Cum | E34: =I34 -> 7873.37 | F34: =ROUND(C34*E34,0) -> 0 | G34: ='SUB-2'!I61 -> 0 | H34: Cum | I34: ='SUB-2'!K61 -> 7873.37 | J34: =ROUND(G34*I34,2) -> 0 | K34: =IF(J34>F34,J34-F34,0) -> 0 | L34: =IF(J34<F34,F34-J34,0) -> 0 | M34: - | N34: =E34-I34 -> 0
B35: Sub estimate
A36: 1 | B36: Earthwork in excavation for structures as per drawing and technical specifications Clause 305.1 including setting out, construction of shoring and bracing, removal of stumps and other deleterious material and disposal upto a lead of 50 m, dressing of sides and bottom and backfilling in trenches with excavated suitable material as per Technical Specification 305 MORD / 304 MORTH | C36: =G36 -> 78.24 | D36: Cum | E36: =I36 -> 126.69 | F36: =ROUND(C36*E36,0) -> 9912 | G36: ='SUB-3'!I12 -> 78.24 | H36: Cum | I36: ='SUB-3'!K12 -> 126.69 | J36: =ROUND(G36*I36,2) -> 9912.23 | K36: =IF(J36>F36,J36-F36,0) -> 0.23 | L36: =IF(J36<F36,F36-J36,0) -> 0 | M36: - | N36: =E36-I36 -> 0
A37: 2 | B37: Providing concrete for plain concrete M10 Grade in open foundations using 40 mm nominal size Graded hard stone aggregate, mechanically mixed, placed in foundation and compacted by vibration including curing for 14 days complete as per drawings and technical specifications Clause 802, 803, 1202 & 1203 MORD and 1500, 1700 & 2100 MORTH | C37: =G37 -> 17.53 | D37: Cum | E37: =I37 -> 5600.99 | F37: =ROUND(C37*E37,0) -> 98185 | G37: ='SUB-3'!I22 -> 17.53 | H37: Cum | I37: ='SUB-3'!K22 -> 5600.99 | J37: =ROUND(G37*I37,2) -> 98185.35 | K37: =IF(J37>F37,J37-F37,0) -> 0.35 | L37: =IF(J37<F37,F37-J37,0) -> 0 | M37: - | N37: =E37-I37 -> 0
A38: 2 | B38: Providing and laying reinforced cement concrete pipe 1000 dia NP3 for culverts on first class bedding of granular material but excluding excavation, protection works, backfilling, concrete and masonry works in head wall and parapets. Tech Specification Clause 1106 MORD. | C38: =G38 -> 22.5 | D38: Rm | E38: =I38 -> 9006.27 | F38: =ROUND(C38*E38,0) -> 202641 | G38: ='SUB-3'!I26 -> 22.5 | H38: Rm | I38: ='SUB-3'!K26 -> 9006.27 | J38: =ROUND(G38*I38,2) -> 202641.08 | K38: =IF(J38>F38,J38-F38,0) -> 0.08 | L38: =IF(J38<F38,F38-J38,0) -> 0 | M38: - | N38: =E38-I38 -> 0
